Workbook
Name sub_3870: КВР!$A$44
Name Код_КВР: КВР!$A$2:$A$44
Name Код_КЦСР: КЦСР!$A$2:$A$366
Name Код_ППП: ППП!$A$2:$A$14
Name Код_ПР: #REF!
Name Код_Раздел: Раздел!$A$2:$A$13

Sheet ППП
A1: Код | B1: Наименование
A2: 801 | B2: МЭРИЯ ГОРОДА
A3: 802 | B3: ЧЕРЕПОВЕЦКАЯ ГОРОДСКАЯ ДУМА
A4: 803 | B4: ДЕПАРТАМЕНТ ЖИЛИЩНО-КОММУНАЛЬНОГО ХОЗЯЙСТВА МЭРИИ ГОРОДА
A5: 804 | B5: УПРАВЛЕНИЕ АРХИТЕКТУРЫ И ГРАДОСТРОИТЕЛЬСТВА МЭРИИ ГОРОДА
A6: 805 | B6: УПРАВЛЕНИЕ ОБРАЗОВАНИЯ МЭРИИ ГОРОДА
A7: 807 | B7: ФИНАНСОВОЕ УПРАВЛЕНИЕ МЭРИИ ГОРОДА
A8: 808 | B8: УПРАВЛЕНИЕ ПО ДЕЛАМ КУЛЬТУРЫ МЭРИИ ГОРОДА
A9: 809 | B9: КОМИТЕТ ПО ФИЗИЧЕСКОЙ КУЛЬТУРЕ И СПОРТУ МЭРИИ ГОРОДА
A10: 810 | B10: КОМИТЕТ СОЦИАЛЬНОЙ ЗАЩИТЫ НАСЕЛЕНИЯ ГОРОДА
A11: 811 | B11: КОМИТЕТ ПО УПРАВЛЕНИЮ ИМУЩЕСТВОМ ГОРОДА
A12: 812 | B12: КОНТРОЛЬНО-СЧЕТНАЯ ПАЛАТА ГОРОДА ЧЕРЕПОВЦА
A13: 840 | B13: КОМИТЕТ ПО КОНТРОЛЮ В СФЕРЕ БЛАГОУСТРОЙСТВА И ОХРАНЫ ОКРУЖАЮЩЕЙ СРЕДЫ ГОРОДА
A14: 842 | B14: ТЕРРИТОРИАЛЬНАЯ ИЗБИРАТЕЛЬНАЯ КОМИССИЯ ГОРОДА ЧЕРЕПОВЦА

Sheet Раздел
A1: Код | B1: Наименование
A2: 01 | B2: Общегосударственные вопросы
A3: 03 | B3: Национальная безопасность и правоохранительная деятельность
A4: 04 | B4: Национальная экономика
A5: 05 | B5: Жилищно-коммунальное хозяйство
A6: 06 | B6: Охрана окружающей среды
A7: 07 | B7: Образование
A8: 08 | B8: Культура, кинематография
A9: 09 | B9: Здравоохранение
A10: 10 | B10: Социальная политика
A11: 11 | B11: Физическая культура и спорт
A12: 12 | B12: Средства массовой информации
A13: 13 | B13: Обслуживание государственного и муниципального долга

Sheet КЦСР
A1: Код | B1: Наименование
A2: 01 0 0000 | B2: Муниципальная программа «Развитие образования» на 2013-2022 годы
A3: 01 0 0001 | B3: Проведение мероприятий управлением образования мэрии (августовское совещание, Учитель года, День учителя, прием молодых специалистов)
A4: 01 0 0002 | B4: Обеспечение питанием обучающихся в МОУ
A5: 01 0 0003 | B5: Обеспечение работы по организации и ведению бухгалтерского (бюджетного) учета и отчетности
A6: 01 0 7204 | B6: Обеспечение питанием обучающихся в МОУ за счет субвенций из областного бюджета
A7: 01 1 0000 | B7: Дошкольное образование
A8: 01 1 0002 | B8: Создание условий для осуществления присмотра и ухода за детьми в муниципальных дошкольных образовательных учреждениях, реализующих основную образовательную программу дошкольного образования
A9: 01 1 7209 | B9: Организация предоставления общедоступного и бесплатного дошкольного образования в муниципальных дошкольных образовательных учреждениях за счет субвенций из областного бюджета
A10: 01 1 7210 | B10: Оказание содействия родителям (законным представителям) детей, посещающих дошкольные образовательные учреждения, реализующие основную образовательную программу дошкольного образования за счет субвенций из областного бюджета
A11: 01 2 0000 | B11: Общее образование
A12: 01 2 0001 | B12: Организация предоставления общедоступного и бесплатного начального общего, основного общего, среднего общего образования в муниципальных общеобразовательных учреждениях
... A281: 99 4 9000 | B281: Возмещение затрат по организации работ, связанных с уборкой улично-дорожной сети предприятиями жилищно-коммунального хозяйства города

Sheet КВР
A1: Код | B1: Наименование
A2: 100 | B2: Расходы на выплаты персоналу в целях обеспечения выполнения функций муниципальными органами, казенными учреждениями
A3: 110 | B3: Расходы на выплаты персоналу казенных учреждений
A4: 120 | B4: Расходы на выплаты персоналу муниципальных органов
A5: 200 | B5: Закупка товаров, работ и услуг для муниципальных нужд
A6: 220
A7: 240 | B7: Иные закупки товаров, работ и услуг для обеспечения муниципальных нужд
A8: 241 | B8: Научно-исследовательские и опытно-конструкторские работы
A9: 242 | B9: Закупка товаров, работ, услуг в сфере информационно-коммуникационных технологий
A10: 243 | B10: Закупка товаров, работ, услуг в целях капитального ремонта муниципального имущества
A11: 244 | B11: Прочая закупка товаров, работ и услуг для обеспечения муниципальных нужд
A12: 300 | B12: Социальное обеспечение и иные выплаты населению
A13: 310 | B13: Публичные нормативные социальные выплаты гражданам
A14: 313 | B14: Пособия, компенсации, меры социальной поддержки по публичным нормативным обязательствам
A15: 320 | B15: Социальные выплаты гражданам, кроме публичных нормативных социальных выплат
A16: 321 | B16: Пособия, компенсации и иные социальные выплаты гражданам, кроме публичных нормативных обязательств
A17: 322 | B17: Субсидии гражданам на приобретение жилья
A18: 323 | B18: Приобретение товаров, работ, услуг в пользу граждан в целях их социального обеспечения
... A44: 870 | B44: Резервные средства

Sheet прил.4
Q1: Приложение 4
Q2: к решению Череповецкой
Q3: городской Думы
Q4: от №
Q7: Приложение 11
Q8: к решению Череповецкой
Q9: городской Думы
Q10: от 10.12.2013 № 234
A13: РАСХОДЫ
A14: городского бюджета по разделам, подразделам функциональной классификации на 2014 год
R16: тыс. рублей
A17: Наименование | B17: Раздел | C17: Подраздел | D17: Решение Череповецкой городской Думы от 10.12.2013 № 234 | E17: Изменения | F17: Решение ЧГД от 25.02.2014 № 19 | G17: Изменения | H17: Решение ЧГД от 25.03.2014 № 54 | I17: Изменения | J17: Решение ЧГД от 28.04.2014 № 78 | K17: Изменения | L17: Решение ЧГД от 02.06.2014 № 112 | M17: Изменения | N17: Решение ЧГД от 30.06.2014 № 138 | O17: Изменения | P17: Решение ЧГД от 10.12.2013 № 234 (с изменениями) | Q17: Изменения | R17: Проект решения
A19: ОБЩЕГОСУДАРСТВЕННЫЕ ВОПРОСЫ | B19: 01 | D19: =SUM(D20:D26) -> 406688.2 | E19: =SUM(E20:E26) -> -9691.9 | F19: =D19+E19 -> 396996.3 | G19: =SUM(G20:G26) -> 320.2 | H19: =F19+G19 -> 397316.5 | I19: =SUM(I20:I26) -> -42730.6 | J19: =H19+I19 -> 354585.9 | K19: =SUM(K20:K26) -> -4077.8 | L19: =J19+K19 -> 350508.1 | M19: =SUM(M20:M26) -> 0 | N19: =L19+M19 -> 350508.1 | O19: =SUM(O20:O26) -> 1370.6 | P19: =N19+O19 -> 351878.7 | Q19: =SUM(Q20:Q26) -> 16241 | R19: =P19+Q19 -> 368119.7
A20: Функционирование высшего должностного лица субъекта Российской Федерации и муниципального образования | B20: 01 | C20: 02 | D20: =прил.6!G23 -> 2998 | E20: =прил.6!H23 -> 0 | F20: =D20+E20 -> 2998 | G20: =прил.6!J23 -> 0 | H20: =F20+G20 -> 2998 | I20: =прил.6!L23 -> 0 | J20: =H20+I20 -> 2998 | K20: =прил.6!N23 -> 0 | L20: =J20+K20 -> 2998 | M20: =прил.6!P23 -> 0 | N20: =L20+M20 -> 2998 | O20: =прил.6!R23 -> 0 | P20: =N20+O20 -> 2998 | Q20: =прил.6!T23 -> 0 | R20: =P20+Q20 -> 2998
A21: Функционирование законодательных (представительных) органов государственной власти и представительных органов муниципальных образований | B21: 01 | C21: 03 | D21: =прил.6!G394 -> 28887.4 | E21: =прил.6!H394 -> 0 | F21: =D21+E21 -> 28887.4 | G21: =прил.6!J394 -> -8530.4 | H21: =F21+G21 -> 20357 | I21: =прил.6!L394 -> 0 | J21: =H21+I21 -> 20357 | K21: =прил.6!N394 -> 0 | L21: =J21+K21 -> 20357 | M21: =прил.6!P394 -> 0 | N21: =L21+M21 -> 20357 | O21: =прил.6!R394 -> -209.8 | P21: =N21+O21 -> 20147.2 | Q21: =прил.6!T394 -> 0 | R21: =P21+Q21 -> 20147.2
A22: Функционирование Правительства Российской Федерации, высших исполнительных органов государственной власти субъектов Российской Федерации, местных администраций | B22: 01 | C22: 04 | D22: =прил.6!G30 -> 126109.4 | E22: =прил.6!H30 -> 0 | F22: =D22+E22 -> 126109.4 | G22: =прил.6!J30 -> 0 | H22: =F22+G22 -> 126109.4 | I22: =прил.6!L30 -> 0 | J22: =H22+I22 -> 126109.4 | K22: =прил.6!N30 -> 222.5 | L22: =J22+K22 -> 126331.9 | M22: =прил.6!P30 -> 0 | N22: =L22+M22 -> 126331.9 | O22: =прил.6!R30 -> 1542.5 | P22: =N22+O22 -> 127874.4 | Q22: =прил.6!T30 -> 0 | R22: =P22+Q22 -> 127874.4
A23: Судебная система | B23: 01 | C23: 05 | D23: =прил.6!G65 -> 0 | E23: =прил.6!H65 -> 0 | F23: =D23+E23 -> 0 | G23: =прил.6!J65 -> 0 | H23: =F23+G23 -> 0 | I23: =прил.6!L65 -> 0 | J23: =H23+I23 -> 0 | K23: =прил.6!N65 -> 21.9 | L23: =J23+K23 -> 21.9 | M23: =прил.6!P65 -> 0 | N23: =L23+M23 -> 21.9 | O23: =прил.6!R65 -> 0 | P23: =N23+O23 -> 21.9 | Q23: =прил.6!T65 -> 0 | R23: =P23+Q23 -> 21.9
A24: Обеспечение деятельности финансовых, налоговых и таможенных органов и органов финансового (финансово-бюджетного) надзора | B24: 01 | C24: 06 | D24: =прил.6!G861 -> 34285 | E24: =прил.6!H861 -> 0 | F24: =D24+E24 -> 34285 | G24: =прил.6!J861+прил.6!J1700 -> 8199.9 | H24: =F24+G24 -> 42484.9 | I24: =прил.6!L861+прил.6!L1700 -> 0 | J24: =H24+I24 -> 42484.9 | K24: =прил.6!N861+прил.6!N1700 -> 0 | L24: =J24+K24 -> 42484.9 | M24: =прил.6!P861+прил.6!P1700 -> 0 | N24: =L24+M24 -> 42484.9 | O24: =прил.6!R861+прил.6!R1700 -> 55.7 | P24: =N24+O24 -> 42540.6 | Q24: =прил.6!T861+прил.6!T1700 -> 0 | R24: =P24+Q24 -> 42540.6
A25: Резервные фонды | B25: 01 | C25: 11 | D25: =прил.6!G877 -> 69251.3 | E25: =прил.6!H877 -> -9691.9 | F25: =D25+E25 -> 59559.4 | G25: =прил.6!J877 -> -630.1 | H25: =F25+G25 -> 58929.3 | I25: =прил.6!L877 -> -42706.7 | J25: =H25+I25 -> 16222.6 | K25: =прил.6!N877 -> -4163 | L25: =J25+K25 -> 12059.6 | M25: =прил.6!P877 -> 0 | N25: =L25+M25 -> 12059.6 | O25: =прил.6!R877 -> -310.1 | P25: =N25+O25 -> 11749.5 | Q25: =прил.6!T877 -> 0 | R25: =P25+Q25 -> 11749.5
A26: Другие общегосударственные вопросы | B26: 01 | C26: 13 | D26: =прил.6!G72+прил.6!G416+прил.6!G884+прил.6!G1485 -> 145157.1 | E26: =прил.6!H72+прил.6!H416+прил.6!H884+прил.6!H1485 -> 0 | F26: =D26+E26 -> 145157.1 | G26: =прил.6!J72+прил.6!J416+прил.6!J884+прил.6!J1485 -> 1280.8 | H26: =F26+G26 -> 146437.9 | I26: =прил.6!L72+прил.6!L416+прил.6!L884+прил.6!L1485 -> -23.9 | J26: =H26+I26 -> 146414 | K26: =прил.6!N72+прил.6!N416+прил.6!N884+прил.6!N1485 -> -159.2 | L26: =J26+K26 -> 146254.8 | M26: =прил.6!P72+прил.6!P416+прил.6!P884+прил.6!P1485 -> 0 | N26: =L26+M26 -> 146254.8 | O26: =прил.6!R72+прил.6!R416+прил.6!R884+прил.6!R1485 -> 292.3 | P26: =N26+O26 -> 146547.1 | Q26: =прил.6!T72+прил.6!T416+прил.6!T884+прил.6!T1485+прил.6!T1290 -> 16241 | R26: =P26+Q26 -> 162788.1
A27: НАЦИОНАЛЬНАЯ БЕЗОПАСНОСТЬ И ПРАВООХРАНИТЕЛЬНАЯ ДЕЯТЕЛЬНОСТЬ | B27: 03 | D27: =SUM(D28) -> 59148.7 | E27: =SUM(E28) -> 0 | F27: =D27+E27 -> 59148.7 | G27: =SUM(G28) -> 0 | H27: =F27+G27 -> 59148.7 | I27: =SUM(I28) -> -3441.5 | J27: =H27+I27 -> 55707.2 | K27: =SUM(K28) -> 0 | L27: =J27+K27 -> 55707.2 | M27: =SUM(M28) -> 0 | N27: =L27+M27 -> 55707.2 | O27: =SUM(O28) -> 80.1 | P27: =N27+O27 -> 55787.3 | Q27: =SUM(Q28) -> 0 | R27: =P27+Q27 -> 55787.3
A28: Защита населения и территории от чрезвычайных ситуаций природного и техногенного характера, гражданская оборона | B28: 03 | C28: 09 | D28: =прил.6!G176 -> 59148.7 | E28: =прил.6!H176 -> 0 | F28: =D28+E28 -> 59148.7 | G28: =прил.6!J176 -> 0 | H28: =F28+G28 -> 59148.7 | I28: =прил.6!L176 -> -3441.5 | J28: =H28+I28 -> 55707.2 | K28: =прил.6!N176 -> 0 | L28: =J28+K28 -> 55707.2 | M28: =прил.6!P176 -> 0 | N28: =L28+M28 -> 55707.2 | O28: =прил.6!R176 -> 80.1 | P28: =N28+O28 -> 55787.3 | Q28: =прил.6!T176 -> 0 | R28: =P28+Q28 -> 55787.3
A29: НАЦИОНАЛЬНАЯ ЭКОНОМИКА | B29: 04 | D29: =SUM(D30:D34) -> 1014715.6 | E29: =SUM(E30:E34) -> -12616.4 | F29: =D29+E29 -> 1002099.2 | G29: =SUM(G30:G34) -> -48495.5 | H29: =F29+G29 -> 953603.7 | I29: =SUM(I30:I34) -> -8338.8 | J29: =H29+I29 -> 945264.9 | K29: =SUM(K30:K34) -> -2924.1 | L29: =J29+K29 -> 942340.8 | M29: =SUM(M30:M34) -> 12800 | N29: =L29+M29 -> 955140.8 | O29: =SUM(O30:O34) -> -2038.5 | P29: =N29+O29 -> 953102.3 | Q29: =SUM(Q30:Q34) -> -5008.1 | R29: =P29+Q29 -> 948094.2
A30: Общеэкономические вопросы | B30: 04 | C30: 01 | D30: =прил.6!G234 -> 1338.9 | E30: =прил.6!H234 -> 0 | F30: =D30+E30 -> 1338.9 | G30: =прил.6!J234 -> 0 | H30: =F30+G30 -> 1338.9 | I30: =прил.6!L234 -> 0 | J30: =H30+I30 -> 1338.9 | K30: =прил.6!N574 -> 68.9 | L30: =J30+K30 -> 1407.8 | M30: =прил.6!P574 -> 0 | N30: =L30+M30 -> 1407.8 | O30: =прил.6!R574+прил.6!R234 -> -17.4 | P30: =N30+O30 -> 1390.4 | Q30: =прил.6!T574+прил.6!T234 -> 0 | R30: =P30+Q30 -> 1390.4
A31: Транспорт | B31: 04 | C31: 08 | D31: =прил.6!G1505 -> 82953.9 | E31: =прил.6!H1505+прил.6!H424 -> 0 | F31: =D31+E31 -> 82953.9 | G31: =прил.6!J1505+прил.6!J424 -> 0 | H31: =F31+G31 -> 82953.9 | I31: =прил.6!L1505+прил.6!L424 -> 0 | J31: =H31+I31 -> 82953.9 | K31: =прил.6!N1505+прил.6!N424 -> -2565.7 | L31: =J31+K31 -> 80388.2 | M31: =прил.6!P1505+прил.6!P424+прил.6!P240 -> 12800 | N31: =L31+M31 -> 93188.2 | O31: =прил.6!R1505+прил.6!R424+прил.6!R240 -> -49.9 | P31: =N31+O31 -> 93138.3 | Q31: =прил.6!T1505+прил.6!T424+прил.6!T240 -> 0 | R31: =P31+Q31 -> 93138.3
A32: Дорожное хозяйство (дорожные фонды) | B32: 04 | C32: 09 | D32: =прил.6!G430+прил.6!G1516 -> 617007.6 | E32: =прил.6!H430+прил.6!H1516 -> 51383.6 | F32: =D32+E32 -> 668391.2 | G32: =прил.6!J430+прил.6!J1516 -> -594.6 | H32: =F32+G32 -> 667796.6 | I32: =прил.6!L430+прил.6!L1516 -> -1754.1 | J32: =H32+I32 -> 666042.5 | K32: =прил.6!N430+прил.6!N1516 -> -676.7 | L32: =J32+K32 -> 665365.8 | M32: =прил.6!P430+прил.6!P1516 -> 0 | N32: =L32+M32 -> 665365.8 | O32: =прил.6!R430+прил.6!R1516 -> -1501.1 | P32: =N32+O32 -> 663864.7 | Q32: =прил.6!T430+прил.6!T1516 -> -8279.7 | R32: =P32+Q32 -> 655585
A33: Связь и информатика | B33: 04 | C33: 10 | D33: =прил.6!G245 -> 53815.5 | E33: =прил.6!H245 -> 0 | F33: =D33+E33 -> 53815.5 | G33: =прил.6!J245 -> 1675.7 | H33: =F33+G33 -> 55491.2 | I33: =прил.6!L245+прил.6!L1539 -> 507.5 | J33: =H33+I33 -> 55998.7 | K33: =прил.6!N245+прил.6!N1539 -> 41.6 | L33: =J33+K33 -> 56040.3 | M33: =прил.6!P245+прил.6!P1539 -> 0 | N33: =L33+M33 -> 56040.3 | O33: =прил.6!R245+прил.6!R1539 -> -3513.3 | P33: =N33+O33 -> 52527 | Q33: =прил.6!T245+прил.6!T1539 -> -98.7 | R33: =P33+Q33 -> 52428.3
A34: Другие вопросы в области национальной экономики | B34: 04 | C34: 12 | D34: =прил.6!G277+прил.6!G461+прил.6!G549+прил.6!G899+прил.6!G910+прил.6!G1546 -> 259599.7 | E34: =прил.6!H277+прил.6!H461+прил.6!H549+прил.6!H899+прил.6!H910+прил.6!H1546 -> -64000 | F34: =D34+E34 -> 195599.7 | G34: =прил.6!J277+прил.6!J461+прил.6!J549+прил.6!J899+прил.6!J910+прил.6!J1546 -> -49576.6 | H34: =F34+G34 -> 146023.1 | I34: =прил.6!L277+прил.6!L461+прил.6!L549+прил.6!L899+прил.6!L910+прил.6!L1546 -> -7092.2 | J34: =H34+I34 -> 138930.9 | K34: =прил.6!N277+прил.6!N461+прил.6!N549+прил.6!N899+прил.6!N910+прил.6!N1546 -> 207.8 | L34: =J34+K34 -> 139138.7 | M34: =прил.6!P277+прил.6!P461+прил.6!P549+прил.6!P899+прил.6!P910+прил.6!P1546 -> 0 | N34: =L34+M34 -> 139138.7 | O34: =прил.6!R277+прил.6!R461+прил.6!R549+прил.6!R899+прил.6!R910+прил.6!R1546 -> 3043.2 | P34: =N34+O34 -> 142181.9 | Q34: =прил.6!T277+прил.6!T461+прил.6!T549+прил.6!T899+прил.6!T910+прил.6!T1546 -> 3370.3 | R34: =P34+Q34 -> 145552.2
A35: ЖИЛИЩНО-КОММУНАЛЬНОЕ ХОЗЯЙСТВО | B35: 05 | D35: =SUM(D36:D39) -> 177342.5 | E35: =SUM(E36:E39) -> 0 | F35: =D35+E35 -> 177342.5 | G35: =SUM(G36:G39) -> -898.9 | H35: =F35+G35 -> 176443.6 | I35: =SUM(I36:I39) -> -2268.9 | J35: =H35+I35 -> 174174.7 | K35: =SUM(K36:K39) -> 3842.2 | L35: =J35+K35 -> 178016.9 | M35: =SUM(M36:M39) -> -140.2 | N35: =L35+M35 -> 177876.7 | O35: =SUM(O36:O39) -> 8039.6 | P35: =N35+O35 -> 185916.3 | Q35: =SUM(Q36:Q39) -> 4170.4 | R35: =P35+Q35 -> 190086.7
A36: Жилищное хозяйство | B36: 05 | C36: 01 | D36: =прил.6!G478 -> 9180.8 | E36: =прил.6!H478 -> 0 | F36: =D36+E36 -> 9180.8 | G36: =прил.6!J478 -> 0 | H36: =F36+G36 -> 9180.8 | I36: =прил.6!L478 -> -508.5 | J36: =H36+I36 -> 8672.3 | K36: =прил.6!N478 -> 0 | L36: =J36+K36 -> 8672.3 | M36: =прил.6!P478 -> 0 | N36: =L36+M36 -> 8672.3 | O36: =прил.6!R478+прил.6!R1596 -> 8188.5 | P36: =N36+O36 -> 16860.8 | Q36: =прил.6!T478+прил.6!T1596 -> 0 | R36: =P36+Q36 -> 16860.8
A37: Коммунальное хозяйство | B37: 05 | C37: 02 | D37: =прил.6!G1602 -> 4522 | E37: =прил.6!H1602 -> 0 | F37: =D37+E37 -> 4522 | G37: =прил.6!J1602 -> 0 | H37: =F37+G37 -> 4522 | I37: =прил.6!L1602 -> 412.8 | J37: =H37+I37 -> 4934.8 | K37: =прил.6!N1602 -> 0 | L37: =J37+K37 -> 4934.8 | M37: =прил.6!P1602 -> 0 | N37: =L37+M37 -> 4934.8 | O37: =прил.6!R1602 -> 1611 | P37: =N37+O37 -> 6545.8 | Q37: =прил.6!T1602 -> -1622.9 | R37: =P37+Q37 -> 4922.9
A38: Благоустройство | B38: 05 | C38: 03 | D38: =прил.6!G499+прил.6!G1613 -> 141710.4 | E38: =прил.6!H499+прил.6!H1613 -> 0 | F38: =D38+E38 -> 141710.4 | G38: =прил.6!J499+прил.6!J1613 -> -898.9 | H38: =F38+G38 -> 140811.5 | I38: =прил.6!L499+прил.6!L1613 -> -2173.2 | J38: =H38+I38 -> 138638.3 | K38: =прил.6!N499+прил.6!N1613 -> 3842.2 | L38: =J38+K38 -> 142480.5 | M38: =прил.6!P499+прил.6!P1613 -> -140.2 | N38: =L38+M38 -> 142340.3 | O38: =прил.6!R499+прил.6!R1613 -> -1759.9 | P38: =N38+O38 -> 140580.4 | Q38: =прил.6!T499+прил.6!T1613 -> 5793.3 | R38: =P38+Q38 -> 146373.7
A39: Другие вопросы в области жилищно-коммунального хозяйства | B39: 05 | C39: 05 | D39: =прил.6!G513 -> 21929.3 | E39: =прил.6!H513 -> 0 | F39: =D39+E39 -> 21929.3 | G39: =прил.6!J513 -> 0 | H39: =F39+G39 -> 21929.3 | I39: =прил.6!L513 -> 0 | J39: =H39+I39 -> 21929.3 | K39: =прил.6!N513 -> 0 | L39: =J39+K39 -> 21929.3 | M39: =прил.6!P513 -> 0 | N39: =L39+M39 -> 21929.3 | O39: =прил.6!R513 -> 0 | P39: =N39+O39 -> 21929.3 | Q39: =прил.6!T513 -> 0 | R39: =P39+Q39 -> 21929.3
A40: ОХРАНА ОКРУЖАЮЩЕЙ СРЕДЫ | B40: 06 | D40: =SUM(D41:D42) -> 17871.6 | E40: =SUM(E41:E42) -> 0 | F40: =D40+E40 -> 17871.6 | G40: =SUM(G41:G42) -> 0 | H40: =F40+G40 -> 17871.6 | I40: =SUM(I41:I42) -> -0.6 | J40: =H40+I40 -> 17871 | K40: =SUM(K41:K42) -> -164.3 | L40: =J40+K40 -> 17706.7 | M40: =SUM(M41:M42) -> 0 | N40: =L40+M40 -> 17706.7 | O40: =SUM(O41:O42) -> 0 | P40: =N40+O40 -> 17706.7 | Q40: =SUM(Q41:Q42) -> 0 | R40: =P40+Q40 -> 17706.7
A41: Охрана объектов растительного и животного мира и среды их обитания | B41: 06 | C41: 03 | D41: =прил.6!G1715 -> 1703.5 | E41: =прил.6!H1715 -> 0 | F41: =D41+E41 -> 1703.5 | G41: =прил.6!J1715 -> 0 | H41: =F41+G41 -> 1703.5 | I41: =прил.6!L1715 -> 0 | J41: =H41+I41 -> 1703.5 | K41: =прил.6!N1715 -> 0 | L41: =J41+K41 -> 1703.5 | M41: =прил.6!P1715 -> 0 | N41: =L41+M41 -> 1703.5 | O41: =прил.6!R1715 -> 0 | P41: =N41+O41 -> 1703.5 | Q41: =прил.6!T1715 -> 0 | R41: =P41+Q41 -> 1703.5
A42: Другие вопросы в области охраны окружающей среды | B42: 06 | C42: 05 | D42: =прил.6!G527+прил.6!G1724 -> 16168.1 | E42: =прил.6!H527+прил.6!H1724 -> 0 | F42: =D42+E42 -> 16168.1 | G42: =прил.6!J527+прил.6!J1724 -> 0 | H42: =F42+G42 -> 16168.1 | I42: =прил.6!L527+прил.6!L1724 -> -0.6 | J42: =H42+I42 -> 16167.5 | K42: =прил.6!N527+прил.6!N1724 -> -164.3 | L42: =J42+K42 -> 16003.2 | M42: =прил.6!P527+прил.6!P1724 -> 0 | N42: =L42+M42 -> 16003.2 | O42: =прил.6!R527+прил.6!R1724 -> 0 | P42: =N42+O42 -> 16003.2 | Q42: =прил.6!T527+прил.6!T1724 -> 0 | R42: =P42+Q42 -> 16003.2
A43: ОБРАЗОВАНИЕ | B43: 07 | D43: =SUM(D44:D47) -> 3396213.5 | E43: =SUM(E44:E47) -> 908.8 | F43: =D43+E43 -> 3397122.3 | G43: =SUM(G44:G47) -> 45778.4 | H43: =F43+G43 -> 3442900.7 | I43: =SUM(I44:I47) -> -8859.4 | J43: =H43+I43 -> 3434041.3 | K43: =SUM(K44:K47) -> 1917.5 | L43: =J43+K43 -> 3435958.8 | M43: =SUM(M44:M47) -> 3969.5 | N43: =L43+M43 -> 3439928.3 | O43: =SUM(O44:O47) -> 307526.4 | P43: =N43+O43 -> 3747454.7 | Q43: =SUM(Q44:Q47) -> 24899.1 | R43: =P43+Q43 -> 3772353.8
A44: Дошкольное образование | B44: 07 | C44: 01 | D44: =прил.6!G586 -> 1310375.8 | E44: =прил.6!H586 -> 0 | F44: =D44+E44 -> 1310375.8 | G44: =прил.6!J586 -> 44229.3 | H44: =F44+G44 -> 1354605.1 | I44: =прил.6!L586 -> -167.8 | J44: =H44+I44 -> 1354437.3 | K44: =прил.6!N586 -> -2500 | L44: =J44+K44 -> 1351937.3 | M44: =прил.6!P586 -> 0 | N44: =L44+M44 -> 1351937.3 | O44: =прил.6!R586 -> 35857.7 | P44: =N44+O44 -> 1387795 | Q44: =прил.6!T586 -> 13210.6 | R44: =P44+Q44 -> 1401005.6
A45: Общее образование | B45: 07 | C45: 02 | D45: =прил.6!G626+прил.6!G919+прил.6!G1196+прил.6!G1621 -> 1757386.2 | E45: =прил.6!H626+прил.6!H919+прил.6!H1196+прил.6!H1621 -> 908.8 | F45: =D45+E45 -> 1758295 | G45: =прил.6!J626+прил.6!J919+прил.6!J1196+прил.6!J1621 -> -7173 | H45: =F45+G45 -> 1751122 | I45: =прил.6!L626+прил.6!L919+прил.6!L1196+прил.6!L1621 -> -208.6 | J45: =H45+I45 -> 1750913.4 | K45: =прил.6!N626+прил.6!N919+прил.6!N1196+прил.6!N1621 -> -2877.3 | L45: =J45+K45 -> 1748036.1 | M45: =прил.6!P626+прил.6!P919+прил.6!P1196+прил.6!P1621 -> 10 | N45: =L45+M45 -> 1748046.1 | O45: =прил.6!R626+прил.6!R919+прил.6!R1196+прил.6!R1621 -> 952.6 | P45: =N45+O45 -> 1748998.7 | Q45: =прил.6!T626+прил.6!T919+прил.6!T1196+прил.6!T1621 -> 11220.2 | R45: =P45+Q45 -> 1760218.9
A46: Молодежная политика и оздоровление детей | B46: 07 | C46: 07 | D46: =прил.6!G304+прил.6!G691+прил.6!G1297+прил.6!G1627 -> 86246.6 | E46: =прил.6!H304+прил.6!H691+прил.6!H1297+прил.6!H1627 -> 0 | F46: =D46+E46 -> 86246.6 | G46: =прил.6!J304+прил.6!J691+прил.6!J934+прил.6!J1204+прил.6!J1297+прил.6!J1627 -> 0.7 | H46: =F46+G46 -> 86247.3 | I46: =прил.6!L304+прил.6!L691+прил.6!L934+прил.6!L1204+прил.6!L1297+прил.6!L1627 -> -3065.8 | J46: =H46+I46 -> 83181.5 | K46: =прил.6!N304+прил.6!N691+прил.6!N934+прил.6!N1204+прил.6!N1297+прил.6!N1627 -> 377.3 | L46: =J46+K46 -> 83558.8 | M46: =прил.6!P304+прил.6!P691+прил.6!P934+прил.6!P1204+прил.6!P1297+прил.6!P1627 -> 0 | N46: =L46+M46 -> 83558.8 | O46: =прил.6!R304+прил.6!R691+прил.6!R934+прил.6!R1204+прил.6!R1297+прил.6!R1627 -> 0 | P46: =N46+O46 -> 83558.8 | Q46: =прил.6!T304+прил.6!T691+прил.6!T934+прил.6!T1204+прил.6!T1297+прил.6!T1627 -> -734.7 | R46: =P46+Q46 -> 82824.1
A47: Другие вопросы в области образования | B47: 07 | C47: 09 | D47: =прил.6!G707+прил.6!G940+прил.6!G1209+прил.6!G1640 -> 242204.9 | E47: =прил.6!H707+прил.6!H940+прил.6!H1209+прил.6!H1640 -> 0 | F47: =D47+E47 -> 242204.9 | G47: =прил.6!J707+прил.6!J940+прил.6!J1209+прил.6!J1640 -> 8721.4 | H47: =F47+G47 -> 250926.3 | I47: =прил.6!L707+прил.6!L940+прил.6!L1209+прил.6!L1640 -> -5417.2 | J47: =H47+I47 -> 245509.1 | K47: =прил.6!N707+прил.6!N940+прил.6!N1209+прил.6!N1640 -> 6917.5 | L47: =J47+K47 -> 252426.6 | M47: =прил.6!P707+прил.6!P940+прил.6!P1209+прил.6!P1640 -> 3959.5 | N47: =L47+M47 -> 256386.1 | O47: =прил.6!R707+прил.6!R940+прил.6!R1209+прил.6!R1640 -> 270716.1 | P47: =N47+O47 -> 527102.2 | Q47: =прил.6!T707+прил.6!T940+прил.6!T1209+прил.6!T1640 -> 1203 | R47: =P47+Q47 -> 528305.2
A48: КУЛЬТУРА, КИНЕМАТОГРАФИЯ | B48: 08 | D48: =SUM(D49:D50) -> 260483 | E48: =SUM(E49:E50) -> 0 | F48: =D48+E48 -> 260483 | G48: =SUM(G49:G50) -> -443.8 | H48: =F48+G48 -> 260039.2 | I48: =SUM(I49:I50) -> 1526.7 | J48: =H48+I48 -> 261565.9 | K48: =SUM(K49:K50) -> 0 | L48: =J48+K48 -> 261565.9 | M48: =SUM(M49:M50) -> 140.2 | N48: =L48+M48 -> 261706.1 | O48: =SUM(O49:O50) -> 29387.2 | P48: =N48+O48 -> 291093.3 | Q48: =SUM(Q49:Q50) -> -270.1 | R48: =P48+Q48 -> 290823.2
A49: Культура | B49: 08 | C49: 01 | D49: =прил.6!G967 -> 233756 | E49: =прил.6!H967 -> 0 | F49: =D49+E49 -> 233756 | G49: =прил.6!J967 -> -479.8 | H49: =F49+G49 -> 233276.2 | I49: =прил.6!L967+прил.6!L1672 -> 1528.5 | J49: =H49+I49 -> 234804.7 | K49: =прил.6!N967+прил.6!N1672 -> 0 | L49: =J49+K49 -> 234804.7 | M49: =прил.6!P967+прил.6!P1672 -> 140.2 | N49: =L49+M49 -> 234944.9 | O49: =прил.6!R967+прил.6!R1672 -> 17658.8 | P49: =N49+O49 -> 252603.7 | Q49: =прил.6!T967+прил.6!T1672 -> -2.2737368e-13 | R49: =P49+Q49 -> 252603.7
A50: Другие вопросы в области культуры, кинематографии | B50: 08 | C50: 04 | D50: =прил.6!G1059 -> 26727 | E50: =прил.6!H1059 -> 0 | F50: =D50+E50 -> 26727 | G50: =прил.6!J1059 -> 36 | H50: =F50+G50 -> 26763 | I50: =прил.6!L1059 -> -1.8 | J50: =H50+I50 -> 26761.2 | K50: =прил.6!N1059 -> 0 | L50: =J50+K50 -> 26761.2 | M50: =прил.6!P1059 -> 0 | N50: =L50+M50 -> 26761.2 | O50: =прил.6!R1059+прил.6!R1678 -> 11728.4 | P50: =N50+O50 -> 38489.6 | Q50: =прил.6!T1059+прил.6!T1678 -> -270.1 | R50: =P50+Q50 -> 38219.5
A51: ЗДРАВООХРАНЕНИЕ | B51: 09 | D51: =SUM(D52) -> 1957.5 | E51: =SUM(E52) -> 0 | F51: =D51+E51 -> 1957.5 | G51: =SUM(G52) -> 0 | H51: =F51+G51 -> 1957.5 | I51: =SUM(I52) -> 0 | J51: =H51+I51 -> 1957.5 | K51: =SUM(K52) -> 0 | L51: =J51+K51 -> 1957.5 | M51: =SUM(M52) -> 0 | N51: =L51+M51 -> 1957.5 | O51: =SUM(O52) -> 0 | P51: =N51+O51 -> 1957.5 | Q51: =SUM(Q52) -> 0 | R51: =P51+Q51 -> 1957.5
A52: Санитарно-эпидемиологическое благополучие | B52: 09 | C52: 07 | D52: =прил.6!G533 -> 1957.5 | E52: =прил.6!H533 -> 0 | F52: =D52+E52 -> 1957.5 | G52: =прил.6!J533 -> 0 | H52: =F52+G52 -> 1957.5 | I52: =прил.6!L533 -> 0 | J52: =H52+I52 -> 1957.5 | K52: =прил.6!N533 -> 0 | L52: =J52+K52 -> 1957.5 | M52: =прил.6!P533 -> 0 | N52: =L52+M52 -> 1957.5 | O52: =прил.6!R533 -> 0 | P52: =N52+O52 -> 1957.5 | Q52: =прил.6!T533 -> 0 | R52: =P52+Q52 -> 1957.5
A53: СОЦИАЛЬНАЯ ПОЛИТИКА | B53: 10 | D53: =SUM(D54:D58) -> 1019928.1 | E53: =SUM(E54:E58) -> 0 | F53: =D53+E53 -> 1019928.1 | G53: =SUM(G54:G58) -> -718.2 | H53: =F53+G53 -> 1019209.9 | I53: =SUM(I54:I58) -> -825 | J53: =H53+I53 -> 1018384.9 | K53: =SUM(K54:K58) -> 432 | L53: =J53+K53 -> 1018816.9 | M53: =SUM(M54:M58) -> -10 | N53: =L53+M53 -> 1018806.9 | O53: =SUM(O54:O58) -> 54856.3 | P53: =N53+O53 -> 1073663.2 | Q53: =SUM(Q54:Q58) -> 51256.6 | R53: =P53+Q53 -> 1124919.8
A54: Пенсионное обеспечение | B54: 10 | C54: 01 | D54: =прил.6!G334 -> 13440 | E54: =прил.6!H334 -> 0 | F54: =D54+E54 -> 13440 | G54: =прил.6!J334 -> 0 | H54: =F54+G54 -> 13440 | I54: =прил.6!L334 -> 0 | J54: =H54+I54 -> 13440 | K54: =прил.6!N334 -> 0 | L54: =J54+K54 -> 13440 | M54: =прил.6!P334 -> 0 | N54: =L54+M54 -> 13440 | O54: =прил.6!R334 -> 0 | P54: =N54+O54 -> 13440 | Q54: =прил.6!T334 -> 0 | R54: =P54+Q54 -> 13440
A55: Социальное обслуживание населения | B55: 10 | C55: 02 | D55: =прил.6!G1318 -> 114241.1 | E55: =прил.6!H1318 -> 0 | F55: =D55+E55 -> 114241.1 | G55: =прил.6!J1318 -> 0 | H55: =F55+G55 -> 114241.1 | I55: =прил.6!L1318 -> 0 | J55: =H55+I55 -> 114241.1 | K55: =прил.6!N1318 -> 0 | L55: =J55+K55 -> 114241.1 | M55: =прил.6!P1318 -> 365.3 | N55: =L55+M55 -> 114606.4 | O55: =прил.6!R1318 -> -22258.8 | P55: =N55+O55 -> 92347.6 | Q55: =прил.6!T1318 -> 1426.2 | R55: =P55+Q55 -> 93773.8
A56: Социальное обеспечение населения | B56: 10 | C56: 03 | D56: =прил.6!G340+прил.6!G541+прил.6!G819+прил.6!G1329 -> 705038.2 | E56: =прил.6!H340+прил.6!H541+прил.6!H819+прил.6!H1329 -> 0 | F56: =D56+E56 -> 705038.2 | G56: =прил.6!J340+прил.6!J541+прил.6!J819+прил.6!J1329 -> 0 | H56: =F56+G56 -> 705038.2 | I56: =прил.6!L340+прил.6!L541+прил.6!L819+прил.6!L1329 -> -825 | J56: =H56+I56 -> 704213.2 | K56: =прил.6!N340+прил.6!N541+прил.6!N819+прил.6!N1329 -> 432 | L56: =J56+K56 -> 704645.2 | M56: =прил.6!P340+прил.6!P541+прил.6!P819+прил.6!P1329 -> -375.3 | N56: =L56+M56 -> 704269.9 | O56: =прил.6!R340+прил.6!R541+прил.6!R819+прил.6!R1329 -> 83056.9 | P56: =N56+O56 -> 787326.8 | Q56: =прил.6!T340+прил.6!T541+прил.6!T819+прил.6!T1329 -> 44749.1 | R56: =P56+Q56 -> 832075.9
A57: Охрана семьи и детства | B57: 10 | C57: 04 | D57: =прил.6!G838 -> 132317.9 | E57: =прил.6!H838 -> 0 | F57: =D57+E57 -> 132317.9 | G57: =прил.6!J838 -> 0 | H57: =F57+G57 -> 132317.9 | I57: =прил.6!L838 -> 0 | J57: =H57+I57 -> 132317.9 | K57: =прил.6!N838 -> 0 | L57: =J57+K57 -> 132317.9 | M57: =прил.6!P838 -> 0 | N57: =L57+M57 -> 132317.9 | O57: =прил.6!R838 -> -9259.2 | P57: =N57+O57 -> 123058.7 | Q57: =прил.6!T838 -> 5516.5 | R57: =P57+Q57 -> 128575.2
A58: Другие вопросы в области социальной политики | B58: 10 | C58: 06 | D58: =прил.6!G1407 -> 54890.9 | E58: =прил.6!H1407 -> 0 | F58: =D58+E58 -> 54890.9 | G58: =прил.6!J1407 -> -718.2 | H58: =F58+G58 -> 54172.7 | I58: =прил.6!L1407 -> 0 | J58: =H58+I58 -> 54172.7 | K58: =прил.6!N1407 -> 0 | L58: =J58+K58 -> 54172.7 | M58: =прил.6!P1407 -> 0 | N58: =L58+M58 -> 54172.7 | O58: =прил.6!R1407 -> 3317.4 | P58: =N58+O58 -> 57490.1 | Q58: =прил.6!T1407 -> -435.2 | R58: =P58+Q58 -> 57054.9
A59: ФИЗИЧЕСКАЯ КУЛЬТУРА И СПОРТ | B59: 11 | D59: =SUM(D60:D62) -> 225467.1 | E59: =SUM(E60:E62) -> -908.8 | F59: =D59+E59 -> 224558.3 | G59: =SUM(G60:G62) -> 4323.8 | H59: =F59+G59 -> 228882.1 | I59: =SUM(I60:I62) -> 0 | J59: =H59+I59 -> 228882.1 | K59: =SUM(K60:K62) -> 0 | L59: =J59+K59 -> 228882.1 | M59: =SUM(M60:M62) -> -3959.5 | N59: =L59+M59 -> 224922.6 | O59: =SUM(O60:O62) -> -9775 | P59: =N59+O59 -> 215147.6 | Q59: =SUM(Q60:Q62) -> 0 | R59: =P59+Q59 -> 215147.6
A60: Физическая культура | B60: 11 | C60: 01 | D60: =прил.6!G1231 -> 205283.9 | E60: =прил.6!H1231 -> -908.8 | F60: =D60+E60 -> 204375.1 | G60: =прил.6!J1231 -> -205 | H60: =F60+G60 -> 204170.1 | I60: =прил.6!L1231 -> 0 | J60: =H60+I60 -> 204170.1 | K60: =прил.6!N1231 -> 0 | L60: =J60+K60 -> 204170.1 | M60: =прил.6!P1231 -> -3959.5 | N60: =L60+M60 -> 200210.6 | O60: =прил.6!R1231 -> -9775 | P60: =N60+O60 -> 190435.6 | Q60: =прил.6!T1231 -> 0 | R60: =P60+Q60 -> 190435.6
A61: Массовый спорт | B61: 11 | C61: 02 | D61: =прил.6!G1262 -> 500 | E61: =прил.6!H1262 -> 0 | F61: =D61+E61 -> 500 | G61: =прил.6!J1262 -> 1714.9 | H61: =F61+G61 -> 2214.9 | I61: =прил.6!L1262 -> 0 | J61: =H61+I61 -> 2214.9 | K61: =прил.6!N1262 -> 0 | L61: =J61+K61 -> 2214.9 | M61: =прил.6!P1262 -> 0 | N61: =L61+M61 -> 2214.9 | O61: =прил.6!R1262 -> 0 | P61: =N61+O61 -> 2214.9 | Q61: =прил.6!T1262 -> 0 | R61: =P61+Q61 -> 2214.9
A62: Другие вопросы в области физической культуры и спорта | B62: 11 | C62: 05 | D62: =прил.6!G1273+прил.6!G1685 -> 19683.2 | E62: =прил.6!H1273+прил.6!H1685 -> 0 | F62: =D62+E62 -> 19683.2 | G62: =прил.6!J1273+прил.6!J1685 -> 2813.9 | H62: =F62+G62 -> 22497.1 | I62: =прил.6!L1273+прил.6!L1685 -> 0 | J62: =H62+I62 -> 22497.1 | K62: =прил.6!N1273+прил.6!N1685 -> 0 | L62: =J62+K62 -> 22497.1 | M62: =прил.6!P1273+прил.6!P1685 -> 0 | N62: =L62+M62 -> 22497.1 | O62: =прил.6!R1273+прил.6!R1685 -> 0 | P62: =N62+O62 -> 22497.1 | Q62: =прил.6!T1273+прил.6!T1685 -> 0 | R62: =P62+Q62 -> 22497.1
A63: СРЕДСТВА МАССОВОЙ ИНФОРМАЦИИ | B63: 12 | D63: =SUM(D64) -> 44285.9 | E63: =SUM(E64) -> 0 | F63: =D63+E63 -> 44285.9 | G63: =SUM(G64) -> 134 | H63: =F63+G63 -> 44419.9 | I63: =SUM(I64) -> -61.9 | J63: =H63+I63 -> 44358 | K63: =SUM(K64) -> 34.9 | L63: =J63+K63 -> 44392.9 | M63: =SUM(M64) -> 0 | N63: =L63+M63 -> 44392.9 | O63: =SUM(O64) -> 4108.8 | P63: =N63+O63 -> 48501.7 | Q63: =SUM(Q64) -> 400 | R63: =P63+Q63 -> 48901.7
A64: Периодическая печать и издательства | B64: 12 | C64: 02 | D64: =прил.6!G370 -> 44285.9 | E64: =прил.6!H370 -> 0 | F64: =D64+E64 -> 44285.9 | G64: =прил.6!J370 -> 134 | H64: =F64+G64 -> 44419.9 | I64: =прил.6!L370 -> -61.9 | J64: =H64+I64 -> 44358 | K64: =прил.6!N370 -> 34.9 | L64: =J64+K64 -> 44392.9 | M64: =прил.6!P370 -> 0 | N64: =L64+M64 -> 44392.9 | O64: =прил.6!R370 -> 4108.8 | P64: =N64+O64 -> 48501.7 | Q64: =прил.6!T370 -> 400 | R64: =P64+Q64 -> 48901.7
A65: ОБСЛУЖИВАНИЕ ГОСУДАРСТВЕННОГО И МУНИЦИПАЛЬНОГО ДОЛГА | B65: 13 | D65: =SUM(D66) -> 46394.2 | E65: =SUM(E66) -> 0 | F65: =D65+E65 -> 46394.2 | G65: =SUM(G66) -> 0 | H65: =F65+G65 -> 46394.2 | I65: =SUM(I66) -> 0 | J65: =H65+I65 -> 46394.2 | K65: =SUM(K66) -> 0 | L65: =J65+K65 -> 46394.2 | M65: =SUM(M66) -> 0 | N65: =L65+M65 -> 46394.2 | O65: =SUM(O66) -> 0 | P65: =N65+O65 -> 46394.2 | Q65: =SUM(Q66) -> 0 | R65: =P65+Q65 -> 46394.2
A66: Обслуживание государственного внутреннего и муниципального долга | B66: 13 | C66: 01 | D66: =прил.6!G901 -> 46394.2 | E66: =прил.6!H901 -> 0 | F66: =D66+E66 -> 46394.2 | G66: =прил.6!J901 -> 0 | H66: =F66+G66 -> 46394.2 | I66: =прил.6!L901 -> 0 | J66: =H66+I66 -> 46394.2 | K66: =прил.6!N901 -> 0 | L66: =J66+K66 -> 46394.2 | M66: =прил.6!P901 -> 0 | N66: =L66+M66 -> 46394.2 | O66: =прил.6!R901 -> 0 | P66: =N66+O66 -> 46394.2 | Q66: =прил.6!T901 -> 0 | R66: =P66+Q66 -> 46394.2
A67: ВСЕГО РАСХОДОВ | D67: =D19+D27+D29+D35+D40+D43+D48+D51+D53+D59+D63+D65 -> 6670495.9 | E67: =E19+E27+E29+E35+E40+E43+E48+E51+E53+E59+E63+E65 -> -22308.3 | F67: =D67+E67 -> 6648187.6 | G67: =G19+G27+G29+G35+G40+G43+G48+G51+G53+G59+G63+G65 -> -2.7284841e-12 | H67: =F67+G67 -> 6648187.6 | I67: =I19+I27+I29+I35+I40+I43+I48+I51+I53+I59+I63+I65 -> -65000 | J67: =H67+I67 -> 6583187.6 | K67: =K19+K27+K29+K35+K40+K43+K48+K51+K53+K59+K63+K65 -> -939.6 | L67: =J67+K67 -> 6582248 | M67: =M19+M27+M29+M35+M40+M43+M48+M51+M53+M59+M63+M65 -> 12800 | N67: =L67+M67 -> 6595048 | O67: =O19+O27+O29+O35+O40+O43+O48+O51+O53+O59+O63+O65 -> 393555.5 | P67: =N67+O67 -> 6988603.5 | Q67: =Q19+Q27+Q29+Q35+Q40+Q43+Q48+Q51+Q53+Q59+Q63+Q65 -> 91688.9 | R67: =R19+R27+R29+R35+R40+R43+R48+R51+R53+R59+R63+R65 -> 7080292.4
O69: =O67-'прил. 5'!Q1812 -> 0 | P69: =P67-'прил. 5'!R1812 -> 0 | Q69: =Q67-'прил. 5'!S1812 -> 0
O70: =O67-'прил. 5'!Q1812 -> 0 | P70: =P67-'прил. 5'!R1812 -> 0

Sheet прил. 5
S1: Приложение 5
S2: к решению Череповецкой
S3: городской Думы
S4: от №
S7: Приложение 13
S8: к решению Череповецкой
S9: городской Думы
S10: от 10.12.2013 № 234
A14: РАСХОДЫ
A15: городского бюджета по целевым статьям (муниципальным программам и непрограммным направлениям деятельности), разделам, подразделам, группам и подгруппам видов расходов классификации расходов бюджетов на 2014 год
T16: тыс.рублей
A17: Наименование | B17: ЦСР | C17: Раздел | D17: ПР | E17: ВР | F17: Решение Череповецкой городской Думы от 10.12.2013 № 234 | G17: Изменения | H17: Решение ЧГД от 25.02.2014 № 19 | I17: Изменения | J17: Решение ЧГД от 25.03.2014 № 54 | K17: изменения | L17: Решение ЧГД от 28.04.2014 № 78 | M17: Изменения | N17: Решение ЧГД от 02.06.2014 № 112 | O17: Изменения | P17: Решение ЧГД от 30.06.2014 № 138 | Q17: Изменения | R17: Решение ЧГД от 10.12.2013 № 234 (с изменениями) | S17: Изменения | T17: Проект решения
A18: =IF(ISERROR(MATCH(B18,Код_КЦСР,0)),"",INDIRECT(ADDRESS(MATCH(B18,Код_КЦСР,0)+1,2,,,"КЦСР"))) -> Муниципальная программа «Развитие образования» на 2013-2022 годы | B18: 01 0 0000 | F18: =F19+F25+F38+F44+F52+F75+F130+F149+F187+F195+F206 -> 3137666.3 | G18: =G19+G25+G38+G44+G52+G75+G130+G149+G187+G195+G206 -> 0 | H18: =F18+G18 -> 3137666.3 | I18: =I19+I25+I38+I44+I52+I75+I130+I149+I187+I195+I206 -> -10964.4 | J18: =H18+I18 -> 3126701.9 | K18: =K19+K25+K38+K44+K52+K75+K130+K149+K187+K195+K206 -> -505 | L18: =J18+K18 -> 3126196.9 | M18: =M19+M25+M38+M44+M52+M75+M130+M149+M187+M195+M206 -> 1917.5 | N18: =L18+M18 -> 3128114.4 | O18: =O19+O25+O38+O44+O52+O75+O130+O149+O187+O195+O206 -> 0 | P18: =N18+O18 -> 3128114.4 | Q18: =Q19+Q25+Q38+Q44+Q52+Q75+Q130+Q149+Q187+Q195+Q206 -> 28126.9 | R18: =P18+Q18 -> 3156241.3 | S18: =S19+S25+S38+S44+S52+S75+S130+S149+S187+S195+S206 -> 31205.3 | T18: =R18+S18 -> 3187446.6
A19: =IF(ISERROR(MATCH(B19,Код_КЦСР,0)),"",INDIRECT(ADDRESS(MATCH(B19,Код_КЦСР,0)+1,2,,,"КЦСР"))) -> Проведение мероприятий управлением образования мэрии (августовское совещание, Учитель года, День учителя, прием молодых специалистов) | B19: 01 0 0001 | F19: =F20 -> 92.7 | G19: =G20 -> 0 | H19: =F19+G19 -> 92.7 | I19: =I20 -> 0 | J19: =H19+I19 -> 92.7 | K19: =K20 -> 0 | L19: =J19+K19 -> 92.7 | M19: =M20 -> 0 | N19: =L19+M19 -> 92.7 | O19: =O20 -> 0 | P19: =N19+O19 -> 92.7 | Q19: =Q20 -> 0 | R19: =P19+Q19 -> 92.7 | S19: =S20 -> 0 | T19: =R19+S19 -> 92.7
A20: =IF(ISERROR(MATCH(C20,Код_Раздел,0)),"",INDIRECT(ADDRESS(MATCH(C20,Код_Раздел,0)+1,2,,,"Раздел"))) -> Образование | B20: 01 0 0001 | C20: 07 | F20: =F21 -> 92.7 | G20: =G21 -> 0 | H20: =F20+G20 -> 92.7 | I20: =I21 -> 0 | J20: =H20+I20 -> 92.7 | K20: =K21 -> 0 | L20: =J20+K20 -> 92.7 | M20: =M21 -> 0 | N20: =L20+M20 -> 92.7 | O20: =O21 -> 0 | P20: =N20+O20 -> 92.7 | Q20: =Q21 -> 0 | R20: =P20+Q20 -> 92.7 | S20: =S21 -> 0 | T20: =R20+S20 -> 92.7
A21: Другие вопросы в области образования | B21: 01 0 0001 | C21: 07 | D21: 09 | F21: =F22 -> 92.7 | G21: =G22 -> 0 | H21: =F21+G21 -> 92.7 | I21: =I22 -> 0 | J21: =H21+I21 -> 92.7 | K21: =K22 -> 0 | L21: =J21+K21 -> 92.7 | M21: =M22 -> 0 | N21: =L21+M21 -> 92.7 | O21: =O22 -> 0 | P21: =N21+O21 -> 92.7 | Q21: =Q22 -> 0 | R21: =P21+Q21 -> 92.7 | S21: =S22 -> 0 | T21: =R21+S21 -> 92.7
A22: =IF(ISERROR(MATCH(E22,Код_КВР,0)),"",INDIRECT(ADDRESS(MATCH(E22,Код_КВР,0)+1,2,,,"КВР"))) -> Закупка товаров, работ и услуг для муниципальных нужд | B22: 01 0 0001 | C22: 07 | D22: 09 | E22: 200 | F22: =F23 -> 92.7 | G22: =G23 -> 0 | H22: =F22+G22 -> 92.7 | I22: =I23 -> 0 | J22: =H22+I22 -> 92.7 | K22: =K23 -> 0 | L22: =J22+K22 -> 92.7 | M22: =M23 -> 0 | N22: =L22+M22 -> 92.7 | O22: =O23 -> 0 | P22: =N22+O22 -> 92.7 | Q22: =Q23 -> 0 | R22: =P22+Q22 -> 92.7 | S22: =S23 -> 0 | T22: =R22+S22 -> 92.7
A23: =IF(ISERROR(MATCH(E23,Код_КВР,0)),"",INDIRECT(ADDRESS(MATCH(E23,Код_КВР,0)+1,2,,,"КВР"))) -> Иные закупки товаров, работ и услуг для обеспечения муниципальных нужд | B23: 01 0 0001 | C23: 07 | D23: 09 | E23: 240 | F23: =F24 -> 92.7 | G23: =G24 -> 0 | H23: =F23+G23 -> 92.7 | I23: =I24 -> 0 | J23: =H23+I23 -> 92.7 | K23: =K24 -> 0 | L23: =J23+K23 -> 92.7 | M23: =M24 -> 0 | N23: =L23+M23 -> 92.7 | O23: =O24 -> 0 | P23: =N23+O23 -> 92.7 | Q23: =Q24 -> 0 | R23: =P23+Q23 -> 92.7 | S23: =S24 -> 0 | T23: =R23+S23 -> 92.7
A24: =IF(ISERROR(MATCH(E24,Код_КВР,0)),"",INDIRECT(ADDRESS(MATCH(E24,Код_КВР,0)+1,2,,,"КВР"))) -> Прочая закупка товаров, работ и услуг для обеспечения муниципальных нужд | B24: 01 0 0001 | C24: 07 | D24: 09 | E24: 244 | F24: =прил.6!G712 -> 92.7 | G24: =прил.6!H712 -> 0 | H24: =F24+G24 -> 92.7 | I24: =прил.6!J712 -> 0 | J24: =H24+I24 -> 92.7 | K24: =прил.6!L712 -> 0 | L24: =J24+K24 -> 92.7 | M24: =прил.6!N712 -> 0 | N24: =L24+M24 -> 92.7 | O24: =прил.6!P712 -> 0 | P24: =N24+O24 -> 92.7 | Q24: =прил.6!R712 -> 0 | R24: =P24+Q24 -> 92.7 | S24: =прил.6!T712 -> 0 | T24: =R24+S24 -> 92.7
A25: =IF(ISERROR(MATCH(B25,Код_КЦСР,0)),"",INDIRECT(ADDRESS(MATCH(B25,Код_КЦСР,0)+1,2,,,"КЦСР"))) -> Обеспечение питанием обучающихся в МОУ | B25: 01 0 0002 | F25: =F30+F26 -> 6132.1 | G25: =G30+G26 -> 0 | H25: =F25+G25 -> 6132.1 | I25: =I30+I26 -> 0 | J25: =H25+I25 -> 6132.1 | K25: =K30+K26 -> -232.3 | L25: =J25+K25 -> 5899.8 | M25: =M26 -> 2294.8 | N25: =L25+M25 -> 8194.6 | O25: =O26 -> 0 | P25: =N25+O25 -> 8194.6 | Q25: =Q26 -> 0 | R25: =P25+Q25 -> 8194.6 | S25: =S26 -> -46.9 | T25: =R25+S25 -> 8147.7
A26: =IF(ISERROR(MATCH(C26,Код_Раздел,0)),"",INDIRECT(ADDRESS(MATCH(C26,Код_Раздел,0)+1,2,,,"Раздел"))) -> Образование | B26: 01 0 0002 | C26: 07 | F26: =F31 -> 6132.1 | H26: =F26+G26 -> 6132.1 | J26: =H26+I26 -> 6132.1 | K26: =K31 -> -232.3 | L26: =L31 -> 5899.8 | M26: =M27+M31 -> 2294.8 | N26: =L26+M26 -> 8194.6 | O26: =O27+O31 -> 0 | P26: =N26+O26 -> 8194.6 | Q26: =Q27+Q31 -> 0 | R26: =P26+Q26 -> 8194.6 | S26: =S27+S31 -> -46.9 | T26: =R26+S26 -> 8147.7
A27: Молодежная политика и оздоровление детей | B27: 01 0 0002 | C27: 07 | D27: 07 | M27: =M28 -> 377.3 | N27: =L27+M27 -> 377.3 | O27: =O28 -> 0 | P27: =N27+O27 -> 377.3 | Q27: =Q28 -> 0 | R27: =P27+Q27 -> 377.3 | S27: =S28 -> 0 | T27: =R27+S27 -> 377.3
A28: =IF(ISERROR(MATCH(E28,Код_КВР,0)),"",INDIRECT(ADDRESS(MATCH(E28,Код_КВР,0)+1,2,,,"КВР"))) -> Предоставление субсидий бюджетным, автономным учреждениям и иным некоммерческим организациям | B28: 01 0 0002 | C28: 07 | D28: 07 | E28: 600 | M28: =M29 -> 377.3 | N28: =L28+M28 -> 377.3 | O28: =O29 -> 0 | P28: =N28+O28 -> 377.3 | Q28: =Q29 -> 0 | R28: =P28+Q28 -> 377.3 | S28: =S29 -> 0 | T28: =R28+S28 -> 377.3
A29: =IF(ISERROR(MATCH(E29,Код_КВР,0)),"",INDIRECT(ADDRESS(MATCH(E29,Код_КВР,0)+1,2,,,"КВР"))) -> Субсидии автономным учреждениям на иные цели | B29: 01 0 0002 | C29: 07 | D29: 07 | E29: 622 | M29: =прил.6!N696 -> 377.3 | N29: =L29+M29 -> 377.3 | O29: =прил.6!P696 -> 0 | P29: =N29+O29 -> 377.3 | Q29: =прил.6!R696 -> 0 | R29: =P29+Q29 -> 377.3 | S29: =прил.6!T696 -> 0 | T29: =R29+S29 -> 377.3
A30: =IF(ISERROR(MATCH(C30,Код_Раздел,0)),"",INDIRECT(ADDRESS(MATCH(C30,Код_Раздел,0)+1,2,,,"Раздел"))) | B30: 01 0 0002 | G30: =G31 -> 0 | H30: =F30+G30 -> 0 | I30: =I31 -> 0 | J30: =H30+I30 -> 0 | L30: =J30+K30 -> 0 | N30: =L30+M30 -> 0 | O30: =O31 -> 0 | P30: =N30+O30 -> 0 | R30: =P30+Q30 -> 0 | T30: =R30+S30 -> 0
A31: Другие вопросы в области образования | B31: 01 0 0002 | C31: 07 | D31: 09 | F31: =F32 -> 6132.1 | G31: =G32 -> 0 | H31: =F31+G31 -> 6132.1 | I31: =I32 -> 0 | J31: =H31+I31 -> 6132.1 | K31: =K32 -> -232.3 | L31: =J31+K31 -> 5899.8 | M31: =M32 -> 1917.5 | N31: =L31+M31 -> 7817.3 | O31: =O32 -> 0 | P31: =N31+O31 -> 7817.3 | Q31: =Q32 -> 0 | R31: =P31+Q31 -> 7817.3 | S31: =S32 -> -46.9 | T31: =R31+S31 -> 7770.4
A32: =IF(ISERROR(MATCH(E32,Код_КВР,0)),"",INDIRECT(ADDRESS(MATCH(E32,Код_КВР,0)+1,2,,,"КВР"))) -> Предоставление субсидий бюджетным, автономным учреждениям и иным некоммерческим организациям | B32: 01 0 0002 | C32: 07 | D32: 09 | E32: 600 | F32: =F33 -> 6132.1 | G32: =G33 -> 0 | H32: =F32+G32 -> 6132.1 | I32: =I33+I35 -> 0 | J32: =H32+I32 -> 6132.1 | K32: =K33+K35 -> -232.3 | L32: =J32+K32 -> 5899.8 | M32: =M33+M35 -> 1917.5 | N32: =L32+M32 -> 7817.3 | O32: =O33+O35 -> 0 | P32: =N32+O32 -> 7817.3 | Q32: =Q33+Q35 -> 0 | R32: =P32+Q32 -> 7817.3 | S32: =S33+S35 -> -46.9 | T32: =R32+S32 -> 7770.4
A33: =IF(ISERROR(MATCH(E33,Код_КВР,0)),"",INDIRECT(ADDRESS(MATCH(E33,Код_КВР,0)+1,2,,,"КВР"))) -> Субсидии бюджетным учреждениям | B33: 01 0 0002 | C33: 07 | D33: 09 | E33: 610 | F33: =F34 -> 6132.1 | G33: =G34 -> 0 | H33: =F33+G33 -> 6132.1 | I33: =I34 -> -4281.5 | J33: =H33+I33 -> 1850.6 | K33: =K34 -> 0 | L33: =J33+K33 -> 1850.6 | M33: =M34 -> 0 | N33: =L33+M33 -> 1850.6 | O33: =O34 -> 0 | P33: =N33+O33 -> 1850.6 | Q33: =Q34 -> 0 | R33: =P33+Q33 -> 1850.6 | S33: =S34 -> -466.1 | T33: =R33+S33 -> 1384.5
A34: =IF(ISERROR(MATCH(E34,Код_КВР,0)),"",INDIRECT(ADDRESS(MATCH(E34,Код_КВР,0)+1,2,,,"КВР"))) -> Субсидии бюджетным учреждениям на финансовое обеспечение муниципального задания на оказание муниципальных услуг (выполнение работ) | B34: 01 0 0002 | C34: 07 | D34: 09 | E34: 611 | F34: =прил.6!G716 -> 6132.1 | G34: =прил.6!H716 -> 0 | H34: =F34+G34 -> 6132.1 | I34: =прил.6!J716 -> -4281.5 | J34: =H34+I34 -> 1850.6 | K34: =прил.6!L716 -> 0 | L34: =J34+K34 -> 1850.6 | M34: =прил.6!N716 -> 0 | N34: =L34+M34 -> 1850.6 | O34: =прил.6!P716 -> 0 | P34: =N34+O34 -> 1850.6 | Q34: =прил.6!R716 -> 0 | R34: =P34+Q34 -> 1850.6 | S34: =прил.6!T716 -> -466.1 | T34: =R34+S34 -> 1384.5
A35: =IF(ISERROR(MATCH(E35,Код_КВР,0)),"",INDIRECT(ADDRESS(MATCH(E35,Код_КВР,0)+1,2,,,"КВР"))) -> Субсидии автономным учреждениям | B35: 01 0 0002 | C35: 07 | D35: 09 | E35: 620 | I35: =I36 -> 4281.5 | J35: =H35+I35 -> 4281.5 | K35: =K36 -> -232.3 | L35: =J35+K35 -> 4049.2 | M35: =M36+M37 -> 1917.5 | N35: =L35+M35 -> 5966.7 | O35: =O36+O37 -> 0 | P35: =N35+O35 -> 5966.7 | Q35: =Q36+Q37 -> 0 | R35: =P35+Q35 -> 5966.7 | S35: =S36+S37 -> 419.2 | T35: =R35+S35 -> 6385.9
A36: =IF(ISERROR(MATCH(E36,Код_КВР,0)),"",INDIRECT(ADDRESS(MATCH(E36,Код_КВР,0)+1,2,,,"КВР"))) -> Субсидии автономным учреждениям на финансовое обеспечение муниципального задания на оказание муниципальных услуг (выполнение работ) | B36: 01 0 0002 | C36: 07 | D36: 09 | E36: 621 | I36: =прил.6!J718 -> 4281.5 | J36: =H36+I36 -> 4281.5 | K36: =прил.6!L718 -> -232.3 | L36: =J36+K36 -> 4049.2 | M36: =прил.6!N718 -> 0 | N36: =L36+M36 -> 4049.2 | O36: =прил.6!P718 -> 0 | P36: =N36+O36 -> 4049.2 | Q36: =прил.6!R718 -> 0 | R36: =P36+Q36 -> 4049.2 | S36: =прил.6!T718 -> 619.2 | T36: =R36+S36 -> 4668.4
A37: =IF(ISERROR(MATCH(E37,Код_КВР,0)),"",INDIRECT(ADDRESS(MATCH(E37,Код_КВР,0)+1,2,,,"КВР"))) -> Субсидии автономным учреждениям на иные цели | B37: 01 0 0002 | C37: 07 | D37: 09 | E37: 622 | M37: =прил.6!N719 -> 1917.5 | N37: =L37+M37 -> 1917.5 | O37: =прил.6!P719 -> 0 | P37: =N37+O37 -> 1917.5 | Q37: =прил.6!R719 -> 0 | R37: =P37+Q37 -> 1917.5 | S37: =прил.6!T719 -> -200 | T37: =R37+S37 -> 1717.5
A38: =IF(ISERROR(MATCH(B38,Код_КЦСР,0)),"",INDIRECT(ADDRESS(MATCH(B38,Код_КЦСР,0)+1,2,,,"КЦСР"))) -> Обеспечение работы по организации и ведению бухгалтерского (бюджетного) учета и отчетности | B38: 01 0 0003 | F38: =F39 -> 43113.9 | G38: =G39 -> 0 | H38: =F38+G38 -> 43113.9 | I38: =I39 -> 0 | J38: =H38+I38 -> 43113.9 | K38: =K39 -> -27.9 | L38: =J38+K38 -> 43086 | M38: =M39 -> 0 | N38: =L38+M38 -> 43086 | O38: =O39 -> 0 | P38: =N38+O38 -> 43086 | Q38: =Q39 -> 0 | R38: =P38+Q38 -> 43086 | S38: =S39 -> 0 | T38: =R38+S38 -> 43086
A39: =IF(ISERROR(MATCH(C39,Код_Раздел,0)),"",INDIRECT(ADDRESS(MATCH(C39,Код_Раздел,0)+1,2,,,"Раздел"))) -> Образование | B39: 01 0 0003 | C39: 07 | F39: =F40 -> 43113.9 | G39: =G40 -> 0 | H39: =F39+G39 -> 43113.9 | I39: =I40 -> 0 | J39: =H39+I39 -> 43113.9 | K39: =K40 -> -27.9 | L39: =J39+K39 -> 43086 | M39: =M40 -> 0 | N39: =L39+M39 -> 43086 | O39: =O40 -> 0 | P39: =N39+O39 -> 43086 | Q39: =Q40 -> 0 | R39: =P39+Q39 -> 43086 | S39: =S40 -> 0 | T39: =R39+S39 -> 43086
A40: Другие вопросы в области образования | B40: 01 0 0003 | C40: 07 | D40: 09 | F40: =F41 -> 43113.9 | G40: =G41 -> 0 | H40: =F40+G40 -> 43113.9 | I40: =I41 -> 0 | J40: =H40+I40 -> 43113.9 | K40: =K41 -> -27.9 | L40: =J40+K40 -> 43086 | M40: =M41 -> 0 | N40: =L40+M40 -> 43086 | O40: =O41 -> 0 | P40: =N40+O40 -> 43086 | Q40: =Q41 -> 0 | R40: =P40+Q40 -> 43086 | S40: =S41 -> 0 | T40: =R40+S40 -> 43086
A41: =IF(ISERROR(MATCH(E41,Код_КВР,0)),"",INDIRECT(ADDRESS(MATCH(E41,Код_КВР,0)+1,2,,,"КВР"))) -> Предоставление субсидий бюджетным, автономным учреждениям и иным некоммерческим организациям | B41: 01 0 0003 | C41: 07 | D41: 09 | E41: 600 | F41: =F42 -> 43113.9 | G41: =G42 -> 0 | H41: =F41+G41 -> 43113.9 | I41: =I42 -> 0 | J41: =H41+I41 -> 43113.9 | K41: =K42 -> -27.9 | L41: =J41+K41 -> 43086 | M41: =M42 -> 0 | N41: =L41+M41 -> 43086 | O41: =O42 -> 0 | P41: =N41+O41 -> 43086 | Q41: =Q42 -> 0 | R41: =P41+Q41 -> 43086 | S41: =S42 -> 0 | T41: =R41+S41 -> 43086
A42: =IF(ISERROR(MATCH(E42,Код_КВР,0)),"",INDIRECT(ADDRESS(MATCH(E42,Код_КВР,0)+1,2,,,"КВР"))) -> Субсидии бюджетным учреждениям | B42: 01 0 0003 | C42: 07 | D42: 09 | E42: 610 | F42: =F43 -> 43113.9 | G42: =G43 -> 0 | H42: =F42+G42 -> 43113.9 | I42: =I43 -> 0 | J42: =H42+I42 -> 43113.9 | K42: =K43 -> -27.9 | L42: =J42+K42 -> 43086 | M42: =M43 -> 0 | N42: =L42+M42 -> 43086 | O42: =O43 -> 0 | P42: =N42+O42 -> 43086 | Q42: =Q43 -> 0 | R42: =P42+Q42 -> 43086 | S42: =S43 -> 0 | T42: =R42+S42 -> 43086
A43: =IF(ISERROR(MATCH(E43,Код_КВР,0)),"",INDIRECT(ADDRESS(MATCH(E43,Код_КВР,0)+1,2,,,"КВР"))) -> Субсидии бюджетным учреждениям на финансовое обеспечение муниципального задания на оказание муниципальных услуг (выполнение работ) | B43: 01 0 0003 | C43: 07 | D43: 09 | E43: 611 | F43: =прил.6!G723 -> 43113.9 | G43: =прил.6!H723 -> 0 | H43: =F43+G43 -> 43113.9 | I43: =прил.6!J723 -> 0 | J43: =H43+I43 -> 43113.9 | K43: =прил.6!L723 -> -27.9 | L43: =J43+K43 -> 43086 | M43: =прил.6!N723 -> 0 | N43: =L43+M43 -> 43086 | O43: =прил.6!P723 -> 0 | P43: =N43+O43 -> 43086 | Q43: =прил.6!R723 -> 0 | R43: =P43+Q43 -> 43086 | S43: =прил.6!T723 -> 0 | T43: =R43+S43 -> 43086
A44: =IF(ISERROR(MATCH(B44,Код_КЦСР,0)),"",INDIRECT(ADDRESS(MATCH(B44,Код_КЦСР,0)+1,2,,,"КЦСР"))) -> Обеспечение питанием обучающихся в МОУ за счет субвенций из областного бюджета | B44: 01 0 7204 | F44: =F45 -> 18137.8 | G44: =G45 -> 0 | H44: =F44+G44 -> 18137.8 | I44: =I45 -> 0 | J44: =H44+I44 -> 18137.8 | K44: =K45 -> 0 | L44: =J44+K44 -> 18137.8 | M44: =M45 -> 0 | N44: =L44+M44 -> 18137.8 | O44: =O45 -> 0 | P44: =N44+O44 -> 18137.8 | Q44: =Q45 -> -2188.2 | R44: =P44+Q44 -> 15949.6 | S44: =S45 -> -1399.9 | T44: =R44+S44 -> 14549.7
A45: =IF(ISERROR(MATCH(C45,Код_Раздел,0)),"",INDIRECT(ADDRESS(MATCH(C45,Код_Раздел,0)+1,2,,,"Раздел"))) -> Образование | B45: 01 0 7204 | C45: 07 | F45: =F46 -> 18137.8 | G45: =G46 -> 0 | H45: =F45+G45 -> 18137.8 | I45: =I46 -> 0 | J45: =H45+I45 -> 18137.8 | K45: =K46 -> 0 | L45: =J45+K45 -> 18137.8 | M45: =M46 -> 0 | N45: =L45+M45 -> 18137.8 | O45: =O46 -> 0 | P45: =N45+O45 -> 18137.8 | Q45: =Q46 -> -2188.2 | R45: =P45+Q45 -> 15949.6 | S45: =S46 -> -1399.9 | T45: =R45+S45 -> 14549.7
A46: Другие вопросы в области образования | B46: 01 0 7204 | C46: 07 | D46: 09 | F46: =F47 -> 18137.8 | G46: =G47 -> 0 | H46: =F46+G46 -> 18137.8 | I46: =I47 -> 0 | J46: =H46+I46 -> 18137.8 | K46: =K47 -> 0 | L46: =J46+K46 -> 18137.8 | M46: =M47 -> 0 | N46: =L46+M46 -> 18137.8 | O46: =O47 -> 0 | P46: =N46+O46 -> 18137.8 | Q46: =Q47 -> -2188.2 | R46: =P46+Q46 -> 15949.6 | S46: =S47 -> -1399.9 | T46: =R46+S46 -> 14549.7
A47: =IF(ISERROR(MATCH(E47,Код_КВР,0)),"",INDIRECT(ADDRESS(MATCH(E47,Код_КВР,0)+1,2,,,"КВР"))) -> Предоставление субсидий бюджетным, автономным учреждениям и иным некоммерческим организациям | B47: 01 0 7204 | C47: 07 | D47: 09 | E47: 600 | F47: =F48 -> 18137.8 | G47: =G48 -> 0 | H47: =F47+G47 -> 18137.8 | I47: =I48+I50 -> 0 | J47: =H47+I47 -> 18137.8 | K47: =K48+K50 -> 0 | L47: =J47+K47 -> 18137.8 | M47: =M48+M50 -> 0 | N47: =L47+M47 -> 18137.8 | O47: =O48+O50 -> 0 | P47: =N47+O47 -> 18137.8 | Q47: =Q48+Q50 -> -2188.2 | R47: =P47+Q47 -> 15949.6 | S47: =S48+S50 -> -1399.9 | T47: =R47+S47 -> 14549.7
A48: =IF(ISERROR(MATCH(E48,Код_КВР,0)),"",INDIRECT(ADDRESS(MATCH(E48,Код_КВР,0)+1,2,,,"КВР"))) -> Субсидии бюджетным учреждениям | B48: 01 0 7204 | C48: 07 | D48: 09 | E48: 610 | F48: =F49 -> 18137.8 | G48: =G49 -> 0 | H48: =F48+G48 -> 18137.8 | I48: =I49 -> -12299.8 | J48: =H48+I48 -> 5838 | K48: =K49 -> 0 | L48: =J48+K48 -> 5838 | M48: =M49 -> 0 | N48: =L48+M48 -> 5838 | O48: =O49 -> 0 | P48: =N48+O48 -> 5838 | Q48: =Q49 -> -614.2 | R48: =P48+Q48 -> 5223.8 | S48: =S49 -> 0 | T48: =R48+S48 -> 5223.8
A49: =IF(ISERROR(MATCH(E49,Код_КВР,0)),"",INDIRECT(ADDRESS(MATCH(E49,Код_КВР,0)+1,2,,,"КВР"))) -> Субсидии бюджетным учреждениям на финансовое обеспечение муниципального задания на оказание муниципальных услуг (выполнение работ) | B49: 01 0 7204 | C49: 07 | D49: 09 | E49: 611 | F49: =прил.6!G727 -> 18137.8 | G49: =прил.6!H727 -> 0 | H49: =F49+G49 -> 18137.8 | I49: =прил.6!J727 -> -12299.8 | J49: =H49+I49 -> 5838 | K49: =прил.6!L727 -> 0 | L49: =J49+K49 -> 5838 | M49: =прил.6!N727 -> 0 | N49: =L49+M49 -> 5838 | O49: =прил.6!P727 -> 0 | P49: =N49+O49 -> 5838 | Q49: =прил.6!R727 -> -614.2 | R49: =P49+Q49 -> 5223.8 | S49: =прил.6!T727 -> 0 | T49: =R49+S49 -> 5223.8
A50: =IF(ISERROR(MATCH(E50,Код_КВР,0)),"",INDIRECT(ADDRESS(MATCH(E50,Код_КВР,0)+1,2,,,"КВР"))) -> Субсидии автономным учреждениям | B50: 01 0 7204 | C50: 07 | D50: 09 | E50: 620 | I50: =I51 -> 12299.8 | J50: =H50+I50 -> 12299.8 | K50: =K51 -> 0 | L50: =J50+K50 -> 12299.8 | M50: =M51 -> 0 | N50: =L50+M50 -> 12299.8 | O50: =O51 -> 0 | P50: =N50+O50 -> 12299.8 | Q50: =Q51 -> -1574 | R50: =P50+Q50 -> 10725.8 | S50: =S51 -> -1399.9 | T50: =R50+S50 -> 9325.9
A51: =IF(ISERROR(MATCH(E51,Код_КВР,0)),"",INDIRECT(ADDRESS(MATCH(E51,Код_КВР,0)+1,2,,,"КВР"))) -> Субсидии автономным учреждениям на финансовое обеспечение муниципального задания на оказание муниципальных услуг (выполнение работ) | B51: 01 0 7204 | C51: 07 | D51: 09 | E51: 621 | I51: =прил.6!J729 -> 12299.8 | J51: =H51+I51 -> 12299.8 | K51: =прил.6!L729 -> 0 | L51: =J51+K51 -> 12299.8 | M51: =прил.6!N729 -> 0 | N51: =L51+M51 -> 12299.8 | O51: =прил.6!P729 -> 0 | P51: =N51+O51 -> 12299.8 | Q51: =прил.6!R729 -> -1574 | R51: =P51+Q51 -> 10725.8 | S51: =прил.6!T729 -> -1399.9 | T51: =R51+S51 -> 9325.9
A52: =IF(ISERROR(MATCH(B52,Код_КЦСР,0)),"",INDIRECT(ADDRESS(MATCH(B52,Код_КЦСР,0)+1,2,,,"КЦСР"))) -> Дошкольное образование | B52: 01 1 0000 | F52: =F53+F61+F69 -> 1368058.9 | G52: =G53+G61+G69 -> 0 | H52: =F52+G52 -> 1368058.9 | I52: =I53+I61+I69 -> 0 | J52: =H52+I52 -> 1368058.9 | K52: =K53+K61+K69 -> -167.8 | L52: =J52+K52 -> 1367891.1 | M52: =M53+M61+M69 -> -2500 | N52: =L52+M52 -> 1365391.1 | O52: =O53+O61+O69 -> 0 | P52: =N52+O52 -> 1365391.1 | Q52: =Q53+Q61+Q69 -> 24246.1 | R52: =P52+Q52 -> 1389637.2 | S52: =S53+S61+S69 -> 15422.4 | T52: =R52+S52 -> 1405059.6
A53: =IF(ISERROR(MATCH(B53,Код_КЦСР,0)),"",INDIRECT(ADDRESS(MATCH(B53,Код_КЦСР,0)+1,2,,,"КЦСР"))) -> Создание условий для осуществления присмотра и ухода за детьми в муниципальных дошкольных образовательных учреждениях, реализующих основную образовательную программу дошкольного образования | B53: 01 1 0002 | F53: =F54 -> 242839.9 | G53: =G54 -> 0 | H53: =F53+G53 -> 242839.9 | I53: =I54 -> 0 | J53: =H53+I53 -> 242839.9 | K53: =K54 -> -167.8 | L53: =J53+K53 -> 242672.1 | M53: =M54 -> -2500 | N53: =L53+M53 -> 240172.1 | O53: =O54 -> 0 | P53: =N53+O53 -> 240172.1 | Q53: =Q54 -> 0 | R53: =P53+Q53 -> 240172.1 | S53: =S54 -> 0 | T53: =R53+S53 -> 240172.1
A54: =IF(ISERROR(MATCH(C54,Код_Раздел,0)),"",INDIRECT(ADDRESS(MATCH(C54,Код_Раздел,0)+1,2,,,"Раздел"))) -> Образование | B54: 01 1 0002 | C54: 07 | F54: =F55 -> 242839.9 | G54: =G55 -> 0 | H54: =F54+G54 -> 242839.9 | I54: =I55 -> 0 | J54: =H54+I54 -> 242839.9 | K54: =K55 -> -167.8 | L54: =J54+K54 -> 242672.1 | M54: =M55 -> -2500 | N54: =L54+M54 -> 240172.1 | O54: =O55 -> 0 | P54: =N54+O54 -> 240172.1 | Q54: =Q55 -> 0 | R54: =P54+Q54 -> 240172.1 | S54: =S55 -> 0 | T54: =R54+S54 -> 240172.1
A55: Дошкольное образование | B55: 01 1 0002 | C55: 07 | D55: 01 | F55: =F56 -> 242839.9 | G55: =G56 -> 0 | H55: =F55+G55 -> 242839.9 | I55: =I56 -> 0 | J55: =H55+I55 -> 242839.9 | K55: =K56 -> -167.8 | L55: =J55+K55 -> 242672.1 | M55: =M56 -> -2500 | N55: =L55+M55 -> 240172.1 | O55: =O56 -> 0 | P55: =N55+O55 -> 240172.1 | Q55: =Q56 -> 0 | R55: =P55+Q55 -> 240172.1 | S55: =S56 -> 0 | T55: =R55+S55 -> 240172.1
A56: =IF(ISERROR(MATCH(E56,Код_КВР,0)),"",INDIRECT(ADDRESS(MATCH(E56,Код_КВР,0)+1,2,,,"КВР"))) -> Предоставление субсидий бюджетным, автономным учреждениям и иным некоммерческим организациям | B56: 01 1 0002 | C56: 07 | D56: 01 | E56: 600 | F56: =F57+F59 -> 242839.9 | G56: =G57+G59 -> 0 | H56: =F56+G56 -> 242839.9 | I56: =I57+I59 -> 0 | J56: =H56+I56 -> 242839.9 | K56: =K57+K59 -> -167.8 | L56: =J56+K56 -> 242672.1 | M56: =M57+M59 -> -2500 | N56: =L56+M56 -> 240172.1 | O56: =O57+O59 -> 0 | P56: =N56+O56 -> 240172.1 | Q56: =Q57+Q59 -> 0 | R56: =P56+Q56 -> 240172.1 | S56: =S57+S59 -> 0 | T56: =R56+S56 -> 240172.1
A57: =IF(ISERROR(MATCH(E57,Код_КВР,0)),"",INDIRECT(ADDRESS(MATCH(E57,Код_КВР,0)+1,2,,,"КВР"))) -> Субсидии бюджетным учреждениям | B57: 01 1 0002 | C57: 07 | D57: 01 | E57: 610 | F57: =F58 -> 221390.7 | G57: =G58 -> 0 | H57: =F57+G57 -> 221390.7 | I57: =I58 -> 0 | J57: =H57+I57 -> 221390.7 | K57: =K58 -> 0 | L57: =J57+K57 -> 221390.7 | M57: =M58 -> -2500 | N57: =L57+M57 -> 218890.7 | O57: =O58 -> 0 | P57: =N57+O57 -> 218890.7 | Q57: =Q58 -> 0 | R57: =P57+Q57 -> 218890.7 | S57: =S58 -> 0 | T57: =R57+S57 -> 218890.7
A58: =IF(ISERROR(MATCH(E58,Код_КВР,0)),"",INDIRECT(ADDRESS(MATCH(E58,Код_КВР,0)+1,2,,,"КВР"))) -> Субсидии бюджетным учреждениям на финансовое обеспечение муниципального задания на оказание муниципальных услуг (выполнение работ) | B58: 01 1 0002 | C58: 07 | D58: 01 | E58: 611 | F58: =прил.6!G592 -> 221390.7 | G58: =прил.6!H592 -> 0 | H58: =F58+G58 -> 221390.7 | I58: =прил.6!J592 -> 0 | J58: =H58+I58 -> 221390.7 | K58: =прил.6!L592 -> 0 | L58: =J58+K58 -> 221390.7 | M58: =прил.6!N592 -> -2500 | N58: =L58+M58 -> 218890.7 | O58: =прил.6!P592 -> 0 | P58: =N58+O58 -> 218890.7 | Q58: =прил.6!R592 -> 0 | R58: =P58+Q58 -> 218890.7 | S58: =прил.6!T592 -> 0 | T58: =R58+S58 -> 218890.7
A59: =IF(ISERROR(MATCH(E59,Код_КВР,0)),"",INDIRECT(ADDRESS(MATCH(E59,Код_КВР,0)+1,2,,,"КВР"))) -> Субсидии автономным учреждениям | B59: 01 1 0002 | C59: 07 | D59: 01 | E59: 620 | F59: =F60 -> 21449.2 | G59: =G60 -> 0 | H59: =F59+G59 -> 21449.2 | I59: =I60 -> 0 | J59: =H59+I59 -> 21449.2 | K59: =K60 -> -167.8 | L59: =J59+K59 -> 21281.4 | M59: =M60 -> 0 | N59: =L59+M59 -> 21281.4 | O59: =O60 -> 0 | P59: =N59+O59 -> 21281.4 | Q59: =Q60 -> 0 | R59: =P59+Q59 -> 21281.4 | S59: =S60 -> 0 | T59: =R59+S59 -> 21281.4
A60: =IF(ISERROR(MATCH(E60,Код_КВР,0)),"",INDIRECT(ADDRESS(MATCH(E60,Код_КВР,0)+1,2,,,"КВР"))) -> Субсидии автономным учреждениям на финансовое обеспечение муниципального задания на оказание муниципальных услуг (выполнение работ) | B60: 01 1 0002 | C60: 07 | D60: 01 | E60: 621 | F60: =прил.6!G594 -> 21449.2 | G60: =прил.6!H594 -> 0 | H60: =F60+G60 -> 21449.2 | I60: =прил.6!J594 -> 0 | J60: =H60+I60 -> 21449.2 | K60: =прил.6!L594 -> -167.8 | L60: =J60+K60 -> 21281.4 | M60: =прил.6!N594 -> 0 | N60: =L60+M60 -> 21281.4 | O60: =прил.6!P594 -> 0 | P60: =N60+O60 -> 21281.4 | Q60: =прил.6!R594 -> 0 | R60: =P60+Q60 -> 21281.4 | S60: =прил.6!T594 -> 0 | T60: =R60+S60 -> 21281.4
A61: =IF(ISERROR(MATCH(B61,Код_КЦСР,0)),"",INDIRECT(ADDRESS(MATCH(B61,Код_КЦСР,0)+1,2,,,"КЦСР"))) -> Организация предоставления общедоступного и бесплатного дошкольного образования в муниципальных дошкольных образовательных учреждениях за счет субвенций из областного бюджета | B61: 01 1 7209 | F61: =F62 -> 1061249.7 | G61: =G62 -> 0 | H61: =F61+G61 -> 1061249.7 | I61: =I62 -> 0 | J61: =H61+I61 -> 1061249.7 | K61: =K62 -> 0 | L61: =J61+K61 -> 1061249.7 | M61: =M62 -> 0 | N61: =L61+M61 -> 1061249.7 | O61: =O62 -> 0 | P61: =N61+O61 -> 1061249.7 | Q61: =Q62 -> 30649.8 | R61: =P61+Q61 -> 1091899.5 | S61: =S62 -> 13306 | T61: =R61+S61 -> 1105205.5
A62: =IF(ISERROR(MATCH(C62,Код_Раздел,0)),"",INDIRECT(ADDRESS(MATCH(C62,Код_Раздел,0)+1,2,,,"Раздел"))) -> Образование | B62: 01 1 7209 | C62: 07 | F62: =F63 -> 1061249.7 | G62: =G63 -> 0 | H62: =F62+G62 -> 1061249.7 | I62: =I63 -> 0 | J62: =H62+I62 -> 1061249.7 | K62: =K63 -> 0 | L62: =J62+K62 -> 1061249.7 | M62: =M63 -> 0 | N62: =L62+M62 -> 1061249.7 | O62: =O63 -> 0 | P62: =N62+O62 -> 1061249.7 | Q62: =Q63 -> 30649.8 | R62: =P62+Q62 -> 1091899.5 | S62: =S63 -> 13306 | T62: =R62+S62 -> 1105205.5
A63: Дошкольное образование | B63: 01 1 7209 | C63: 07 | D63: 01 | F63: =F64 -> 1061249.7 | G63: =G64 -> 0 | H63: =F63+G63 -> 1061249.7 | I63: =I64 -> 0 | J63: =H63+I63 -> 1061249.7 | K63: =K64 -> 0 | L63: =J63+K63 -> 1061249.7 | M63: =M64 -> 0 | N63: =L63+M63 -> 1061249.7 | O63: =O64 -> 0 | P63: =N63+O63 -> 1061249.7 | Q63: =Q64 -> 30649.8 | R63: =P63+Q63 -> 1091899.5 | S63: =S64 -> 13306 | T63: =R63+S63 -> 1105205.5
A64: =IF(ISERROR(MATCH(E64,Код_КВР,0)),"",INDIRECT(ADDRESS(MATCH(E64,Код_КВР,0)+1,2,,,"КВР"))) -> Предоставление субсидий бюджетным, автономным учреждениям и иным некоммерческим организациям | B64: 01 1 7209 | C64: 07 | D64: 01 | E64: 600 | F64: =F65+F67 -> 1061249.7 | G64: =G65+G67 -> 0 | H64: =F64+G64 -> 1061249.7 | I64: =I65+I67 -> 0 | J64: =H64+I64 -> 1061249.7 | K64: =K65+K67 -> 0 | L64: =J64+K64 -> 1061249.7 | M64: =M65+M67 -> 0 | N64: =L64+M64 -> 1061249.7 | O64: =O65+O67 -> 0 | P64: =N64+O64 -> 1061249.7 | Q64: =Q65+Q67 -> 30649.8 | R64: =P64+Q64 -> 1091899.5 | S64: =S65+S67 -> 13306 | T64: =R64+S64 -> 1105205.5
A65: =IF(ISERROR(MATCH(E65,Код_КВР,0)),"",INDIRECT(ADDRESS(MATCH(E65,Код_КВР,0)+1,2,,,"КВР"))) -> Субсидии бюджетным учреждениям | B65: 01 1 7209 | C65: 07 | D65: 01 | E65: 610 | F65: =F66 -> 997794.8 | G65: =G66 -> 0 | H65: =F65+G65 -> 997794.8 | I65: =I66 -> 0 | J65: =H65+I65 -> 997794.8 | K65: =K66 -> 0 | L65: =J65+K65 -> 997794.8 | M65: =M66 -> 0 | N65: =L65+M65 -> 997794.8 | O65: =O66 -> 0 | P65: =N65+O65 -> 997794.8 | Q65: =Q66 -> 28969.3 | R65: =P65+Q65 -> 1026764.1 | S65: =S66 -> 16536.8 | T65: =R65+S65 -> 1043300.9
A66: =IF(ISERROR(MATCH(E66,Код_КВР,0)),"",INDIRECT(ADDRESS(MATCH(E66,Код_КВР,0)+1,2,,,"КВР"))) -> Субсидии бюджетным учреждениям на финансовое обеспечение муниципального задания на оказание муниципальных услуг (выполнение работ) | B66: 01 1 7209 | C66: 07 | D66: 01 | E66: 611 | F66: =прил.6!G598 -> 997794.8 | G66: =прил.6!H598 -> 0 | H66: =F66+G66 -> 997794.8 | I66: =прил.6!J598 -> 0 | J66: =H66+I66 -> 997794.8 | K66: =прил.6!L598 -> 0 | L66: =J66+K66 -> 997794.8 | M66: =прил.6!N598 -> 0 | N66: =L66+M66 -> 997794.8 | O66: =прил.6!P598 -> 0 | P66: =N66+O66 -> 997794.8 | Q66: =прил.6!R598 -> 28969.3 | R66: =P66+Q66 -> 1026764.1 | S66: =прил.6!T598 -> 16536.8 | T66: =R66+S66 -> 1043300.9
A67: =IF(ISERROR(MATCH(E67,Код_КВР,0)),"",INDIRECT(ADDRESS(MATCH(E67,Код_КВР,0)+1,2,,,"КВР"))) -> Субсидии автономным учреждениям | B67: 01 1 7209 | C67: 07 | D67: 01 | E67: 620 | F67: =F68 -> 63454.9 | G67: =G68 -> 0 | H67: =F67+G67 -> 63454.9 | I67: =I68 -> 0 | J67: =H67+I67 -> 63454.9 | K67: =K68 -> 0 | L67: =J67+K67 -> 63454.9 | M67: =M68 -> 0 | N67: =L67+M67 -> 63454.9 | O67: =O68 -> 0 | P67: =N67+O67 -> 63454.9 | Q67: =Q68 -> 1680.5 | R67: =P67+Q67 -> 65135.4 | S67: =S68 -> -3230.8 | T67: =R67+S67 -> 61904.6
A68: =IF(ISERROR(MATCH(E68,Код_КВР,0)),"",INDIRECT(ADDRESS(MATCH(E68,Код_КВР,0)+1,2,,,"КВР"))) -> Субсидии автономным учреждениям на финансовое обеспечение муниципального задания на оказание муниципальных услуг (выполнение работ) | B68: 01 1 7209 | C68: 07 | D68: 01 | E68: 621 | F68: =прил.6!G600 -> 63454.9 | G68: =прил.6!H600 -> 0 | H68: =F68+G68 -> 63454.9 | I68: =прил.6!J600 -> 0 | J68: =H68+I68 -> 63454.9 | K68: =прил.6!L600 -> 0 | L68: =J68+K68 -> 63454.9 | M68: =прил.6!N600 -> 0 | N68: =L68+M68 -> 63454.9 | O68: =прил.6!P600 -> 0 | P68: =N68+O68 -> 63454.9 | Q68: =прил.6!R600 -> 1680.5 | R68: =P68+Q68 -> 65135.4 | S68: =прил.6!T600 -> -3230.8 | T68: =R68+S68 -> 61904.6
A69: =IF(ISERROR(MATCH(B69,Код_КЦСР,0)),"",INDIRECT(ADDRESS(MATCH(B69,Код_КЦСР,0)+1,2,,,"КЦСР"))) -> Оказание содействия родителям (законным представителям) детей, посещающих дошкольные образовательные учреждения, реализующие основную образовательную программу дошкольного образования за счет субвенций из областного бюджета | B69: 01 1 7210 | F69: =F70 -> 63969.3 | G69: =G70 -> 0 | H69: =F69+G69 -> 63969.3 | I69: =I70 -> 0 | J69: =H69+I69 -> 63969.3 | K69: =K70 -> 0 | L69: =J69+K69 -> 63969.3 | M69: =M70 -> 0 | N69: =L69+M69 -> 63969.3 | O69: =O70 -> 0 | P69: =N69+O69 -> 63969.3 | Q69: =Q70 -> -6403.7 | R69: =P69+Q69 -> 57565.6 | S69: =S70 -> 2116.4 | T69: =R69+S69 -> 59682
A70: =IF(ISERROR(MATCH(C70,Код_Раздел,0)),"",INDIRECT(ADDRESS(MATCH(C70,Код_Раздел,0)+1,2,,,"Раздел"))) -> Социальная политика | B70: 01 1 7210 | C70: 10 | F70: =F71 -> 63969.3 | G70: =G71 -> 0 | H70: =F70+G70 -> 63969.3 | I70: =I71 -> 0 | J70: =H70+I70 -> 63969.3 | K70: =K71 -> 0 | L70: =J70+K70 -> 63969.3 | M70: =M71 -> 0 | N70: =L70+M70 -> 63969.3 | O70: =O71 -> 0 | P70: =N70+O70 -> 63969.3 | Q70: =Q71 -> -6403.7 | R70: =P70+Q70 -> 57565.6 | S70: =S71 -> 2116.4 | T70: =R70+S70 -> 59682
A71: Охрана семьи и детства | B71: 01 1 7210 | C71: 10 | D71: 04 | F71: =F72 -> 63969.3 | G71: =G72 -> 0 | H71: =F71+G71 -> 63969.3 | I71: =I72 -> 0 | J71: =H71+I71 -> 63969.3 | K71: =K72 -> 0 | L71: =J71+K71 -> 63969.3 | M71: =M72 -> 0 | N71: =L71+M71 -> 63969.3 | O71: =O72 -> 0 | P71: =N71+O71 -> 63969.3 | Q71: =Q72 -> -6403.7 | R71: =P71+Q71 -> 57565.6 | S71: =S72 -> 2116.4 | T71: =R71+S71 -> 59682
A72: =IF(ISERROR(MATCH(E72,Код_КВР,0)),"",INDIRECT(ADDRESS(MATCH(E72,Код_КВР,0)+1,2,,,"КВР"))) -> Социальное обеспечение и иные выплаты населению | B72: 01 1 7210 | C72: 10 | D72: 04 | E72: 300 | F72: =F73 -> 63969.3 | G72: =G73 -> 0 | H72: =F72+G72 -> 63969.3 | I72: =I73 -> 0 | J72: =H72+I72 -> 63969.3 | K72: =K73 -> 0 | L72: =J72+K72 -> 63969.3 | M72: =M73 -> 0 | N72: =L72+M72 -> 63969.3 | O72: =O73 -> 0 | P72: =N72+O72 -> 63969.3 | Q72: =Q73 -> -6403.7 | R72: =P72+Q72 -> 57565.6 | S72: =S73 -> 2116.4 | T72: =R72+S72 -> 59682
A73: =IF(ISERROR(MATCH(E73,Код_КВР,0)),"",INDIRECT(ADDRESS(MATCH(E73,Код_КВР,0)+1,2,,,"КВР"))) -> Социальные выплаты гражданам, кроме публичных нормативных социальных выплат | B73: 01 1 7210 | C73: 10 | D73: 04 | E73: 320 | F73: =F74 -> 63969.3 | G73: =G74 -> 0 | H73: =F73+G73 -> 63969.3 | I73: =I74 -> 0 | J73: =H73+I73 -> 63969.3 | K73: =K74 -> 0 | L73: =J73+K73 -> 63969.3 | M73: =M74 -> 0 | N73: =L73+M73 -> 63969.3 | O73: =O74 -> 0 | P73: =N73+O73 -> 63969.3 | Q73: =Q74 -> -6403.7 | R73: =P73+Q73 -> 57565.6 | S73: =S74 -> 2116.4 | T73: =R73+S73 -> 59682
A74: =IF(ISERROR(MATCH(E74,Код_КВР,0)),"",INDIRECT(ADDRESS(MATCH(E74,Код_КВР,0)+1,2,,,"КВР"))) -> Пособия, компенсации и иные социальные выплаты гражданам, кроме публичных нормативных обязательств | B74: 01 1 7210 | C74: 10 | D74: 04 | E74: 321 | F74: =прил.6!G844 -> 63969.3 | G74: =прил.6!H844 -> 0 | H74: =F74+G74 -> 63969.3 | I74: =прил.6!J844 -> 0 | J74: =H74+I74 -> 63969.3 | K74: =прил.6!L844 -> 0 | L74: =J74+K74 -> 63969.3 | M74: =прил.6!N844 -> 0 | N74: =L74+M74 -> 63969.3 | O74: =прил.6!P844 -> 0 | P74: =N74+O74 -> 63969.3 | Q74: =прил.6!R844 -> -6403.7 | R74: =P74+Q74 -> 57565.6 | S74: =прил.6!T844 -> 2116.4 | T74: =R74+S74 -> 59682
A75: =IF(ISERROR(MATCH(B75,Код_КЦСР,0)),"",INDIRECT(ADDRESS(MATCH(B75,Код_КЦСР,0)+1,2,,,"КЦСР"))) -> Общее образование | B75: 01 2 0000 | F75: =F76+F84+F90+F96+F106+F112 -> 1347878.2 | G75: =G76+G84+G90+G96+G106+G112 -> 0 | H75: =F75+G75 -> 1347878.2 | I75: =I76+I84+I90+I96+I106+I112 -> 0 | J75: =H75+I75 -> 1347878.2 | K75: =K76+K84+K90+K96+K106+K112 -> 0 | L75: =J75+K75 -> 1347878.2 | M75: =M76+M84+M90+M96+M106+M112 -> -2877.3 | N75: =L75+M75 -> 1345000.9 | O75: =O76+O84+O90+O96+O106+O112 -> 10 | P75: =N75+O75 -> 1345010.9 | Q75: =Q76+Q84+Q90+Q96+Q106+Q112 -> 6660.5 | R75: =P75+Q75 -> 1351671.4 | S75: =S76+S84+S90+S96+S106+S112 -> 6172.5 | T75: =R75+S75 -> 1357843.9
A76: =IF(ISERROR(MATCH(B76,Код_КЦСР,0)),"",INDIRECT(ADDRESS(MATCH(B76,Код_КЦСР,0)+1,2,,,"КЦСР"))) -> Организация предоставления общедоступного и бесплатного начального общего, основного общего, среднего общего образования в муниципальных общеобразовательных учреждениях | B76: 01 2 0001 | F76: =F77 -> 159038.2 | G76: =G77 -> 0 | H76: =F76+G76 -> 159038.2 | I76: =I77 -> 0 | J76: =H76+I76 -> 159038.2 | K76: =K77 -> 0 | L76: =J76+K76 -> 159038.2 | M76: =M77 -> -2877.3 | N76: =L76+M76 -> 156160.9 | O76: =O77 -> 0 | P76: =N76+O76 -> 156160.9 | Q76: =Q77 -> 0 | R76: =P76+Q76 -> 156160.9 | S76: =S77 -> 0 | T76: =R76+S76 -> 156160.9
A77: =IF(ISERROR(MATCH(C77,Код_Раздел,0)),"",INDIRECT(ADDRESS(MATCH(C77,Код_Раздел,0)+1,2,,,"Раздел"))) -> Образование | B77: 01 2 0001 | C77: 07 | F77: =F78 -> 159038.2 | G77: =G78 -> 0 | H77: =F77+G77 -> 159038.2 | I77: =I78 -> 0 | J77: =H77+I77 -> 159038.2 | K77: =K78 -> 0 | L77: =J77+K77 -> 159038.2 | M77: =M78 -> -2877.3 | N77: =L77+M77 -> 156160.9 | O77: =O78 -> 0 | P77: =N77+O77 -> 156160.9 | Q77: =Q78 -> 0 | R77: =P77+Q77 -> 156160.9 | S77: =S78 -> 0 | T77: =R77+S77 -> 156160.9
A78: Общее образование | B78: 01 2 0001 | C78: 07 | D78: 02 | F78: =F79 -> 159038.2 | G78: =G79 -> 0 | H78: =F78+G78 -> 159038.2 | I78: =I79 -> 0 | J78: =H78+I78 -> 159038.2 | K78: =K79 -> 0 | L78: =J78+K78 -> 159038.2 | M78: =M79 -> -2877.3 | N78: =L78+M78 -> 156160.9 | O78: =O79 -> 0 | P78: =N78+O78 -> 156160.9 | Q78: =Q79 -> 0 | R78: =P78+Q78 -> 156160.9 | S78: =S79 -> 0 | T78: =R78+S78 -> 156160.9
A79: =IF(ISERROR(MATCH(E79,Код_КВР,0)),"",INDIRECT(ADDRESS(MATCH(E79,Код_КВР,0)+1,2,,,"КВР"))) -> Предоставление субсидий бюджетным, автономным учреждениям и иным некоммерческим организациям | B79: 01 2 0001 | C79: 07 | D79: 02 | E79: 600 | F79: =F80+F82 -> 159038.2 | G79: =G80+G82 -> 0 | H79: =F79+G79 -> 159038.2 | I79: =I80+I82 -> 0 | J79: =H79+I79 -> 159038.2 | K79: =K80+K82 -> 0 | L79: =J79+K79 -> 159038.2 | M79: =M80+M82 -> -2877.3 | N79: =L79+M79 -> 156160.9 | O79: =O80+O82 -> 0 | P79: =N79+O79 -> 156160.9 | Q79: =Q80+Q82 -> 0 | R79: =P79+Q79 -> 156160.9 | S79: =S80+S82 -> 0 | T79: =R79+S79 -> 156160.9
A80: =IF(ISERROR(MATCH(E80,Код_КВР,0)),"",INDIRECT(ADDRESS(MATCH(E80,Код_КВР,0)+1,2,,,"КВР"))) -> Субсидии бюджетным учреждениям | B80: 01 2 0001 | C80: 07 | D80: 02 | E80: 610 | F80: =F81 -> 155778.5 | G80: =G81 -> 0 | H80: =F80+G80 -> 155778.5 | I80: =I81 -> 0 | J80: =H80+I80 -> 155778.5 | K80: =K81 -> 0 | L80: =J80+K80 -> 155778.5 | M80: =M81 -> -2877.3 | N80: =L80+M80 -> 152901.2 | O80: =O81 -> 0 | P80: =N80+O80 -> 152901.2 | Q80: =Q81 -> 0 | R80: =P80+Q80 -> 152901.2 | S80: =S81 -> 0 | T80: =R80+S80 -> 152901.2
A81: =IF(ISERROR(MATCH(E81,Код_КВР,0)),"",INDIRECT(ADDRESS(MATCH(E81,Код_КВР,0)+1,2,,,"КВР"))) -> Субсидии бюджетным учреждениям на финансовое обеспечение муниципального задания на оказание муниципальных услуг (выполнение работ) | B81: 01 2 0001 | C81: 07 | D81: 02 | E81: 611 | F81: =прил.6!G632 -> 155778.5 | G81: =прил.6!H632 -> 0 | H81: =F81+G81 -> 155778.5 | I81: =прил.6!J632 -> 0 | J81: =H81+I81 -> 155778.5 | K81: =прил.6!L632 -> 0 | L81: =J81+K81 -> 155778.5 | M81: =прил.6!N632 -> -2877.3 | N81: =L81+M81 -> 152901.2 | O81: =прил.6!P632 -> 0 | P81: =N81+O81 -> 152901.2 | Q81: =прил.6!R632 -> 0 | R81: =P81+Q81 -> 152901.2 | S81: =прил.6!T632 -> 0 | T81: =R81+S81 -> 152901.2
A82: =IF(ISERROR(MATCH(E82,Код_КВР,0)),"",INDIRECT(ADDRESS(MATCH(E82,Код_КВР,0)+1,2,,,"КВР"))) -> Субсидии автономным учреждениям | B82: 01 2 0001 | C82: 07 | D82: 02 | E82: 620 | F82: =F83 -> 3259.7 | G82: =G83 -> 0 | H82: =F82+G82 -> 3259.7 | I82: =I83 -> 0 | J82: =H82+I82 -> 3259.7 | K82: =K83 -> 0 | L82: =J82+K82 -> 3259.7 | M82: =M83 -> 0 | N82: =L82+M82 -> 3259.7 | O82: =O83 -> 0 | P82: =N82+O82 -> 3259.7 | Q82: =Q83 -> 0 | R82: =P82+Q82 -> 3259.7 | S82: =S83 -> 0 | T82: =R82+S82 -> 3259.7
A83: =IF(ISERROR(MATCH(E83,Код_КВР,0)),"",INDIRECT(ADDRESS(MATCH(E83,Код_КВР,0)+1,2,,,"КВР"))) -> Субсидии автономным учреждениям на финансовое обеспечение муниципального задания на оказание муниципальных услуг (выполнение работ) | B83: 01 2 0001 | C83: 07 | D83: 02 | E83: 621 | F83: =прил.6!G634 -> 3259.7 | G83: =прил.6!H634 -> 0 | H83: =F83+G83 -> 3259.7 | I83: =прил.6!J634 -> 0 | J83: =H83+I83 -> 3259.7 | K83: =прил.6!L634 -> 0 | L83: =J83+K83 -> 3259.7 | M83: =прил.6!N634 -> 0 | N83: =L83+M83 -> 3259.7 | O83: =прил.6!P634 -> 0 | P83: =N83+O83 -> 3259.7 | Q83: =прил.6!R634 -> 0 | R83: =P83+Q83 -> 3259.7 | S83: =прил.6!T634 -> 0 | T83: =R83+S83 -> 3259.7
A84: =IF(ISERROR(MATCH(B84,Код_КЦСР,0)),"",INDIRECT(ADDRESS(MATCH(B84,Код_КЦСР,0)+1,2,,,"КЦСР"))) -> Организация предоставления общедоступного и бесплатного начального общего, основного общего, среднего общего образования в муниципальных образовательных учреждениях, осуществляющих образовательную деятельность по адаптированным основным общеобразовательным программам | B84: 01 2 0002 | F84: =F85 -> 8367.7 | G84: =G85 -> 0 | H84: =F84+G84 -> 8367.7 | I84: =I85 -> 0 | J84: =H84+I84 -> 8367.7 | K84: =K85 -> 0 | L84: =J84+K84 -> 8367.7 | M84: =M85 -> 0 | N84: =L84+M84 -> 8367.7 | O84: =O85 -> 0 | P84: =N84+O84 -> 8367.7 | Q84: =Q85 -> 0 | R84: =P84+Q84 -> 8367.7 | S84: =S85 -> -373.2 | T84: =R84+S84 -> 7994.5
A85: =IF(ISERROR(MATCH(C85,Код_Раздел,0)),"",INDIRECT(ADDRESS(MATCH(C85,Код_Раздел,0)+1,2,,,"Раздел"))) -> Образование | B85: 01 2 0002 | C85: 07 | F85: =F86 -> 8367.7 | G85: =G86 -> 0 | H85: =F85+G85 -> 8367.7 | I85: =I86 -> 0 | J85: =H85+I85 -> 8367.7 | K85: =K86 -> 0 | L85: =J85+K85 -> 8367.7 | M85: =M86 -> 0 | N85: =L85+M85 -> 8367.7 | O85: =O86 -> 0 | P85: =N85+O85 -> 8367.7 | Q85: =Q86 -> 0 | R85: =P85+Q85 -> 8367.7 | S85: =S86 -> -373.2 | T85: =R85+S85 -> 7994.5
A86: Общее образование | B86: 01 2 0002 | C86: 07 | D86: 02 | F86: =F87 -> 8367.7 | G86: =G87 -> 0 | H86: =F86+G86 -> 8367.7 | I86: =I87 -> 0 | J86: =H86+I86 -> 8367.7 | K86: =K87 -> 0 | L86: =J86+K86 -> 8367.7 | M86: =M87 -> 0 | N86: =L86+M86 -> 8367.7 | O86: =O87 -> 0 | P86: =N86+O86 -> 8367.7 | Q86: =Q87 -> 0 | R86: =P86+Q86 -> 8367.7 | S86: =S87 -> -373.2 | T86: =R86+S86 -> 7994.5
A87: =IF(ISERROR(MATCH(E87,Код_КВР,0)),"",INDIRECT(ADDRESS(MATCH(E87,Код_КВР,0)+1,2,,,"КВР"))) -> Предоставление субсидий бюджетным, автономным учреждениям и иным некоммерческим организациям | B87: 01 2 0002 | C87: 07 | D87: 02 | E87: 600 | F87: =F88 -> 8367.7 | G87: =G88 -> 0 | H87: =F87+G87 -> 8367.7 | I87: =I88 -> 0 | J87: =H87+I87 -> 8367.7 | K87: =K88 -> 0 | L87: =J87+K87 -> 8367.7 | M87: =M88 -> 0 | N87: =L87+M87 -> 8367.7 | O87: =O88 -> 0 | P87: =N87+O87 -> 8367.7 | Q87: =Q88 -> 0 | R87: =P87+Q87 -> 8367.7 | S87: =S88 -> -373.2 | T87: =R87+S87 -> 7994.5
A88: =IF(ISERROR(MATCH(E88,Код_КВР,0)),"",INDIRECT(ADDRESS(MATCH(E88,Код_КВР,0)+1,2,,,"КВР"))) -> Субсидии бюджетным учреждениям | B88: 01 2 0002 | C88: 07 | D88: 02 | E88: 610 | F88: =F89 -> 8367.7 | G88: =G89 -> 0 | H88: =F88+G88 -> 8367.7 | I88: =I89 -> 0 | J88: =H88+I88 -> 8367.7 | K88: =K89 -> 0 | L88: =J88+K88 -> 8367.7 | M88: =M89 -> 0 | N88: =L88+M88 -> 8367.7 | O88: =O89 -> 0 | P88: =N88+O88 -> 8367.7 | Q88: =Q89 -> 0 | R88: =P88+Q88 -> 8367.7 | S88: =S89 -> -373.2 | T88: =R88+S88 -> 7994.5
A89: =IF(ISERROR(MATCH(E89,Код_КВР,0)),"",INDIRECT(ADDRESS(MATCH(E89,Код_КВР,0)+1,2,,,"КВР"))) -> Субсидии бюджетным учреждениям на финансовое обеспечение муниципального задания на оказание муниципальных услуг (выполнение работ) | B89: 01 2 0002 | C89: 07 | D89: 02 | E89: 611 | F89: =прил.6!G638 -> 8367.7 | G89: =прил.6!H638 -> 0 | H89: =F89+G89 -> 8367.7 | I89: =прил.6!J638 -> 0 | J89: =H89+I89 -> 8367.7 | K89: =прил.6!L638 -> 0 | L89: =J89+K89 -> 8367.7 | M89: =прил.6!N638 -> 0 | N89: =L89+M89 -> 8367.7 | O89: =прил.6!P638 -> 0 | P89: =N89+O89 -> 8367.7 | Q89: =прил.6!R638 -> 0 | R89: =P89+Q89 -> 8367.7 | S89: =прил.6!T638 -> -373.2 | T89: =R89+S89 -> 7994.5
A90: =IF(ISERROR(MATCH(B90,Код_КЦСР,0)),"",INDIRECT(ADDRESS(MATCH(B90,Код_КЦСР,0)+1,2,,,"КЦСР"))) -> Формирование комплексной системы выявления, развития и поддержки одаренных детей и молодых талантов | B90: 01 2 0003 | F90: =F91 -> 458 | G90: =G91 -> 0 | H90: =F90+G90 -> 458 | I90: =I91 -> 0 | J90: =H90+I90 -> 458 | K90: =K91 -> 0 | L90: =J90+K90 -> 458 | M90: =M91 -> 0 | N90: =L90+M90 -> 458 | O90: =O91 -> 10 | P90: =N90+O90 -> 468 | Q90: =Q91 -> 0 | R90: =P90+Q90 -> 468 | S90: =S91 -> 0 | T90: =R90+S90 -> 468
A91: =IF(ISERROR(MATCH(C91,Код_Раздел,0)),"",INDIRECT(ADDRESS(MATCH(C91,Код_Раздел,0)+1,2,,,"Раздел"))) -> Образование | B91: 01 2 0003 | C91: 07 | F91: =F92 -> 458 | G91: =G92 -> 0 | H91: =F91+G91 -> 458 | I91: =I92 -> 0 | J91: =H91+I91 -> 458 | K91: =K92 -> 0 | L91: =J91+K91 -> 458 | M91: =M92 -> 0 | N91: =L91+M91 -> 458 | O91: =O92 -> 10 | P91: =N91+O91 -> 468 | Q91: =Q92 -> 0 | R91: =P91+Q91 -> 468 | S91: =S92 -> 0 | T91: =R91+S91 -> 468
A92: Общее образование | B92: 01 2 0003 | C92: 07 | D92: 02 | F92: =F93 -> 458 | G92: =G93 -> 0 | H92: =F92+G92 -> 458 | I92: =I93 -> 0 | J92: =H92+I92 -> 458 | K92: =K93 -> 0 | L92: =J92+K92 -> 458 | M92: =M93 -> 0 | N92: =L92+M92 -> 458 | O92: =O93 -> 10 | P92: =N92+O92 -> 468 | Q92: =Q93 -> 0 | R92: =P92+Q92 -> 468 | S92: =S93 -> 0 | T92: =R92+S92 -> 468
A93: =IF(ISERROR(MATCH(E93,Код_КВР,0)),"",INDIRECT(ADDRESS(MATCH(E93,Код_КВР,0)+1,2,,,"КВР"))) -> Социальное обеспечение и иные выплаты населению | B93: 01 2 0003 | C93: 07 | D93: 02 | E93: 300 | F93: =SUM(F94:F95) -> 458 | G93: =SUM(G94:G95) -> 0 | H93: =F93+G93 -> 458 | I93: =SUM(I94:I95) -> 0 | J93: =H93+I93 -> 458 | K93: =SUM(K94:K95) -> 0 | L93: =J93+K93 -> 458 | M93: =SUM(M94:M95) -> 0 | N93: =L93+M93 -> 458 | O93: =SUM(O94:O95) -> 10 | P93: =N93+O93 -> 468 | Q93: =SUM(Q94:Q95) -> 0 | R93: =P93+Q93 -> 468 | S93: =SUM(S94:S95) -> 0 | T93: =R93+S93 -> 468
A94: =IF(ISERROR(MATCH(E94,Код_КВР,0)),"",INDIRECT(ADDRESS(MATCH(E94,Код_КВР,0)+1,2,,,"КВР"))) -> Стипендии | B94: 01 2 0003 | C94: 07 | D94: 02 | E94: 340 | F94: =прил.6!G641 -> 200 | G94: =прил.6!H641 -> 0 | H94: =F94+G94 -> 200 | I94: =прил.6!J641 -> 0 | J94: =H94+I94 -> 200 | K94: =прил.6!L641 -> 0 | L94: =J94+K94 -> 200 | M94: =прил.6!N641 -> 0 | N94: =L94+M94 -> 200 | O94: =прил.6!P641 -> 0 | P94: =N94+O94 -> 200 | Q94: =прил.6!R641 -> 0 | R94: =P94+Q94 -> 200 | S94: =прил.6!T641 -> 0 | T94: =R94+S94 -> 200
A95: =IF(ISERROR(MATCH(E95,Код_КВР,0)),"",INDIRECT(ADDRESS(MATCH(E95,Код_КВР,0)+1,2,,,"КВР"))) -> Премии и гранты | B95: 01 2 0003 | C95: 07 | D95: 02 | E95: 350 | F95: =прил.6!G642 -> 258 | G95: =прил.6!H642 -> 0 | H95: =F95+G95 -> 258 | I95: =прил.6!J642 -> 0 | J95: =H95+I95 -> 258 | K95: =прил.6!L642 -> 0 | L95: =J95+K95 -> 258 | M95: =прил.6!N642 -> 0 | N95: =L95+M95 -> 258 | O95: =прил.6!P642 -> 10 | P95: =N95+O95 -> 268 | Q95: =прил.6!R642 -> 0 | R95: =P95+Q95 -> 268 | S95: =прил.6!T642 -> 0 | T95: =R95+S95 -> 268
A96: =IF(ISERROR(MATCH(B96,Код_КЦСР,0)),"",INDIRECT(ADDRESS(MATCH(B96,Код_КЦСР,0)+1,2,,,"КЦСР"))) -> Организация предоставления общедоступного и бесплатного начального общего, основного общего, среднего общего образования в муниципальных общеобразовательных учреждениях за счет субвенций из областного бюджета | B96: 01 2 7201 | F96: =F97 -> 1155626.6 | G96: =G97 -> 0 | H96: =F96+G96 -> 1155626.6 | I96: =I97 -> 0 | J96: =H96+I96 -> 1155626.6 | K96: =K97 -> 0 | L96: =J96+K96 -> 1155626.6 | M96: =M97 -> 0 | N96: =L96+M96 -> 1155626.6 | O96: =O97 -> 0 | P96: =N96+O96 -> 1155626.6 | Q96: =Q97 -> 4006.7 | R96: =P96+Q96 -> 1159633.3 | S96: =S97 -> 7434.9 | T96: =R96+S96 -> 1167068.2
A97: =IF(ISERROR(MATCH(C97,Код_Раздел,0)),"",INDIRECT(ADDRESS(MATCH(C97,Код_Раздел,0)+1,2,,,"Раздел"))) -> Образование | B97: 01 2 7201 | C97: 07 | F97: =F98 -> 1155626.6 | G97: =G98 -> 0 | H97: =F97+G97 -> 1155626.6 | I97: =I98 -> 0 | J97: =H97+I97 -> 1155626.6 | K97: =K98 -> 0 | L97: =J97+K97 -> 1155626.6 | M97: =M98 -> 0 | N97: =L97+M97 -> 1155626.6 | O97: =O98 -> 0 | P97: =N97+O97 -> 1155626.6 | Q97: =Q98 -> 4006.7 | R97: =P97+Q97 -> 1159633.3 | S97: =S98 -> 7434.9 | T97: =R97+S97 -> 1167068.2
A98: Общее образование | B98: 01 2 7201 | C98: 07 | D98: 02 | F98: =F99 -> 1155626.6 | G98: =G99 -> 0 | H98: =F98+G98 -> 1155626.6 | I98: =I99 -> 0 | J98: =H98+I98 -> 1155626.6 | K98: =K99 -> 0 | L98: =J98+K98 -> 1155626.6 | M98: =M99 -> 0 | N98: =L98+M98 -> 1155626.6 | O98: =O99 -> 0 | P98: =N98+O98 -> 1155626.6 | Q98: =Q99 -> 4006.7 | R98: =P98+Q98 -> 1159633.3 | S98: =S99 -> 7434.9 | T98: =R98+S98 -> 1167068.2
A99: =IF(ISERROR(MATCH(E99,Код_КВР,0)),"",INDIRECT(ADDRESS(MATCH(E99,Код_КВР,0)+1,2,,,"КВР"))) -> Предоставление субсидий бюджетным, автономным учреждениям и иным некоммерческим организациям | B99: 01 2 7201 | C99: 07 | D99: 02 | E99: 600 | F99: =F100+F103 -> 1155626.6 | G99: =G100+G103 -> 0 | H99: =F99+G99 -> 1155626.6 | I99: =I100+I103 -> 0 | J99: =H99+I99 -> 1155626.6 | K99: =K100+K103 -> 0 | L99: =J99+K99 -> 1155626.6 | M99: =M100+M103 -> 0 | N99: =L99+M99 -> 1155626.6 | O99: =O100+O103 -> 0 | P99: =N99+O99 -> 1155626.6 | Q99: =Q100+Q103 -> 4006.7 | R99: =P99+Q99 -> 1159633.3 | S99: =S100+S103 -> 7434.9 | T99: =R99+S99 -> 1167068.2
A100: =IF(ISERROR(MATCH(E100,Код_КВР,0)),"",INDIRECT(ADDRESS(MATCH(E100,Код_КВР,0)+1,2,,,"КВР"))) -> Субсидии бюджетным учреждениям | B100: 01 2 7201 | C100: 07 | D100: 02 | E100: 610 | F100: =F101 -> 1133628.3 | G100: =G101 -> 0 | H100: =F100+G100 -> 1133628.3 | I100: =I101 -> 0 | J100: =H100+I100 -> 1133628.3 | K100: =K101 -> 0 | L100: =J100+K100 -> 1133628.3 | M100: =M101 -> 0 | N100: =L100+M100 -> 1133628.3 | O100: =O101 -> 0 | P100: =N100+O100 -> 1133628.3 | Q100: =Q101+Q102 -> 4006.7 | R100: =P100+Q100 -> 1137635 | S100: =S101+S102 -> 7434.9 | T100: =R100+S100 -> 1145069.9
A101: =IF(ISERROR(MATCH(E101,Код_КВР,0)),"",INDIRECT(ADDRESS(MATCH(E101,Код_КВР,0)+1,2,,,"КВР"))) -> Субсидии бюджетным учреждениям на финансовое обеспечение муниципального задания на оказание муниципальных услуг (выполнение работ) | B101: 01 2 7201 | C101: 07 | D101: 02 | E101: 611 | F101: =прил.6!G646 -> 1133628.3 | G101: =прил.6!H646 -> 0 | H101: =F101+G101 -> 1133628.3 | I101: =прил.6!J646 -> 0 | J101: =H101+I101 -> 1133628.3 | K101: =прил.6!L646 -> 0 | L101: =J101+K101 -> 1133628.3 | M101: =прил.6!N646 -> 0 | N101: =L101+M101 -> 1133628.3 | O101: =прил.6!P646 -> 0 | P101: =N101+O101 -> 1133628.3 | Q101: =прил.6!R646 -> -12904.1 | R101: =P101+Q101 -> 1120724.2 | S101: =прил.6!T646 -> 7434.9 | T101: =R101+S101 -> 1128159.1
A102: =IF(ISERROR(MATCH(E102,Код_КВР,0)),"",INDIRECT(ADDRESS(MATCH(E102,Код_КВР,0)+1,2,,,"КВР"))) -> Субсидии бюджетным учреждениям на иные цели | B102: 01 2 7201 | C102: 07 | D102: 02 | E102: 612 | P102: =N102+O102 -> 0 | Q102: =прил.6!R647 -> 16910.8 | R102: =P102+Q102 -> 16910.8 | S102: =прил.6!T647 -> 0 | T102: =R102+S102 -> 16910.8
A103: =IF(ISERROR(MATCH(E103,Код_КВР,0)),"",INDIRECT(ADDRESS(MATCH(E103,Код_КВР,0)+1,2,,,"КВР"))) -> Субсидии автономным учреждениям | B103: 01 2 7201 | C103: 07 | D103: 02 | E103: 620 | F103: =F104 -> 21998.3 | G103: =G104 -> 0 | H103: =F103+G103 -> 21998.3 | I103: =I104 -> 0 | J103: =H103+I103 -> 21998.3 | K103: =K104 -> 0 | L103: =J103+K103 -> 21998.3 | M103: =M104 -> 0 | N103: =L103+M103 -> 21998.3 | O103: =O104 -> 0 | P103: =N103+O103 -> 21998.3 | Q103: =Q104+Q105 -> 0 | R103: =P103+Q103 -> 21998.3 | S103: =S104+S105 -> 0 | T103: =R103+S103 -> 21998.3
A104: =IF(ISERROR(MATCH(E104,Код_КВР,0)),"",INDIRECT(ADDRESS(MATCH(E104,Код_КВР,0)+1,2,,,"КВР"))) -> Субсидии автономным учреждениям на финансовое обеспечение муниципального задания на оказание муниципальных услуг (выполнение работ) | B104: 01 2 7201 | C104: 07 | D104: 02 | E104: 621 | F104: =прил.6!G649 -> 21998.3 | G104: =прил.6!H649 -> 0 | H104: =F104+G104 -> 21998.3 | I104: =прил.6!J649 -> 0 | J104: =H104+I104 -> 21998.3 | K104: =прил.6!L649 -> 0 | L104: =J104+K104 -> 21998.3 | M104: =прил.6!N649 -> 0 | N104: =L104+M104 -> 21998.3 | O104: =прил.6!P649 -> 0 | P104: =N104+O104 -> 21998.3 | Q104: =прил.6!R649 -> -400.8 | R104: =P104+Q104 -> 21597.5 | S104: =прил.6!T649 -> 0 | T104: =R104+S104 -> 21597.5
A105: =IF(ISERROR(MATCH(E105,Код_КВР,0)),"",INDIRECT(ADDRESS(MATCH(E105,Код_КВР,0)+1,2,,,"КВР"))) -> Субсидии автономным учреждениям на иные цели | B105: 01 2 7201 | C105: 07 | D105: 02 | E105: 622 | P105: =N105+O105 -> 0 | Q105: =прил.6!R650 -> 400.8 | R105: =P105+Q105 -> 400.8 | S105: =прил.6!T650 -> 0 | T105: =R105+S105 -> 400.8
...

Sheet прил.6
T1: Приложение 6
T2: к решению Череповецкой
T3: городской Думы
T4: от №
T7: Приложение 15
T8: к решению Череповецкой
T9: городской Думы
T10: от 10.12.2013 № 234
A16: РАСХОДЫ
A17: городского бюджета по разделам, подразделам, целевым статьям, группам и подгруппам видов расходов в ведомственной структуре расходов на 2014 год
U19: тыс. рублей
A20: Наименование | B20: ППП | C20: Раздел | D20: ПР | E20: ЦСР | F20: ВР | G20: Решение Череповецкой городской Думы от 10.12.2013 № 234 | H20: Изменения | I20: Решение ЧГД от 25.02.2014 № 19 | J20: Изменения | K20: Решение ЧГД от 25.03.2014 № 54 | L20: изменения | M20: Решение ЧГД от 28.04.2014 № 78 | N20: Изменения | O20: Решение ЧГД от 02.06.2014 № 112 | P20: Изменения | Q20: Решение ЧГД от 30.06.2014 № 138 | R20: Изменения | S20: Решение ЧГД от 10.12.2013 № 234 (с изменениями) | T20: Изменения | U20: Проект решения
A21: =IF(ISERROR(MATCH(B21,Код_ППП,0)),"",INDIRECT(ADDRESS(MATCH(B21,Код_ППП,0)+1,2,,,"ППП"))) -> МЭРИЯ ГОРОДА | B21: 801 | G21: =G22+G175+G233+G303+G333+G369 -> 465136.2 | H21: =H22+H175+H233+H303+H333+H369 -> 0 | I21: =G21+H21 -> 465136.2 | J21: =J22+J175+J233+J303+J333+J369 -> 10849.8 | K21: =I21+J21 -> 475986 | L21: =L22+L175+L233+L303+L333+L369 -> -3492.2 | M21: =K21+L21 -> 472493.8 | N21: =N22+N175+N233+N303+N333+N369 -> 805 | O21: =M21+N21 -> 473298.8 | P21: =P22+P175+P233+P303+P333+P369 -> 12800 | Q21: =O21+P21 -> 486098.8 | R21: =R22+R175+R233+R303+R333+R369 -> -506.1 | S21: =Q21+R21 -> 485592.7 | T21: =T22+T175+T233+T303+T333+T369 -> 5198.4 | U21: =S21+T21 -> 490791.1
A22: =IF(ISERROR(MATCH(C22,Код_Раздел,0)),"",INDIRECT(ADDRESS(MATCH(C22,Код_Раздел,0)+1,2,,,"Раздел"))) -> Общегосударственные вопросы | B22: 801 | C22: 01 | G22: =G23+G30+G65+G72 -> 248789 | H22: =H23+H30+H65+H72 -> 0 | I22: =G22+H22 -> 248789 | J22: =J23+J30+J65+J72 -> 9039.4 | K22: =I22+J22 -> 257828.4 | L22: =L23+L30+L65+L72 -> 754.3 | M22: =K22+L22 -> 258582.7 | N22: =N23+N30+N65+N72 -> 450.5 | O22: =M22+N22 -> 259033.2 | P22: =P23+P30+P65+P72 -> 0 | Q22: =O22+P22 -> 259033.2 | R22: =R23+R30+R65+R72 -> 1784.9 | S22: =Q22+R22 -> 260818.1 | T22: =T23+T30+T65+T72 -> 4797.4 | U22: =S22+T22 -> 265615.5
A23: Функционирование высшего должностного лица субъекта Российской Федерации и муниципального образования | B23: 801 | C23: 01 | D23: 02 | G23: =G24 -> 2998 | H23: =H24 -> 0 | I23: =G23+H23 -> 2998 | J23: =J24 -> 0 | K23: =I23+J23 -> 2998 | L23: =L24 -> 0 | M23: =K23+L23 -> 2998 | N23: =N24 -> 0 | O23: =M23+N23 -> 2998 | P23: =P24 -> 0 | Q23: =O23+P23 -> 2998 | R23: =R24 -> 0 | S23: =Q23+R23 -> 2998 | T23: =T24 -> 0 | U23: =S23+T23 -> 2998
A24: =IF(ISERROR(MATCH(E24,Код_КЦСР,0)),"",INDIRECT(ADDRESS(MATCH(E24,Код_КЦСР,0)+1,2,,,"КЦСР"))) -> Непрограммные направления деятельности органов местного самоуправления | B24: 801 | C24: 01 | D24: 02 | E24: 99 0 0000 | G24: =G25 -> 2998 | H24: =H25 -> 0 | I24: =G24+H24 -> 2998 | J24: =J25 -> 0 | K24: =I24+J24 -> 2998 | L24: =L25 -> 0 | M24: =K24+L24 -> 2998 | N24: =N25 -> 0 | O24: =M24+N24 -> 2998 | P24: =P25 -> 0 | Q24: =O24+P24 -> 2998 | R24: =R25 -> 0 | S24: =Q24+R24 -> 2998 | T24: =T25 -> 0 | U24: =S24+T24 -> 2998
A25: =IF(ISERROR(MATCH(E25,Код_КЦСР,0)),"",INDIRECT(ADDRESS(MATCH(E25,Код_КЦСР,0)+1,2,,,"КЦСР"))) -> Расходы, не включенные в муниципальные программы города Череповца | B25: 801 | C25: 01 | D25: 02 | E25: 99 4 0000 | G25: =G26 -> 2998 | H25: =H26 -> 0 | I25: =G25+H25 -> 2998 | J25: =J26 -> 0 | K25: =I25+J25 -> 2998 | L25: =L26 -> 0 | M25: =K25+L25 -> 2998 | N25: =N26 -> 0 | O25: =M25+N25 -> 2998 | P25: =P26 -> 0 | Q25: =O25+P25 -> 2998 | R25: =R26 -> 0 | S25: =Q25+R25 -> 2998 | T25: =T26 -> 0 | U25: =S25+T25 -> 2998
A26: =IF(ISERROR(MATCH(E26,Код_КЦСР,0)),"",INDIRECT(ADDRESS(MATCH(E26,Код_КЦСР,0)+1,2,,,"КЦСР"))) -> Руководство и управление в сфере установленных функций органов местного самоуправления | B26: 801 | C26: 01 | D26: 02 | E26: 99 4 1000 | G26: =G27 -> 2998 | H26: =H27 -> 0 | I26: =G26+H26 -> 2998 | J26: =J27 -> 0 | K26: =I26+J26 -> 2998 | L26: =L27 -> 0 | M26: =K26+L26 -> 2998 | N26: =N27 -> 0 | O26: =M26+N26 -> 2998 | P26: =P27 -> 0 | Q26: =O26+P26 -> 2998 | R26: =R27 -> 0 | S26: =Q26+R26 -> 2998 | T26: =T27 -> 0 | U26: =S26+T26 -> 2998
A27: =IF(ISERROR(MATCH(E27,Код_КЦСР,0)),"",INDIRECT(ADDRESS(MATCH(E27,Код_КЦСР,0)+1,2,,,"КЦСР"))) -> Глава муниципального образования | B27: 801 | C27: 01 | D27: 02 | E27: 99 4 1001 | G27: =G28 -> 2998 | H27: =H28 -> 0 | I27: =G27+H27 -> 2998 | J27: =J28 -> 0 | K27: =I27+J27 -> 2998 | L27: =L28 -> 0 | M27: =K27+L27 -> 2998 | N27: =N28 -> 0 | O27: =M27+N27 -> 2998 | P27: =P28 -> 0 | Q27: =O27+P27 -> 2998 | R27: =R28 -> 0 | S27: =Q27+R27 -> 2998 | T27: =T28 -> 0 | U27: =S27+T27 -> 2998
A28: =IF(ISERROR(MATCH(F28,Код_КВР,0)),"",INDIRECT(ADDRESS(MATCH(F28,Код_КВР,0)+1,2,,,"КВР"))) -> Расходы на выплаты персоналу в целях обеспечения выполнения функций муниципальными органами, казенными учреждениями | B28: 801 | C28: 01 | D28: 02 | E28: 99 4 1001 | F28: 100 | G28: =G29 -> 2998 | H28: =H29 -> 0 | I28: =G28+H28 -> 2998 | J28: =J29 -> 0 | K28: =I28+J28 -> 2998 | L28: =L29 -> 0 | M28: =K28+L28 -> 2998 | N28: =N29 -> 0 | O28: =M28+N28 -> 2998 | P28: =P29 -> 0 | Q28: =O28+P28 -> 2998 | R28: =R29 -> 0 | S28: =Q28+R28 -> 2998 | T28: =T29 -> 0 | U28: =S28+T28 -> 2998
A29: =IF(ISERROR(MATCH(F29,Код_КВР,0)),"",INDIRECT(ADDRESS(MATCH(F29,Код_КВР,0)+1,2,,,"КВР"))) -> Расходы на выплаты персоналу муниципальных органов | B29: 801 | C29: 01 | D29: 02 | E29: 99 4 1001 | F29: 120 | G29: 2998 | I29: =G29+H29 -> 2998 | K29: =I29+J29 -> 2998 | M29: =K29+L29 -> 2998 | O29: =M29+N29 -> 2998 | Q29: =O29+P29 -> 2998 | S29: =Q29+R29 -> 2998 | U29: =S29+T29 -> 2998
A30: Функционирование Правительства Российской Федерации, высших исполнительных органов государственной власти субъектов Российской Федерации, местных администраций | B30: 801 | C30: 01 | D30: 04 | G30: =G31 -> 126109.4 | H30: =H31 -> 0 | I30: =G30+H30 -> 126109.4 | J30: =J31 -> 0 | K30: =I30+J30 -> 126109.4 | L30: =L31 -> 0 | M30: =K30+L30 -> 126109.4 | N30: =N31 -> 222.5 | O30: =M30+N30 -> 126331.9 | P30: =P31 -> 0 | Q30: =O30+P30 -> 126331.9 | R30: =R31 -> 1542.5 | S30: =Q30+R30 -> 127874.4 | T30: =T31 -> 0 | U30: =S30+T30 -> 127874.4
A31: =IF(ISERROR(MATCH(E31,Код_КЦСР,0)),"",INDIRECT(ADDRESS(MATCH(E31,Код_КЦСР,0)+1,2,,,"КЦСР"))) -> Непрограммные направления деятельности органов местного самоуправления | B31: 801 | C31: 01 | D31: 04 | E31: 99 0 0000 | G31: =G32 -> 126109.4 | H31: =H32 -> 0 | I31: =G31+H31 -> 126109.4 | J31: =J32 -> 0 | K31: =I31+J31 -> 126109.4 | L31: =L32 -> 0 | M31: =K31+L31 -> 126109.4 | N31: =N32 -> 222.5 | O31: =M31+N31 -> 126331.9 | P31: =P32 -> 0 | Q31: =O31+P31 -> 126331.9 | R31: =R32 -> 1542.5 | S31: =Q31+R31 -> 127874.4 | T31: =T32 -> 0 | U31: =S31+T31 -> 127874.4
A32: =IF(ISERROR(MATCH(E32,Код_КЦСР,0)),"",INDIRECT(ADDRESS(MATCH(E32,Код_КЦСР,0)+1,2,,,"КЦСР"))) -> Расходы, не включенные в муниципальные программы города Череповца | B32: 801 | C32: 01 | D32: 04 | E32: 99 4 0000 | G32: =G33+G43+G49+G52+G62 -> 126109.4 | H32: =H33+H43+H49+H52+H62 -> 0 | I32: =G32+H32 -> 126109.4 | J32: =J33+J43+J49+J52+J62 -> 0 | K32: =I32+J32 -> 126109.4 | L32: =L33+L43+L49+L52+L62 -> 0 | M32: =K32+L32 -> 126109.4 | N32: =N33+N43+N49+N52+N62 -> 222.5 | O32: =M32+N32 -> 126331.9 | P32: =P33+P43+P49+P52+P62 -> 0 | Q32: =O32+P32 -> 126331.9 | R32: =R33+R43+R49+R52+R62+R56 -> 1542.5 | S32: =Q32+R32 -> 127874.4 | T32: =T33+T43+T49+T52+T62+T56 -> 0 | U32: =S32+T32 -> 127874.4
A33: =IF(ISERROR(MATCH(E33,Код_КЦСР,0)),"",INDIRECT(ADDRESS(MATCH(E33,Код_КЦСР,0)+1,2,,,"КЦСР"))) -> Руководство и управление в сфере установленных функций органов местного самоуправления | B33: 801 | C33: 01 | D33: 04 | E33: 99 4 1000 | G33: =G34 -> 124245.5 | H33: =H34 -> 0 | I33: =G33+H33 -> 124245.5 | J33: =J34 -> 0 | K33: =I33+J33 -> 124245.5 | L33: =L34 -> 0 | M33: =K33+L33 -> 124245.5 | N33: =N34 -> 222.5 | O33: =M33+N33 -> 124468 | P33: =P34 -> 0 | Q33: =O33+P33 -> 124468 | R33: =R34 -> 865.8 | S33: =Q33+R33 -> 125333.8 | T33: =T34 -> 0 | U33: =S33+T33 -> 125333.8
A34: =IF(ISERROR(MATCH(E34,Код_КЦСР,0)),"",INDIRECT(ADDRESS(MATCH(E34,Код_КЦСР,0)+1,2,,,"КЦСР"))) -> Центральный аппарат | B34: 801 | C34: 01 | D34: 04 | E34: 99 4 1002 | G34: =G35+G37+G40 -> 124245.5 | H34: =H35+H37+H40 -> 0 | I34: =G34+H34 -> 124245.5 | J34: =J35+J37+J40 -> 0 | K34: =I34+J34 -> 124245.5 | L34: =L35+L37+L40 -> 0 | M34: =K34+L34 -> 124245.5 | N34: =N35+N37+N40 -> 222.5 | O34: =M34+N34 -> 124468 | P34: =P35+P37+P40 -> 0 | Q34: =O34+P34 -> 124468 | R34: =R35+R37+R40 -> 865.8 | S34: =Q34+R34 -> 125333.8 | T34: =T35+T37+T40 -> 0 | U34: =S34+T34 -> 125333.8
A35: =IF(ISERROR(MATCH(F35,Код_КВР,0)),"",INDIRECT(ADDRESS(MATCH(F35,Код_КВР,0)+1,2,,,"КВР"))) -> Расходы на выплаты персоналу в целях обеспечения выполнения функций муниципальными органами, казенными учреждениями | B35: 801 | C35: 01 | D35: 04 | E35: 99 4 1002 | F35: 100 | G35: =G36 -> 120035.7 | H35: =H36 -> 0 | I35: =G35+H35 -> 120035.7 | J35: =J36 -> 0 | K35: =I35+J35 -> 120035.7 | L35: =L36 -> 0 | M35: =K35+L35 -> 120035.7 | N35: =N36 -> -0.5 | O35: =M35+N35 -> 120035.2 | P35: =P36 -> 0 | Q35: =O35+P35 -> 120035.2 | R35: =R36 -> 880 | S35: =Q35+R35 -> 120915.2 | T35: =T36 -> 0 | U35: =S35+T35 -> 120915.2
A36: =IF(ISERROR(MATCH(F36,Код_КВР,0)),"",INDIRECT(ADDRESS(MATCH(F36,Код_КВР,0)+1,2,,,"КВР"))) -> Расходы на выплаты персоналу муниципальных органов | B36: 801 | C36: 01 | D36: 04 | E36: 99 4 1002 | F36: 120 | G36: 120035.7 | I36: =G36+H36 -> 120035.7 | K36: =I36+J36 -> 120035.7 | M36: =K36+L36 -> 120035.7 | N36: -0.5 | O36: =M36+N36 -> 120035.2 | Q36: =O36+P36 -> 120035.2 | R36: =1074.7-174.7-20 -> 880 | S36: =Q36+R36 -> 120915.2 | U36: =S36+T36 -> 120915.2
A37: =IF(ISERROR(MATCH(F37,Код_КВР,0)),"",INDIRECT(ADDRESS(MATCH(F37,Код_КВР,0)+1,2,,,"КВР"))) -> Закупка товаров, работ и услуг для муниципальных нужд | B37: 801 | C37: 01 | D37: 04 | E37: 99 4 1002 | F37: 200 | G37: =G38 -> 4207.8 | H37: =H38 -> 0 | I37: =G37+H37 -> 4207.8 | J37: =J38 -> 0 | K37: =I37+J37 -> 4207.8 | L37: =L38 -> 0 | M37: =K37+L37 -> 4207.8 | N37: =N38 -> 223 | O37: =M37+N37 -> 4430.8 | P37: =P38 -> 0 | Q37: =O37+P37 -> 4430.8 | R37: =R38 -> -14.2 | S37: =Q37+R37 -> 4416.6 | T37: =T38 -> 0 | U37: =S37+T37 -> 4416.6
A38: =IF(ISERROR(MATCH(F38,Код_КВР,0)),"",INDIRECT(ADDRESS(MATCH(F38,Код_КВР,0)+1,2,,,"КВР"))) -> Иные закупки товаров, работ и услуг для обеспечения муниципальных нужд | B38: 801 | C38: 01 | D38: 04 | E38: 99 4 1002 | F38: 240 | G38: =G39 -> 4207.8 | H38: =H39 -> 0 | I38: =G38+H38 -> 4207.8 | J38: =J39 -> 0 | K38: =I38+J38 -> 4207.8 | L38: =L39 -> 0 | M38: =K38+L38 -> 4207.8 | N38: =N39 -> 223 | O38: =M38+N38 -> 4430.8 | P38: =P39 -> 0 | Q38: =O38+P38 -> 4430.8 | R38: =R39 -> -14.2 | S38: =Q38+R38 -> 4416.6 | T38: =T39 -> 0 | U38: =S38+T38 -> 4416.6
A39: =IF(ISERROR(MATCH(F39,Код_КВР,0)),"",INDIRECT(ADDRESS(MATCH(F39,Код_КВР,0)+1,2,,,"КВР"))) -> Прочая закупка товаров, работ и услуг для обеспечения муниципальных нужд | B39: 801 | C39: 01 | D39: 04 | E39: 99 4 1002 | F39: 244 | G39: 4207.8 | I39: =G39+H39 -> 4207.8 | K39: =I39+J39 -> 4207.8 | M39: =K39+L39 -> 4207.8 | N39: 223 | O39: =M39+N39 -> 4430.8 | Q39: =O39+P39 -> 4430.8 | R39: =-14.2 -> -14.2 | S39: =Q39+R39 -> 4416.6 | U39: =S39+T39 -> 4416.6
A40: =IF(ISERROR(MATCH(F40,Код_КВР,0)),"",INDIRECT(ADDRESS(MATCH(F40,Код_КВР,0)+1,2,,,"КВР"))) -> Иные бюджетные ассигнования | B40: 801 | C40: 01 | D40: 04 | E40: 99 4 1002 | F40: 800 | G40: =G41 -> 2 | H40: =H41 -> 0 | I40: =G40+H40 -> 2 | J40: =J41 -> 0 | K40: =I40+J40 -> 2 | L40: =L41 -> 0 | M40: =K40+L40 -> 2 | N40: =N41 -> 0 | O40: =M40+N40 -> 2 | P40: =P41 -> 0 | Q40: =O40+P40 -> 2 | R40: =R41 -> 0 | S40: =Q40+R40 -> 2 | T40: =T41 -> 0 | U40: =S40+T40 -> 2
A41: =IF(ISERROR(MATCH(F41,Код_КВР,0)),"",INDIRECT(ADDRESS(MATCH(F41,Код_КВР,0)+1,2,,,"КВР"))) -> Уплата налогов, сборов и иных платежей | B41: 801 | C41: 01 | D41: 04 | E41: 99 4 1002 | F41: 850 | G41: =G42 -> 2 | H41: =H42 -> 0 | I41: =G41+H41 -> 2 | J41: =J42 -> 0 | K41: =I41+J41 -> 2 | L41: =L42 -> 0 | M41: =K41+L41 -> 2 | N41: =N42 -> 0 | O41: =M41+N41 -> 2 | P41: =P42 -> 0 | Q41: =O41+P41 -> 2 | R41: =R42 -> 0 | S41: =Q41+R41 -> 2 | T41: =T42 -> 0 | U41: =S41+T41 -> 2
A42: =IF(ISERROR(MATCH(F42,Код_КВР,0)),"",INDIRECT(ADDRESS(MATCH(F42,Код_КВР,0)+1,2,,,"КВР"))) -> Уплата прочих налогов, сборов и иных платежей | B42: 801 | C42: 01 | D42: 04 | E42: 99 4 1002 | F42: 852 | G42: 2 | I42: =G42+H42 -> 2 | K42: =I42+J42 -> 2 | M42: =K42+L42 -> 2 | O42: =M42+N42 -> 2 | Q42: =O42+P42 -> 2 | S42: =Q42+R42 -> 2 | U42: =S42+T42 -> 2
A43: =IF(ISERROR(MATCH(E43,Код_КЦСР,0)),"",INDIRECT(ADDRESS(MATCH(E43,Код_КЦСР,0)+1,2,,,"КЦСР"))) -> Осуществление отдельных государственных полномочий по созданию в муниципальных районах и городских округах области комиссий по делам несовершеннолетних и защите их прав в соответствии с законом области от 28 ноября 2005 года № 1369-ОЗ «О наделении органов местного самоуправления отдельными государственными полномочиями в сфере административных отношений» за счет субвенций из областного бюджета | B43: 801 | C43: 01 | D43: 04 | E43: 99 4 7214 | G43: =G44+G46 -> 1026.6 | H43: =H44+H46 -> 0 | I43: =G43+H43 -> 1026.6 | J43: =J44+J46 -> 0 | K43: =I43+J43 -> 1026.6 | L43: =L44+L46 -> 0 | M43: =K43+L43 -> 1026.6 | N43: =N44+N46 -> 0 | O43: =M43+N43 -> 1026.6 | P43: =P44+P46 -> 0 | Q43: =O43+P43 -> 1026.6 | R43: =R44+R46 -> 0 | S43: =Q43+R43 -> 1026.6 | T43: =T44+T46 -> 0 | U43: =S43+T43 -> 1026.6
A44: =IF(ISERROR(MATCH(F44,Код_КВР,0)),"",INDIRECT(ADDRESS(MATCH(F44,Код_КВР,0)+1,2,,,"КВР"))) -> Расходы на выплаты персоналу в целях обеспечения выполнения функций муниципальными органами, казенными учреждениями | B44: 801 | C44: 01 | D44: 04 | E44: 99 4 7214 | F44: 100 | G44: =G45 -> 1016.6 | H44: =H45 -> 0 | I44: =G44+H44 -> 1016.6 | J44: =J45 -> 0 | K44: =I44+J44 -> 1016.6 | L44: =L45 -> 0 | M44: =K44+L44 -> 1016.6 | N44: =N45 -> 0 | O44: =M44+N44 -> 1016.6 | P44: =P45 -> 0 | Q44: =O44+P44 -> 1016.6 | R44: =R45 -> 0 | S44: =Q44+R44 -> 1016.6 | T44: =T45 -> 2.3 | U44: =S44+T44 -> 1018.9
A45: =IF(ISERROR(MATCH(F45,Код_КВР,0)),"",INDIRECT(ADDRESS(MATCH(F45,Код_КВР,0)+1,2,,,"КВР"))) -> Расходы на выплаты персоналу муниципальных органов | B45: 801 | C45: 01 | D45: 04 | E45: 99 4 7214 | F45: 120 | G45: 1016.6 | I45: =G45+H45 -> 1016.6 | K45: =I45+J45 -> 1016.6 | M45: =K45+L45 -> 1016.6 | O45: =M45+N45 -> 1016.6 | Q45: =O45+P45 -> 1016.6 | S45: =Q45+R45 -> 1016.6 | T45: =2.3 -> 2.3 | U45: =S45+T45 -> 1018.9
A46: =IF(ISERROR(MATCH(F46,Код_КВР,0)),"",INDIRECT(ADDRESS(MATCH(F46,Код_КВР,0)+1,2,,,"КВР"))) -> Закупка товаров, работ и услуг для муниципальных нужд | B46: 801 | C46: 01 | D46: 04 | E46: 99 4 7214 | F46: 200 | G46: =G47 -> 10 | H46: =H47 -> 0 | I46: =G46+H46 -> 10 | J46: =J47 -> 0 | K46: =I46+J46 -> 10 | L46: =L47 -> 0 | M46: =K46+L46 -> 10 | N46: =N47 -> 0 | O46: =M46+N46 -> 10 | P46: =P47 -> 0 | Q46: =O46+P46 -> 10 | R46: =R47 -> 0 | S46: =Q46+R46 -> 10 | T46: =T47 -> -2.3 | U46: =S46+T46 -> 7.7
A47: =IF(ISERROR(MATCH(F47,Код_КВР,0)),"",INDIRECT(ADDRESS(MATCH(F47,Код_КВР,0)+1,2,,,"КВР"))) -> Иные закупки товаров, работ и услуг для обеспечения муниципальных нужд | B47: 801 | C47: 01 | D47: 04 | E47: 99 4 7214 | F47: 240 | G47: =G48 -> 10 | H47: =H48 -> 0 | I47: =G47+H47 -> 10 | J47: =J48 -> 0 | K47: =I47+J47 -> 10 | L47: =L48 -> 0 | M47: =K47+L47 -> 10 | N47: =N48 -> 0 | O47: =M47+N47 -> 10 | P47: =P48 -> 0 | Q47: =O47+P47 -> 10 | R47: =R48 -> 0 | S47: =Q47+R47 -> 10 | T47: =T48 -> -2.3 | U47: =S47+T47 -> 7.7
A48: =IF(ISERROR(MATCH(F48,Код_КВР,0)),"",INDIRECT(ADDRESS(MATCH(F48,Код_КВР,0)+1,2,,,"КВР"))) -> Прочая закупка товаров, работ и услуг для обеспечения муниципальных нужд | B48: 801 | C48: 01 | D48: 04 | E48: 99 4 7214 | F48: 244 | G48: 10 | I48: =G48+H48 -> 10 | K48: =I48+J48 -> 10 | M48: =K48+L48 -> 10 | O48: =M48+N48 -> 10 | Q48: =O48+P48 -> 10 | S48: =Q48+R48 -> 10 | T48: =-2.3 -> -2.3 | U48: =S48+T48 -> 7.7
A49: =IF(ISERROR(MATCH(E49,Код_КЦСР,0)),"",INDIRECT(ADDRESS(MATCH(E49,Код_КЦСР,0)+1,2,,,"КЦСР"))) -> Осуществление отдельных государственных полномочий по созданию в муниципальных районах и городских округах области административных комиссий в соответствии с законом области от 28 ноября 2005 года № 1369-ОЗ «О наделении органов местного самоуправления отдельными государственными полномочиями в сфере административных отношений» за счет субвенций из областного бюджета | B49: 801 | C49: 01 | D49: 04 | E49: 99 4 7215 | G49: =G50 -> 495 | H49: =H50 -> 0 | I49: =G49+H49 -> 495 | J49: =J50 -> 0 | K49: =I49+J49 -> 495 | L49: =L50 -> 0 | M49: =K49+L49 -> 495 | N49: =N50 -> 0 | O49: =M49+N49 -> 495 | P49: =P50 -> 0 | Q49: =O49+P49 -> 495 | R49: =R50 -> 0 | S49: =Q49+R49 -> 495 | T49: =T50 -> 0 | U49: =S49+T49 -> 495
A50: =IF(ISERROR(MATCH(F50,Код_КВР,0)),"",INDIRECT(ADDRESS(MATCH(F50,Код_КВР,0)+1,2,,,"КВР"))) -> Расходы на выплаты персоналу в целях обеспечения выполнения функций муниципальными органами, казенными учреждениями | B50: 801 | C50: 01 | D50: 04 | E50: 99 4 7215 | F50: 100 | G50: =G51 -> 495 | I50: =G50+H50 -> 495 | K50: =I50+J50 -> 495 | M50: =K50+L50 -> 495 | O50: =M50+N50 -> 495 | Q50: =O50+P50 -> 495 | S50: =Q50+R50 -> 495 | U50: =S50+T50 -> 495
A51: =IF(ISERROR(MATCH(F51,Код_КВР,0)),"",INDIRECT(ADDRESS(MATCH(F51,Код_КВР,0)+1,2,,,"КВР"))) -> Расходы на выплаты персоналу муниципальных органов | B51: 801 | C51: 01 | D51: 04 | E51: 99 4 7215 | F51: 120 | G51: 495 | I51: =G51+H51 -> 495 | K51: =I51+J51 -> 495 | M51: =K51+L51 -> 495 | O51: =M51+N51 -> 495 | Q51: =O51+P51 -> 495 | S51: =Q51+R51 -> 495 | U51: =S51+T51 -> 495
A52: =IF(ISERROR(MATCH(E52,Код_КЦСР,0)),"",INDIRECT(ADDRESS(MATCH(E52,Код_КЦСР,0)+1,2,,,"КЦСР"))) -> Осуществление отдельных государственных полномочий по определению перечня должностных лиц, уполномоченных составлять протоколы об административных правонарушениях, предусмотренных соответствующими статьями закона области от 8 декабря 2010 года № 2429-ОЗ «Об административных правонарушениях в Вологодской области», в соответствии с законом области от 28 ноября 2005 года № 1369-ОЗ «О наделении органов местного самоуправления отдельными государственными полномочиями в сфере административных отношений» за счет субвенций из областного бюджета | B52: 801 | C52: 01 | D52: 04 | E52: 99 4 7216 | G52: =G53 -> 0.7 | H52: =H53 -> 0 | I52: =G52+H52 -> 0.7 | J52: =J53 -> 0 | K52: =I52+J52 -> 0.7 | L52: =L53 -> 0 | M52: =K52+L52 -> 0.7 | N52: =N53 -> 0 | O52: =M52+N52 -> 0.7 | P52: =P53 -> 0 | Q52: =O52+P52 -> 0.7 | R52: =R53 -> 0 | S52: =Q52+R52 -> 0.7 | T52: =T53 -> 0 | U52: =S52+T52 -> 0.7
A53: =IF(ISERROR(MATCH(F53,Код_КВР,0)),"",INDIRECT(ADDRESS(MATCH(F53,Код_КВР,0)+1,2,,,"КВР"))) -> Закупка товаров, работ и услуг для муниципальных нужд | B53: 801 | C53: 01 | D53: 04 | E53: 99 4 7216 | F53: 200 | G53: =G54 -> 0.7 | H53: =H54 -> 0 | I53: =G53+H53 -> 0.7 | J53: =J54 -> 0 | K53: =I53+J53 -> 0.7 | L53: =L54 -> 0 | M53: =K53+L53 -> 0.7 | N53: =N54 -> 0 | O53: =M53+N53 -> 0.7 | P53: =P54 -> 0 | Q53: =O53+P53 -> 0.7 | R53: =R54 -> 0 | S53: =Q53+R53 -> 0.7 | T53: =T54 -> 0 | U53: =S53+T53 -> 0.7
A54: =IF(ISERROR(MATCH(F54,Код_КВР,0)),"",INDIRECT(ADDRESS(MATCH(F54,Код_КВР,0)+1,2,,,"КВР"))) -> Иные закупки товаров, работ и услуг для обеспечения муниципальных нужд | B54: 801 | C54: 01 | D54: 04 | E54: 99 4 7216 | F54: 240 | G54: =G55 -> 0.7 | H54: =H55 -> 0 | I54: =G54+H54 -> 0.7 | J54: =J55 -> 0 | K54: =I54+J54 -> 0.7 | L54: =L55 -> 0 | M54: =K54+L54 -> 0.7 | N54: =N55 -> 0 | O54: =M54+N54 -> 0.7 | P54: =P55 -> 0 | Q54: =O54+P54 -> 0.7 | R54: =R55 -> 0 | S54: =Q54+R54 -> 0.7 | T54: =T55 -> 0 | U54: =S54+T54 -> 0.7
A55: =IF(ISERROR(MATCH(F55,Код_КВР,0)),"",INDIRECT(ADDRESS(MATCH(F55,Код_КВР,0)+1,2,,,"КВР"))) -> Прочая закупка товаров, работ и услуг для обеспечения муниципальных нужд | B55: 801 | C55: 01 | D55: 04 | E55: 99 4 7216 | F55: 244 | G55: 0.7 | I55: =G55+H55 -> 0.7 | K55: =I55+J55 -> 0.7 | M55: =K55+L55 -> 0.7 | O55: =M55+N55 -> 0.7 | Q55: =O55+P55 -> 0.7 | S55: =Q55+R55 -> 0.7 | U55: =S55+T55 -> 0.7
A56: =IF(ISERROR(MATCH(E56,Код_КЦСР,0)),"",INDIRECT(ADDRESS(MATCH(E56,Код_КЦСР,0)+1,2,,,"КЦСР"))) -> Осуществление отдельных государственных полномочий в соответствии с законом области от 8 ноября 2011 года № 2642-ОЗ «О наделении органов местного самоуправления городского округа «город Череповец» отдельными государственными полномочиями в сфере труда» за счет субвенций из областного бюджета | B56: 801 | C56: 01 | D56: 04 | E56: 99 4 7217 | R56: =R57+R59 -> 676.7 | S56: =Q56+R56 -> 676.7 | T56: =T57+T59 -> 0 | U56: =S56+T56 -> 676.7
A57: =IF(ISERROR(MATCH(F57,Код_КВР,0)),"",INDIRECT(ADDRESS(MATCH(F57,Код_КВР,0)+1,2,,,"КВР"))) -> Расходы на выплаты персоналу в целях обеспечения выполнения функций муниципальными органами, казенными учреждениями | B57: 801 | C57: 01 | D57: 04 | E57: 99 4 7217 | F57: 100 | R57: =R58 -> 662.7 | S57: =Q57+R57 -> 662.7 | T57: =T58 -> 0 | U57: =S57+T57 -> 662.7
A58: =IF(ISERROR(MATCH(F58,Код_КВР,0)),"",INDIRECT(ADDRESS(MATCH(F58,Код_КВР,0)+1,2,,,"КВР"))) -> Расходы на выплаты персоналу муниципальных органов | B58: 801 | C58: 01 | D58: 04 | E58: 99 4 7217 | F58: 120 | R58: =676.7-10.7-3.3 -> 662.7 | S58: =Q58+R58 -> 662.7 | U58: =S58+T58 -> 662.7
A59: =IF(ISERROR(MATCH(F59,Код_КВР,0)),"",INDIRECT(ADDRESS(MATCH(F59,Код_КВР,0)+1,2,,,"КВР"))) -> Закупка товаров, работ и услуг для муниципальных нужд | B59: 801 | C59: 01 | D59: 04 | E59: 99 4 7217 | F59: 200 | R59: =R60 -> 14 | S59: =Q59+R59 -> 14 | T59: =T60 -> 0 | U59: =S59+T59 -> 14
A60: =IF(ISERROR(MATCH(F60,Код_КВР,0)),"",INDIRECT(ADDRESS(MATCH(F60,Код_КВР,0)+1,2,,,"КВР"))) -> Иные закупки товаров, работ и услуг для обеспечения муниципальных нужд | B60: 801 | C60: 01 | D60: 04 | E60: 99 4 7217 | F60: 240 | R60: =R61 -> 14 | S60: =Q60+R60 -> 14 | T60: =T61 -> 0 | U60: =S60+T60 -> 14
A61: =IF(ISERROR(MATCH(F61,Код_КВР,0)),"",INDIRECT(ADDRESS(MATCH(F61,Код_КВР,0)+1,2,,,"КВР"))) -> Прочая закупка товаров, работ и услуг для обеспечения муниципальных нужд | B61: 801 | C61: 01 | D61: 04 | E61: 99 4 7217 | F61: 244 | R61: 14 | S61: =Q61+R61 -> 14 | U61: =S61+T61 -> 14
A62: =IF(ISERROR(MATCH(E62,Код_КЦСР,0)),"",INDIRECT(ADDRESS(MATCH(E62,Код_КЦСР,0)+1,2,,,"КЦСР"))) -> Осуществление отдельных государственных полномочий в соответствии с законом области от 1 февраля 2013 года № 2985-ОЗ «О наделении органов местного самоуправления отдельными государственными полномочиями по обеспечению жилыми помещениями детей-сирот и детей, оставшихся без попечения родителей» за счет субвенций из областного бюджета | B62: 801 | C62: 01 | D62: 04 | E62: 99 4 7220 | G62: =G63 -> 341.6 | H62: =H63 -> 0 | I62: =G62+H62 -> 341.6 | J62: =J63 -> 0 | K62: =I62+J62 -> 341.6 | L62: =L63 -> 0 | M62: =K62+L62 -> 341.6 | N62: =N63 -> 0 | O62: =M62+N62 -> 341.6 | P62: =P63 -> 0 | Q62: =O62+P62 -> 341.6 | R62: =R63 -> 0 | S62: =Q62+R62 -> 341.6 | T62: =T63 -> 0 | U62: =S62+T62 -> 341.6
A63: =IF(ISERROR(MATCH(F63,Код_КВР,0)),"",INDIRECT(ADDRESS(MATCH(F63,Код_КВР,0)+1,2,,,"КВР"))) -> Расходы на выплаты персоналу в целях обеспечения выполнения функций муниципальными органами, казенными учреждениями | B63: 801 | C63: 01 | D63: 04 | E63: 99 4 7220 | F63: 100 | G63: =G64 -> 341.6 | H63: =H64 -> 0 | I63: =G63+H63 -> 341.6 | J63: =J64 -> 0 | K63: =I63+J63 -> 341.6 | L63: =L64 -> 0 | M63: =K63+L63 -> 341.6 | N63: =N64 -> 0 | O63: =M63+N63 -> 341.6 | P63: =P64 -> 0 | Q63: =O63+P63 -> 341.6 | R63: =R64 -> 0 | S63: =Q63+R63 -> 341.6 | T63: =T64 -> 0 | U63: =S63+T63 -> 341.6
A64: =IF(ISERROR(MATCH(F64,Код_КВР,0)),"",INDIRECT(ADDRESS(MATCH(F64,Код_КВР,0)+1,2,,,"КВР"))) -> Расходы на выплаты персоналу муниципальных органов | B64: 801 | C64: 01 | D64: 04 | E64: 99 4 7220 | F64: 120 | G64: 341.6 | I64: =G64+H64 -> 341.6 | K64: =I64+J64 -> 341.6 | M64: =K64+L64 -> 341.6 | O64: =M64+N64 -> 341.6 | Q64: =O64+P64 -> 341.6 | S64: =Q64+R64 -> 341.6 | U64: =S64+T64 -> 341.6
A65: Судебная система | B65: 801 | C65: 01 | D65: 05 | G65: =G68 -> 0 | I65: =G65+H65 -> 0 | K65: =I65+J65 -> 0 | M65: =K65+L65 -> 0 | N65: =N66 -> 21.9 | O65: =M65+N65 -> 21.9 | P65: =P66 -> 0 | Q65: =O65+P65 -> 21.9 | R65: =R66 -> 0 | S65: =Q65+R65 -> 21.9 | T65: =T66 -> 0 | U65: =S65+T65 -> 21.9
A66: =IF(ISERROR(MATCH(E66,Код_КЦСР,0)),"",INDIRECT(ADDRESS(MATCH(E66,Код_КЦСР,0)+1,2,,,"КЦСР"))) -> Непрограммные направления деятельности органов местного самоуправления | B66: 801 | C66: 01 | D66: 05 | E66: 99 0 0000 | N66: =N67 -> 21.9 | O66: =M66+N66 -> 21.9 | P66: =P67 -> 0 | Q66: =O66+P66 -> 21.9 | R66: =R67 -> 0 | S66: =Q66+R66 -> 21.9 | T66: =T67 -> 0 | U66: =S66+T66 -> 21.9
A67: =IF(ISERROR(MATCH(E67,Код_КЦСР,0)),"",INDIRECT(ADDRESS(MATCH(E67,Код_КЦСР,0)+1,2,,,"КЦСР"))) -> Расходы, не включенные в муниципальные программы города Череповца | B67: 801 | C67: 01 | D67: 05 | E67: 99 4 0000 | N67: =N68 -> 21.9 | O67: =M67+N67 -> 21.9 | P67: =P68 -> 0 | Q67: =O67+P67 -> 21.9 | R67: =R68 -> 0 | S67: =Q67+R67 -> 21.9 | T67: =T68 -> 0 | U67: =S67+T67 -> 21.9
A68: =IF(ISERROR(MATCH(E68,Код_КЦСР,0)),"",INDIRECT(ADDRESS(MATCH(E68,Код_КЦСР,0)+1,2,,,"КЦСР"))) -> Осуществление полномочий по составлению (изменению) списков кандидатов в присяжные заседатели федеральных судов общей юрисдикции в Российской Федерации за счет субвенций из федерального бюджета | B68: 801 | C68: 01 | D68: 05 | E68: 99 4 5120 | G68: =G69 -> 0 | I68: =G68+H68 -> 0 | K68: =I68+J68 -> 0 | M68: =K68+L68 -> 0 | N68: =N69 -> 21.9 | O68: =M68+N68 -> 21.9 | P68: =P69 -> 0 | Q68: =O68+P68 -> 21.9 | R68: =R69 -> 0 | S68: =Q68+R68 -> 21.9 | T68: =T69 -> 0 | U68: =S68+T68 -> 21.9
A69: =IF(ISERROR(MATCH(F69,Код_КВР,0)),"",INDIRECT(ADDRESS(MATCH(F69,Код_КВР,0)+1,2,,,"КВР"))) -> Закупка товаров, работ и услуг для муниципальных нужд | B69: 801 | C69: 01 | D69: 05 | E69: 99 4 5120 | F69: 200 | G69: =G70 -> 0 | I69: =G69+H69 -> 0 | K69: =I69+J69 -> 0 | M69: =K69+L69 -> 0 | N69: =N70 -> 21.9 | O69: =M69+N69 -> 21.9 | P69: =P70 -> 0 | Q69: =O69+P69 -> 21.9 | R69: =R70 -> 0 | S69: =Q69+R69 -> 21.9 | T69: =T70 -> 0 | U69: =S69+T69 -> 21.9
A70: =IF(ISERROR(MATCH(F70,Код_КВР,0)),"",INDIRECT(ADDRESS(MATCH(F70,Код_КВР,0)+1,2,,,"КВР"))) -> Иные закупки товаров, работ и услуг для обеспечения муниципальных нужд | B70: 801 | C70: 01 | D70: 05 | E70: 99 4 5120 | F70: 240 | G70: =G71 -> 0 | I70: =G70+H70 -> 0 | K70: =I70+J70 -> 0 | M70: =K70+L70 -> 0 | N70: =N71 -> 21.9 | O70: =M70+N70 -> 21.9 | P70: =P71 -> 0 | Q70: =O70+P70 -> 21.9 | R70: =R71 -> 0 | S70: =Q70+R70 -> 21.9 | T70: =T71 -> 0 | U70: =S70+T70 -> 21.9
A71: =IF(ISERROR(MATCH(F71,Код_КВР,0)),"",INDIRECT(ADDRESS(MATCH(F71,Код_КВР,0)+1,2,,,"КВР"))) -> Прочая закупка товаров, работ и услуг для обеспечения муниципальных нужд | B71: 801 | C71: 01 | D71: 05 | E71: 99 4 5120 | F71: 244 | I71: =G71+H71 -> 0 | K71: =I71+J71 -> 0 | M71: =K71+L71 -> 0 | N71: 21.9 | O71: =M71+N71 -> 21.9 | Q71: =O71+P71 -> 21.9 | S71: =Q71+R71 -> 21.9 | U71: =S71+T71 -> 21.9
A72: Другие общегосударственные вопросы | B72: 801 | C72: 01 | D72: 13 | G72: =G73+G90+G95+G114+G141+G158+G164 -> 119681.6 | H72: =H73+H90+H95+H114+H141+H158+H164 -> 0 | I72: =G72+H72 -> 119681.6 | J72: =J73+J90+J95+J114+J141+J158+J164+J109 -> 9039.4 | K72: =I72+J72 -> 128721 | L72: =L73+L90+L95+L114+L141+L158+L164+L109 -> 754.3 | M72: =K72+L72 -> 129475.3 | N72: =N73+N90+N95+N114+N141+N158+N164+N109 -> 206.1 | O72: =M72+N72 -> 129681.4 | P72: =P73+P90+P95+P114+P141+P158+P164+P109 -> 0 | Q72: =O72+P72 -> 129681.4 | R72: =R73+R90+R95+R114+R141+R158+R164+R109 -> 242.4 | S72: =Q72+R72 -> 129923.8 | T72: =T73+T90+T95+T114+T141+T158+T164+T109 -> 4797.4 | U72: =S72+T72 -> 134721.2
A73: =IF(ISERROR(MATCH(E73,Код_КЦСР,0)),"",INDIRECT(ADDRESS(MATCH(E73,Код_КЦСР,0)+1,2,,,"КЦСР"))) -> Муниципальная программа «Развитие архивного дела» на 2013-2018 годы | B73: 801 | C73: 01 | D73: 13 | E73: 04 0 0000 | G73: =G74+G84 -> 13813.9 | H73: =H74+H84 -> 0 | I73: =G73+H73 -> 13813.9 | J73: =J74+J84 -> 0 | K73: =I73+J73 -> 13813.9 | L73: =L74+L84 -> -46.7 | M73: =K73+L73 -> 13767.2 | N73: =N74+N84 -> 0 | O73: =M73+N73 -> 13767.2 | P73: =P74+P84 -> 0 | Q73: =O73+P73 -> 13767.2 | R73: =R74+R84 -> 0 | S73: =Q73+R73 -> 13767.2 | T73: =T74+T84 -> 0 | U73: =S73+T73 -> 13767.2
A74: =IF(ISERROR(MATCH(E74,Код_КЦСР,0)),"",INDIRECT(ADDRESS(MATCH(E74,Код_КЦСР,0)+1,2,,,"КЦСР"))) -> Обеспечение сохранности документов Архивного фонда и других архивных документов и предоставление потребителям ретроспективной информации | B74: 801 | C74: 01 | D74: 13 | E74: 04 0 0002 | G74: =G75+G77+G80 -> 12741.9 | H74: =H75+H77+H80 -> 0 | I74: =G74+H74 -> 12741.9 | J74: =J75+J77+J80 -> 0 | K74: =I74+J74 -> 12741.9 | L74: =L75+L77+L80 -> -46.7 | M74: =K74+L74 -> 12695.2 | N74: =N75+N77+N80 -> 0 | O74: =M74+N74 -> 12695.2 | P74: =P75+P77+P80 -> 0 | Q74: =O74+P74 -> 12695.2 | R74: =R75+R77+R80 -> 0 | S74: =Q74+R74 -> 12695.2 | T74: =T75+T77+T80 -> 0 | U74: =S74+T74 -> 12695.2
A75: =IF(ISERROR(MATCH(F75,Код_КВР,0)),"",INDIRECT(ADDRESS(MATCH(F75,Код_КВР,0)+1,2,,,"КВР"))) -> Расходы на выплаты персоналу в целях обеспечения выполнения функций муниципальными органами, казенными учреждениями | B75: 801 | C75: 01 | D75: 13 | E75: 04 0 0002 | F75: 100 | G75: =G76 -> 6387 | H75: =H76 -> 0 | I75: =G75+H75 -> 6387 | J75: =J76 -> 0 | K75: =I75+J75 -> 6387 | L75: =L76 -> 0 | M75: =K75+L75 -> 6387 | N75: =N76 -> 0 | O75: =M75+N75 -> 6387 | P75: =P76 -> 0 | Q75: =O75+P75 -> 6387 | R75: =R76 -> 13 | S75: =Q75+R75 -> 6400 | T75: =T76 -> 0 | U75: =S75+T75 -> 6400
A76: =IF(ISERROR(MATCH(F76,Код_КВР,0)),"",INDIRECT(ADDRESS(MATCH(F76,Код_КВР,0)+1,2,,,"КВР"))) -> Расходы на выплаты персоналу казенных учреждений | B76: 801 | C76: 01 | D76: 13 | E76: 04 0 0002 | F76: 110 | G76: 6387 | I76: =G76+H76 -> 6387 | K76: =I76+J76 -> 6387 | M76: =K76+L76 -> 6387 | O76: =M76+N76 -> 6387 | Q76: =O76+P76 -> 6387 | R76: 13 | S76: =Q76+R76 -> 6400 | U76: =S76+T76 -> 6400
A77: =IF(ISERROR(MATCH(F77,Код_КВР,0)),"",INDIRECT(ADDRESS(MATCH(F77,Код_КВР,0)+1,2,,,"КВР"))) -> Закупка товаров, работ и услуг для муниципальных нужд | B77: 801 | C77: 01 | D77: 13 | E77: 04 0 0002 | F77: 200 | G77: =G78 -> 4051.8 | H77: =H78 -> 0 | I77: =G77+H77 -> 4051.8 | J77: =J78 -> -2.6 | K77: =I77+J77 -> 4049.2 | L77: =L78 -> -46.7 | M77: =K77+L77 -> 4002.5 | N77: =N78 -> 0 | O77: =M77+N77 -> 4002.5 | P77: =P78 -> 0 | Q77: =O77+P77 -> 4002.5 | R77: =R78 -> -13 | S77: =Q77+R77 -> 3989.5 | T77: =T78 -> -20 | U77: =S77+T77 -> 3969.5
A78: =IF(ISERROR(MATCH(F78,Код_КВР,0)),"",INDIRECT(ADDRESS(MATCH(F78,Код_КВР,0)+1,2,,,"КВР"))) -> Иные закупки товаров, работ и услуг для обеспечения муниципальных нужд | B78: 801 | C78: 01 | D78: 13 | E78: 04 0 0002 | F78: 240 | G78: =G79 -> 4051.8 | I78: =G78+H78 -> 4051.8 | J78: =J79 -> -2.6 | K78: =I78+J78 -> 4049.2 | L78: =L79 -> -46.7 | M78: =K78+L78 -> 4002.5 | N78: =N79 -> 0 | O78: =M78+N78 -> 4002.5 | P78: =P79 -> 0 | Q78: =O78+P78 -> 4002.5 | R78: =R79 -> -13 | S78: =Q78+R78 -> 3989.5 | T78: =T79 -> -20 | U78: =S78+T78 -> 3969.5
A79: =IF(ISERROR(MATCH(F79,Код_КВР,0)),"",INDIRECT(ADDRESS(MATCH(F79,Код_КВР,0)+1,2,,,"КВР"))) -> Прочая закупка товаров, работ и услуг для обеспечения муниципальных нужд | B79: 801 | C79: 01 | D79: 13 | E79: 04 0 0002 | F79: 244 | G79: 4051.8 | I79: =G79+H79 -> 4051.8 | J79: -2.6 | K79: =I79+J79 -> 4049.2 | L79: -46.7 | M79: =K79+L79 -> 4002.5 | O79: =M79+N79 -> 4002.5 | Q79: =O79+P79 -> 4002.5 | R79: -13 | S79: =Q79+R79 -> 3989.5 | T79: -20 | U79: =S79+T79 -> 3969.5
A80: =IF(ISERROR(MATCH(F80,Код_КВР,0)),"",INDIRECT(ADDRESS(MATCH(F80,Код_КВР,0)+1,2,,,"КВР"))) -> Иные бюджетные ассигнования | B80: 801 | C80: 01 | D80: 13 | E80: 04 0 0002 | F80: 800 | G80: =G81 -> 2303.1 | H80: =H81 -> 0 | I80: =G80+H80 -> 2303.1 | J80: =J81 -> 2.6 | K80: =I80+J80 -> 2305.7 | L80: =L81 -> 0 | M80: =K80+L80 -> 2305.7 | N80: =N81 -> 0 | O80: =M80+N80 -> 2305.7 | P80: =P81 -> 0 | Q80: =O80+P80 -> 2305.7 | R80: =R81 -> 0 | S80: =Q80+R80 -> 2305.7 | T80: =T81 -> 20 | U80: =S80+T80 -> 2325.7
A81: =IF(ISERROR(MATCH(F81,Код_КВР,0)),"",INDIRECT(ADDRESS(MATCH(F81,Код_КВР,0)+1,2,,,"КВР"))) -> Уплата налогов, сборов и иных платежей | B81: 801 | C81: 01 | D81: 13 | E81: 04 0 0002 | F81: 850 | G81: =G82 -> 2303.1 | H81: =H82 -> 0 | I81: =G81+H81 -> 2303.1 | J81: =J82+J83 -> 2.6 | K81: =I81+J81 -> 2305.7 | L81: =L82+L83 -> 0 | M81: =K81+L81 -> 2305.7 | N81: =N82+N83 -> 0 | O81: =M81+N81 -> 2305.7 | P81: =P82+P83 -> 0 | Q81: =O81+P81 -> 2305.7 | R81: =R82+R83 -> 0 | S81: =Q81+R81 -> 2305.7 | T81: =T82+T83 -> 20 | U81: =S81+T81 -> 2325.7
A82: =IF(ISERROR(MATCH(F82,Код_КВР,0)),"",INDIRECT(ADDRESS(MATCH(F82,Код_КВР,0)+1,2,,,"КВР"))) -> Уплата налога на имущество организаций и земельного налога | B82: 801 | C82: 01 | D82: 13 | E82: 04 0 0002 | F82: 851 | G82: 2303.1 | I82: =G82+H82 -> 2303.1 | K82: =I82+J82 -> 2303.1 | M82: =K82+L82 -> 2303.1 | O82: =M82+N82 -> 2303.1 | Q82: =O82+P82 -> 2303.1 | S82: =Q82+R82 -> 2303.1 | U82: =S82+T82 -> 2303.1
A83: =IF(ISERROR(MATCH(F83,Код_КВР,0)),"",INDIRECT(ADDRESS(MATCH(F83,Код_КВР,0)+1,2,,,"КВР"))) -> Уплата прочих налогов, сборов и иных платежей | B83: 801 | C83: 01 | D83: 13 | E83: 04 0 0002 | F83: 852 | J83: 2.6 | K83: =I83+J83 -> 2.6 | M83: =K83+L83 -> 2.6 | O83: =M83+N83 -> 2.6 | Q83: =O83+P83 -> 2.6 | S83: =Q83+R83 -> 2.6 | T83: 20 | U83: =S83+T83 -> 22.6
A84: =IF(ISERROR(MATCH(E84,Код_КЦСР,0)),"",INDIRECT(ADDRESS(MATCH(E84,Код_КЦСР,0)+1,2,,,"КЦСР"))) -> Осуществление отдельных государственных полномочий в соответствии с законом области от 28 апреля 2006 года № 1443-ОЗ «О наделении органов местного самоуправления муниципальных районов и городских округов Вологодской области отдельными государственными полномочиями в сфере архивного дела» за счет субвенций из областного бюджета | B84: 801 | C84: 01 | D84: 13 | E84: 04 0 7219 | G84: =G85+G87 -> 1072 | H84: =H85+H87 -> 0 | I84: =G84+H84 -> 1072 | J84: =J85+J87 -> 0 | K84: =I84+J84 -> 1072 | L84: =L85+L87 -> 0 | M84: =K84+L84 -> 1072 | N84: =N85+N87 -> 0 | O84: =M84+N84 -> 1072 | P84: =P85+P87 -> 0 | Q84: =O84+P84 -> 1072 | R84: =R85+R87 -> 0 | S84: =Q84+R84 -> 1072 | T84: =T85+T87 -> 0 | U84: =S84+T84 -> 1072
A85: =IF(ISERROR(MATCH(F85,Код_КВР,0)),"",INDIRECT(ADDRESS(MATCH(F85,Код_КВР,0)+1,2,,,"КВР"))) -> Расходы на выплаты персоналу в целях обеспечения выполнения функций муниципальными органами, казенными учреждениями | B85: 801 | C85: 01 | D85: 13 | E85: 04 0 7219 | F85: 100 | G85: =G86 -> 305.2 | H85: =H86 -> 0 | I85: =G85+H85 -> 305.2 | J85: =J86 -> 0 | K85: =I85+J85 -> 305.2 | L85: =L86 -> 0 | M85: =K85+L85 -> 305.2 | N85: =N86 -> 0 | O85: =M85+N85 -> 305.2 | P85: =P86 -> 0 | Q85: =O85+P85 -> 305.2 | R85: =R86 -> 0 | S85: =Q85+R85 -> 305.2 | T85: =T86 -> 0 | U85: =S85+T85 -> 305.2
A86: =IF(ISERROR(MATCH(F86,Код_КВР,0)),"",INDIRECT(ADDRESS(MATCH(F86,Код_КВР,0)+1,2,,,"КВР"))) -> Расходы на выплаты персоналу казенных учреждений | B86: 801 | C86: 01 | D86: 13 | E86: 04 0 7219 | F86: 110 | G86: 305.2 | I86: =G86+H86 -> 305.2 | K86: =I86+J86 -> 305.2 | M86: =K86+L86 -> 305.2 | O86: =M86+N86 -> 305.2 | Q86: =O86+P86 -> 305.2 | S86: =Q86+R86 -> 305.2 | U86: =S86+T86 -> 305.2
A87: =IF(ISERROR(MATCH(F87,Код_КВР,0)),"",INDIRECT(ADDRESS(MATCH(F87,Код_КВР,0)+1,2,,,"КВР"))) -> Закупка товаров, работ и услуг для муниципальных нужд | B87: 801 | C87: 01 | D87: 13 | E87: 04 0 7219 | F87: 200 | G87: =G88 -> 766.8 | H87: =H88 -> 0 | I87: =G87+H87 -> 766.8 | J87: =J88 -> 0 | K87: =I87+J87 -> 766.8 | L87: =L88 -> 0 | M87: =K87+L87 -> 766.8 | N87: =N88 -> 0 | O87: =M87+N87 -> 766.8 | P87: =P88 -> 0 | Q87: =O87+P87 -> 766.8 | R87: =R88 -> 0 | S87: =Q87+R87 -> 766.8 | T87: =T88 -> 0 | U87: =S87+T87 -> 766.8
A88: =IF(ISERROR(MATCH(F88,Код_КВР,0)),"",INDIRECT(ADDRESS(MATCH(F88,Код_КВР,0)+1,2,,,"КВР"))) -> Иные закупки товаров, работ и услуг для обеспечения муниципальных нужд | B88: 801 | C88: 01 | D88: 13 | E88: 04 0 7219 | F88: 240 | G88: =G89 -> 766.8 | H88: =H89 -> 0 | I88: =G88+H88 -> 766.8 | J88: =J89 -> 0 | K88: =I88+J88 -> 766.8 | L88: =L89 -> 0 | M88: =K88+L88 -> 766.8 | N88: =N89 -> 0 | O88: =M88+N88 -> 766.8 | P88: =P89 -> 0 | Q88: =O88+P88 -> 766.8 | R88: =R89 -> 0 | S88: =Q88+R88 -> 766.8 | T88: =T89 -> 0 | U88: =S88+T88 -> 766.8
A89: =IF(ISERROR(MATCH(F89,Код_КВР,0)),"",INDIRECT(ADDRESS(MATCH(F89,Код_КВР,0)+1,2,,,"КВР"))) -> Прочая закупка товаров, работ и услуг для обеспечения муниципальных нужд | B89: 801 | C89: 01 | D89: 13 | E89: 04 0 7219 | F89: 244 | G89: 766.8 | I89: =G89+H89 -> 766.8 | K89: =I89+J89 -> 766.8 | M89: =K89+L89 -> 766.8 | O89: =M89+N89 -> 766.8 | Q89: =O89+P89 -> 766.8 | S89: =Q89+R89 -> 766.8 | U89: =S89+T89 -> 766.8
A90: =IF(ISERROR(MATCH(E90,Код_КЦСР,0)),"",INDIRECT(ADDRESS(MATCH(E90,Код_КЦСР,0)+1,2,,,"КЦСР"))) -> Муниципальная программа «Содействие развитию потребительского рынка в городе Череповце на 2013-2017 годы» | B90: 801 | C90: 01 | D90: 13 | E90: 06 0 0000 | G90: =G91 -> 150 | H90: =H91 -> 0 | I90: =G90+H90 -> 150 | J90: =J91 -> 0 | K90: =I90+J90 -> 150 | L90: =L91 -> 0 | M90: =K90+L90 -> 150 | N90: =N91 -> 0 | O90: =M90+N90 -> 150 | P90: =P91 -> 0 | Q90: =O90+P90 -> 150 | R90: =R91 -> 0 | S90: =Q90+R90 -> 150 | T90: =T91 -> 0 | U90: =S90+T90 -> 150
A91: =IF(ISERROR(MATCH(E91,Код_КЦСР,0)),"",INDIRECT(ADDRESS(MATCH(E91,Код_КЦСР,0)+1,2,,,"КЦСР"))) -> Повышение качества и безопасности товаров и услуг на потребительском рынке посредством проведения конкурсов среди предприятий сферы потребительского рынка | B91: 801 | C91: 01 | D91: 13 | E91: 06 0 0001 | G91: =G92 -> 150 | H91: =H92 -> 0 | I91: =G91+H91 -> 150 | J91: =J92 -> 0 | K91: =I91+J91 -> 150 | L91: =L92 -> 0 | M91: =K91+L91 -> 150 | N91: =N92 -> 0 | O91: =M91+N91 -> 150 | P91: =P92 -> 0 | Q91: =O91+P91 -> 150 | R91: =R92 -> 0 | S91: =Q91+R91 -> 150 | T91: =T92 -> 0 | U91: =S91+T91 -> 150
A92: =IF(ISERROR(MATCH(F92,Код_КВР,0)),"",INDIRECT(ADDRESS(MATCH(F92,Код_КВР,0)+1,2,,,"КВР"))) -> Закупка товаров, работ и услуг для муниципальных нужд | B92: 801 | C92: 01 | D92: 13 | E92: 06 0 0001 | F92: 200 | G92: =G93 -> 150 | H92: =H93 -> 0 | I92: =G92+H92 -> 150 | J92: =J93 -> 0 | K92: =I92+J92 -> 150 | L92: =L93 -> 0 | M92: =K92+L92 -> 150 | N92: =N93 -> 0 | O92: =M92+N92 -> 150 | P92: =P93 -> 0 | Q92: =O92+P92 -> 150 | R92: =R93 -> 0 | S92: =Q92+R92 -> 150 | T92: =T93 -> 0 | U92: =S92+T92 -> 150
A93: =IF(ISERROR(MATCH(F93,Код_КВР,0)),"",INDIRECT(ADDRESS(MATCH(F93,Код_КВР,0)+1,2,,,"КВР"))) -> Иные закупки товаров, работ и услуг для обеспечения муниципальных нужд | B93: 801 | C93: 01 | D93: 13 | E93: 06 0 0001 | F93: 240 | G93: =G94 -> 150 | H93: =H94 -> 0 | I93: =G93+H93 -> 150 | J93: =J94 -> 0 | K93: =I93+J93 -> 150 | L93: =L94 -> 0 | M93: =K93+L93 -> 150 | N93: =N94 -> 0 | O93: =M93+N93 -> 150 | P93: =P94 -> 0 | Q93: =O93+P93 -> 150 | R93: =R94 -> 0 | S93: =Q93+R93 -> 150 | T93: =T94 -> 0 | U93: =S93+T93 -> 150
A94: =IF(ISERROR(MATCH(F94,Код_КВР,0)),"",INDIRECT(ADDRESS(MATCH(F94,Код_КВР,0)+1,2,,,"КВР"))) -> Прочая закупка товаров, работ и услуг для обеспечения муниципальных нужд | B94: 801 | C94: 01 | D94: 13 | E94: 06 0 0001 | F94: 244 | G94: 150 | I94: =G94+H94 -> 150 | K94: =I94+J94 -> 150 | M94: =K94+L94 -> 150 | O94: =M94+N94 -> 150 | Q94: =O94+P94 -> 150 | S94: =Q94+R94 -> 150 | U94: =S94+T94 -> 150
A95: =IF(ISERROR(MATCH(E95,Код_КЦСР,0)),"",INDIRECT(ADDRESS(MATCH(E95,Код_КЦСР,0)+1,2,,,"КЦСР"))) -> Муниципальная программа «Здоровый город» на 2014-2022 годы | B95: 801 | C95: 01 | D95: 13 | E95: 10 0 0000 | G95: =G96+G105 -> 1353.4 | H95: =H96+H105 -> 0 | I95: =G95+H95 -> 1353.4 | J95: =J96+J105 -> 0 | K95: =I95+J95 -> 1353.4 | L95: =L96+L105 -> 0 | M95: =K95+L95 -> 1353.4 | N95: =N96+N105 -> 0 | O95: =M95+N95 -> 1353.4 | P95: =P96+P105 -> 0 | Q95: =O95+P95 -> 1353.4 | R95: =R96+R105 -> -30 | S95: =Q95+R95 -> 1323.4 | T95: =T96+T105 -> 0 | U95: =S95+T95 -> 1323.4
A96: =IF(ISERROR(MATCH(E96,Код_КЦСР,0)),"",INDIRECT(ADDRESS(MATCH(E96,Код_КЦСР,0)+1,2,,,"КЦСР"))) -> Организационно-методическое обеспечение Программы | B96: 801 | C96: 01 | D96: 13 | E96: 10 0 0001 | G96: =G97+G103 -> 954 | H96: =H97+H103 -> 0 | I96: =G96+H96 -> 954 | J96: =J97+J100 -> 0 | K96: =I96+J96 -> 954 | L96: =L97+L100 -> 0 | M96: =K96+L96 -> 954 | N96: =N97+N100 -> 0 | O96: =M96+N96 -> 954 | P96: =P97+P100 -> 0 | Q96: =O96+P96 -> 954 | R96: =R97+R100 -> -14.3 | S96: =Q96+R96 -> 939.7 | T96: =T97+T100 -> 0 | U96: =S96+T96 -> 939.7
A97: =IF(ISERROR(MATCH(F97,Код_КВР,0)),"",INDIRECT(ADDRESS(MATCH(F97,Код_КВР,0)+1,2,,,"КВР"))) -> Закупка товаров, работ и услуг для муниципальных нужд | B97: 801 | C97: 01 | D97: 13 | E97: 10 0 0001 | F97: 200 | G97: =G98 -> 276 | H97: =H98 -> 0 | I97: =G97+H97 -> 276 | J97: =J98 -> -130 | K97: =I97+J97 -> 146 | L97: =L98 -> 0 | M97: =K97+L97 -> 146 | N97: =N98 -> 0 | O97: =M97+N97 -> 146 | P97: =P98 -> 0 | Q97: =O97+P97 -> 146 | R97: =R98 -> -8.6 | S97: =Q97+R97 -> 137.4 | T97: =T98 -> 0 | U97: =S97+T97 -> 137.4
A98: =IF(ISERROR(MATCH(F98,Код_КВР,0)),"",INDIRECT(ADDRESS(MATCH(F98,Код_КВР,0)+1,2,,,"КВР"))) -> Иные закупки товаров, работ и услуг для обеспечения муниципальных нужд | B98: 801 | C98: 01 | D98: 13 | E98: 10 0 0001 | F98: 240 | G98: =G99 -> 276 | H98: =H99 -> 0 | I98: =G98+H98 -> 276 | J98: =J99 -> -130 | K98: =I98+J98 -> 146 | L98: =L99 -> 0 | M98: =K98+L98 -> 146 | N98: =N99 -> 0 | O98: =M98+N98 -> 146 | P98: =P99 -> 0 | Q98: =O98+P98 -> 146 | R98: =R99 -> -8.6 | S98: =Q98+R98 -> 137.4 | T98: =T99 -> 0 | U98: =S98+T98 -> 137.4
A99: =IF(ISERROR(MATCH(F99,Код_КВР,0)),"",INDIRECT(ADDRESS(MATCH(F99,Код_КВР,0)+1,2,,,"КВР"))) -> Прочая закупка товаров, работ и услуг для обеспечения муниципальных нужд | B99: 801 | C99: 01 | D99: 13 | E99: 10 0 0001 | F99: 244 | G99: 276 | I99: =G99+H99 -> 276 | J99: -130 | K99: =I99+J99 -> 146 | M99: =K99+L99 -> 146 | O99: =M99+N99 -> 146 | Q99: =O99+P99 -> 146 | R99: -8.6 | S99: =Q99+R99 -> 137.4 | U99: =S99+T99 -> 137.4
A100: =IF(ISERROR(MATCH(F100,Код_КВР,0)),"",INDIRECT(ADDRESS(MATCH(F100,Код_КВР,0)+1,2,,,"КВР"))) -> Иные бюджетные ассигнования | B100: 801 | C100: 01 | D100: 13 | E100: 10 0 0001 | F100: 800 | I100: =I101+I103 -> 678 | J100: =J101+J103 -> 130 | K100: =I100+J100 -> 808 | L100: =L101+L103 -> 0 | M100: =K100+L100 -> 808 | N100: =N101+N103 -> 0 | O100: =M100+N100 -> 808 | P100: =P101+P103 -> 0 | Q100: =O100+P100 -> 808 | R100: =R101+R103 -> -5.7 | S100: =Q100+R100 -> 802.3 | T100: =T101+T103 -> 0 | U100: =S100+T100 -> 802.3
A101: =IF(ISERROR(MATCH(F101,Код_КВР,0)),"",INDIRECT(ADDRESS(MATCH(F101,Код_КВР,0)+1,2,,,"КВР"))) -> Уплата налогов, сборов и иных платежей | B101: 801 | C101: 01 | D101: 13 | E101: 10 0 0001 | F101: 850 | J101: =J102 -> 678 | K101: =I101+J101 -> 678 | L101: =L102 -> 0 | M101: =K101+L101 -> 678 | N101: =N102 -> 0 | O101: =M101+N101 -> 678 | P101: =P102 -> 0 | Q101: =O101+P101 -> 678 | R101: =R102 -> 0 | S101: =Q101+R101 -> 678 | T101: =T102 -> 0 | U101: =S101+T101 -> 678
A102: =IF(ISERROR(MATCH(F102,Код_КВР,0)),"",INDIRECT(ADDRESS(MATCH(F102,Код_КВР,0)+1,2,,,"КВР"))) -> Уплата прочих налогов, сборов и иных платежей | B102: 801 | C102: 01 | D102: 13 | E102: 10 0 0001 | F102: 852 | J102: 678 | K102: =I102+J102 -> 678 | M102: =K102+L102 -> 678 | O102: =M102+N102 -> 678 | Q102: =O102+P102 -> 678 | S102: =Q102+R102 -> 678 | U102: =S102+T102 -> 678
A103: =IF(ISERROR(MATCH(F103,Код_КВР,0)),"",INDIRECT(ADDRESS(MATCH(F103,Код_КВР,0)+1,2,,,"КВР"))) -> Предоставление платежей, взносов, безвозмездных перечислений субъектам международного права | B103: 801 | C103: 01 | D103: 13 | E103: 10 0 0001 | F103: 860 | G103: =G104 -> 678 | H103: =H104 -> 0 | I103: =G103+H103 -> 678 | J103: =J104 -> -548 | K103: =I103+J103 -> 130 | L103: =L104 -> 0 | M103: =K103+L103 -> 130 | N103: =N104 -> 0 | O103: =M103+N103 -> 130 | P103: =P104 -> 0 | Q103: =O103+P103 -> 130 | R103: =R104 -> -5.7 | S103: =Q103+R103 -> 124.3 | T103: =T104 -> 0 | U103: =S103+T103 -> 124.3
A104: =IF(ISERROR(MATCH(F104,Код_КВР,0)),"",INDIRECT(ADDRESS(MATCH(F104,Код_КВР,0)+1,2,,,"КВР"))) -> Взносы в международные организации | B104: 801 | C104: 01 | D104: 13 | E104: 10 0 0001 | F104: 862 | G104: 678 | I104: =G104+H104 -> 678 | J104: =130-678 -> -548 | K104: =I104+J104 -> 130 | M104: =K104+L104 -> 130 | O104: =M104+N104 -> 130 | Q104: =O104+P104 -> 130 | R104: -5.7 | S104: =Q104+R104 -> 124.3 | U104: =S104+T104 -> 124.3
A105: =IF(ISERROR(MATCH(E105,Код_КЦСР,0)),"",INDIRECT(ADDRESS(MATCH(E105,Код_КЦСР,0)+1,2,,,"КЦСР"))) -> Пропаганда здорового образа жизни | B105: 801 | C105: 01 | D105: 13 | E105: 10 0 0003 | G105: =G106 -> 399.4 | H105: =H106 -> 0 | I105: =G105+H105 -> 399.4 | J105: =J106 -> 0 | K105: =I105+J105 -> 399.4 | L105: =L106 -> 0 | M105: =K105+L105 -> 399.4 | N105: =N106 -> 0 | O105: =M105+N105 -> 399.4 | P105: =P106 -> 0 | Q105: =O105+P105 -> 399.4 | R105: =R106 -> -15.7 | S105: =Q105+R105 -> 383.7 | T105: =T106 -> 0 | U105: =S105+T105 -> 383.7
A106: =IF(ISERROR(MATCH(F106,Код_КВР,0)),"",INDIRECT(ADDRESS(MATCH(F106,Код_КВР,0)+1,2,,,"КВР"))) -> Закупка товаров, работ и услуг для муниципальных нужд | B106: 801 | C106: 01 | D106: 13 | E106: 10 0 0003 | F106: 200 | G106: =G107 -> 399.4 | H106: =H107 -> 0 | I106: =G106+H106 -> 399.4 | J106: =J107 -> 0 | K106: =I106+J106 -> 399.4 | L106: =L107 -> 0 | M106: =K106+L106 -> 399.4 | N106: =N107 -> 0 | O106: =M106+N106 -> 399.4 | P106: =P107 -> 0 | Q106: =O106+P106 -> 399.4 | R106: =R107 -> -15.7 | S106: =Q106+R106 -> 383.7 | T106: =T107 -> 0 | U106: =S106+T106 -> 383.7
A107: =IF(ISERROR(MATCH(F107,Код_КВР,0)),"",INDIRECT(ADDRESS(MATCH(F107,Код_КВР,0)+1,2,,,"КВР"))) -> Иные закупки товаров, работ и услуг для обеспечения муниципальных нужд | B107: 801 | C107: 01 | D107: 13 | E107: 10 0 0003 | F107: 240 | G107: =G108 -> 399.4 | H107: =H108 -> 0 | I107: =G107+H107 -> 399.4 | J107: =J108 -> 0 | K107: =I107+J107 -> 399.4 | L107: =L108 -> 0 | M107: =K107+L107 -> 399.4 | N107: =N108 -> 0 | O107: =M107+N107 -> 399.4 | P107: =P108 -> 0 | Q107: =O107+P107 -> 399.4 | R107: =R108 -> -15.7 | S107: =Q107+R107 -> 383.7 | T107: =T108 -> 0 | U107: =S107+T107 -> 383.7
A108: =IF(ISERROR(MATCH(F108,Код_КВР,0)),"",INDIRECT(ADDRESS(MATCH(F108,Код_КВР,0)+1,2,,,"КВР"))) -> Прочая закупка товаров, работ и услуг для обеспечения муниципальных нужд | B108: 801 | C108: 01 | D108: 13 | E108: 10 0 0003 | F108: 244 | G108: 399.4 | I108: =G108+H108 -> 399.4 | K108: =I108+J108 -> 399.4 | M108: =K108+L108 -> 399.4 | O108: =M108+N108 -> 399.4 | Q108: =O108+P108 -> 399.4 | R108: -15.7 | S108: =Q108+R108 -> 383.7 | U108: =S108+T108 -> 383.7
...
